Workbook

Sheet 4 medição
A2: PREFEITURA MUNICIPAL DE CONCEIÇÃO DOS OUROS Rua Vasco Gusmão Martins, 108 - Centro, CEP 37690-000
A3: PLANILHA ORÇAMENTÁRIA DE CUSTOS
A4: MUNICÍPIO: CONCEIÇÃO DOS OUROS/MG
A5: OBRA: REFORMA DO CINE OUROS
A6: END.: AVENIDA CORONEL DOMINGOS ROSA, Nº. 45. CENTRO
A7: DATA: | B7: 46188 | P7: 0.8972
C8: 4 MEDIÇÃO - 13/05/2026 a 13/06/2026 | K8: BDI: | L8: 0.2644
A9: Item | B9: Código | C9: Descrição | D9: Unid. | E9: Quantidade Contratual | F9: Quantidade acumulada anterior | G9: Quantidade medida | H9: Quantidade acumulada | I9: Saldo quantitativos | J9: Custo Unitário (R$) | K9: Unitário com BDI (R$) | L9: Valor da medição | M9: Valor acumulado | N9: Saldo financeiro por item | P9: CUSTO UNITÁRIO (R$) | S9: 1 medição | T9: 2 medição | U9: 3 medição | V9: 4 medição | W9: soma | X9: contrato
C10: TOTAL | E10: 1015112.1 | G10: 1015112.1 | L10: =SUM(L11:L79)+0.01 -> 70665.04 | M10: =SUM(M11:M79) -> 158277.37 | N10: =SUM(N11:N79) -> 16422.63 | S10: 1015112.1 | T10: 1015112.1 | U10: 1015112.1 | X10: 1015112.1
A12: 1 | C12: SERVIÇOS PRELIMINARES
A13: 1.1 | B13: ED-28427 | C13: FORNECIMENTO E COLOCAÇÃO DE PLACA DE OBRA EM CHAPA GALVANIZADA #26, ESP. 0,45MM, DIMENSÃO (3X1,5)M, PLOTADA COM ADESIVO VINÍLICO, AFIXADA COM REBITES 4,8X40MM, EM ESTRUTURA METÁLICA DE METALON 20X20MM, ESP. 1,25MM, INCLUSIVE SUPORTE EM EUCALIPTO AUTOCLAVADO PINTADO COM TINTA PVA DUAS (2) DEMÃOS | D13: un | E13: 1 | F13: =W13 -> 1 | H13: =F13+G13 -> 1 | I13: =E13-H13 -> 0 | J13: =P13*$P$7 -> 1055.3494 | K13: =ROUND(J13+(J13*$L$8),2) -> 1334.38 | L13: =ROUND(K13*G13,2) -> 0 | M13: =K13*H13 -> 1334.38 | N13: =ROUND(K13*I13,2) -> 0 | P13: 1176.27 | S13: 1 | W13: =SUM(S13:V13) -> 1 | X13: 1
A14: 2 | C14: VEDAÇÃO | L14: =ROUND(K14*G14,2) -> 0 | N14: =ROUND(K14*I14,2) -> 0 | W14: =SUM(S14:V14) -> 0
A15: 2.1 | B15: ED-28338 | C15: DEMOLIÇÃO MANUAL DE CONSTRUÇÃO EM ALVENARIAS DE VEDAÇÃO, COM ESPESSURA MÁXIMA DE 15CM, INCLUSIVE REMOÇÃO COM REAPROVEITAMENTO DE ESQUADRIAS, AFASTAMENTO E EMPILHAMENTO, EXCLUSIVE TRANSPORTE E RETIRADA DO MATERIAL DEMOLIDO/REMOVIDO NÃO REAPROVEITÁVEL | D15: M2 | E15: 188.56 | F15: =W15 -> 188.56 | H15: =F15+G15 -> 188.56 | I15: =E15-H15 -> 0 | J15: =P15*$P$7 -> 15.548476 | K15: =ROUND(J15+(J15*$L$8),2) -> 19.66 | L15: =ROUND(K15*G15,2) -> 0 | M15: =K15*H15 -> 3707.0896 | N15: =ROUND(K15*I15,2) -> 0 | P15: 17.33 | S15: =51.04+137.52 -> 188.56 | W15: =SUM(S15:V15) -> 188.56 | X15: 188.56
A16: 2.2 | B16: ED-48501 | C16: DEMOLIÇÃO MANUAL DE REBOCO OU EMBOÇO, COM ESPESSURA DE ATÉ 55MM, INCLUSIVE AFASTAMENTO E EMPILHAMENTO, EXCLUSIVE TRANSPORTE E RETIRADA DO MATERIAL DEMOLIDO | D16: M2 | E16: 188.56 | F16: =W16 -> 188.56 | H16: =F16+G16 -> 188.56 | I16: =E16-H16 -> 0 | J16: =P16*$P$7 -> 9.277048 | K16: =ROUND(J16+(J16*$L$8),2) -> 11.73 | L16: =ROUND(K16*G16,2) -> 0 | M16: =K16*H16 -> 2211.8088 | N16: =ROUND(K16*I16,2) -> 0 | P16: 10.34 | S16: 96.99 | T16: 91.57 | W16: =SUM(S16:V16) -> 188.56 | X16: 188.56
A17: 2.3 | B17: ED-48192 | C17: ALVENARIA DE VEDAÇÃO COM BLOCO DE CONCRETO, ESP. 14CM, PARA REVESTIMENTO, INCLUSIVE ARGAMASSA PARA ASSENTAMENTO | D17: M2 | E17: =((1.75+1.8)*2*3.1)+(4.3+3+3+2.45)*2.15+(31.5*1.85) -> 107.6975 | F17: =W17 -> 107.6975 | H17: =F17+G17 -> 107.6975 | I17: =E17-H17 -> 0 | J17: =P17*$P$7 -> 58.81146 | K17: =ROUND(J17+(J17*$L$8),2) -> 74.36 | L17: =ROUND(K17*G17,2) -> 0 | M17: =K17*H17 -> 8008.3861 | N17: =ROUND(K17*I17,2) -> 0 | P17: 65.55 | S17: 4.98 | T17: =35.6+64.56 -> 100.16 | U17: 2.5575 | W17: =SUM(S17:V17) -> 107.6975 | X17: =((1.75+1.8)*2*3.1)+(4.3+3+3+2.45)*2.15+(31.5*1.85) -> 107.6975
A18: 2.4 | B18: ED-48388 | C18: CINTA DE AMARRAÇÃO DE ALVENARIA COM BLOCO DE CONCRETO ESTRUTURAL, CANALETA TIPO "U", ESP. 14CM, (FBK 4, 5MPA), PARA REVESTIMENTO, INCLUSIVE ARGAMASSA PARA ASSENTAMENTO, EXCLUSIVE GRAUTE E ARMAÇÃO | D18: M | E18: =((1.75+1.8)*2)+(4.3+3+3+2.45)+60 -> 79.85 | F18: =W18 -> 79.85 | H18: =F18+G18 -> 79.85 | I18: =E18-H18 -> 0 | J18: =P18*$P$7 -> 19.280828 | K18: =ROUND(J18+(J18*$L$8),2) -> 24.38 | L18: =ROUND(K18*G18,2) -> 0 | M18: =K18*H18 -> 1946.743 | N18: =ROUND(K18*I18,2) -> 0 | P18: 21.49 | T18: =9.7+70.15 -> 79.85 | W18: =SUM(S18:V18) -> 79.85 | X18: 79.85
A19: 2.5 | B19: ED-50761 | C19: REBOCO COM ARGAMASSA, TRAÇO 1:2:8 (CIMENTO, CAL E AREIA) , ESP. 20MM, APLICAÇÃO MANUAL, INCLUSIVE ARGAMASSA COM PREPARO MECANIZADO, EXCLUSIVE CHAPISCO | D19: M2 | E19: 188.56 | F19: =W19 -> 188.56 | H19: =F19+G19 -> 188.56 | I19: =E19-H19 -> 0 | J19: =P19*$P$7 -> 33.15154 | K19: =ROUND(J19+(J19*$L$8),2) -> 41.92 | L19: =ROUND(K19*G19,2) -> 0 | M19: =K19*H19 -> 7904.4352 | N19: =ROUND(K19*I19,2) -> 0 | P19: 36.95 | S19: 73.96 | T19: 114.6 | W19: =SUM(S19:V19) -> 188.56 | X19: 188.56
A20: 3 | C20: COBERTURA | W20: =SUM(S20:V20) -> 0
A21: 3.1 | B21: ED-20603 | C21: FORNECIMENTO DE ESTRUTURA METÁLICA E ENGRADAMENTO METÁLICO, EM AÇO, PARA TELHADO, EXCLUSIVE TELHA, INCLUSIVE FABRICAÇÃO, TRANSPORTE, MONTAGEM E APLICAÇÃO DE FUNDO PREPARADOR ANTICORROSIVO EM SUPERFÍCIE METÁLICA, UMA (1) DEMÃO | D21: KG | E21: 216 | F21: =W21 -> 216 | H21: =F21+G21 -> 216 | I21: =E21-H21 -> 0 | J21: =P21*$P$7 -> 19.191108 | K21: =ROUND(J21+(J21*$L$8),2) -> 24.27 | L21: =ROUND(K21*G21,2) -> 0 | M21: =K21*H21 -> 5242.32 | N21: =ROUND(K21*I21,2) -> 0 | P21: 21.39 | U21: 216 | W21: =SUM(S21:V21) -> 216 | X21: 216
A22: 3.2 | B22: ED-20574 | C22: FORNECIMENTO DE ESTRUTURA METÁLICA E ENGRADAMENTO METÁLICO, EM AÇO PATINÁVEL, SOBRE LAJE PARA TELHA CERÂMICA, COBERTURA PADRÃO DO PRÉDIO ESCOLAR, EXCLUSIVE TELHA, INCLUSIVE FABRICAÇÃO, TRANSPORTE E MONTAGEM | D22: m2 | E22: 19.6 | F22: =W22 -> 19.6 | H22: =F22+G22 -> 19.6 | I22: =E22-H22 -> 0 | J22: =P22*$P$7 -> 282.60006 | K22: =ROUND(J22+(J22*$L$8),2) -> 357.32 | L22: =ROUND(K22*G22,2) -> 0 | M22: =K22*H22 -> 7003.472 | N22: =ROUND(K22*I22,2) -> 0 | P22: 314.98 | U22: 19.6 | W22: =SUM(S22:V22) -> 19.6 | X22: 19.6
A23: 3.3 | B23: ED-48428 | C23: COBERTURA EM TELHA METÁLICA GALVANIZADA TRAPEZOIDAL, TIPO SIMPLES, ESP. 0,50MM, ACABAMENTO NATURAL, INCLUSIVE ACESSÓRIOS PARA FIXAÇÃO, FORNECIMENTO E INSTALAÇÃO | D23: M2 | E23: 19.6 | F23: =W23 -> 19.6 | H23: =F23+G23 -> 19.6 | I23: =E23-H23 -> 0 | J23: =P23*$P$7 -> 96.35928 | K23: =ROUND(J23+(J23*$L$8),2) -> 121.84 | L23: =ROUND(K23*G23,2) -> 0 | M23: =K23*H23 -> 2388.064 | N23: =ROUND(K23*I23,2) -> 0 | P23: 107.4 | U23: 19.6 | W23: =SUM(S23:V23) -> 19.6 | X23: 19.6
A24: 3.4 | B24: ED-50678 | C24: RUFO E CONTRARRUFO EM CHAPA GALVANIZADA, ESP. 0,65MM (GSG-24), COM DESENVOLVIMENTO DE 33CM, INCLUSIVE IÇAMENTO MANUAL VERTICAL | D24: M | E24: 5.75 | F24: =W24 -> 5.75 | H24: =F24+G24 -> 5.75 | I24: =E24-H24 -> 0 | J24: =P24*$P$7 -> 42.285036 | K24: =ROUND(J24+(J24*$L$8),2) -> 53.47 | L24: =ROUND(K24*G24,2) -> 0 | M24: =K24*H24 -> 307.4525 | N24: =ROUND(K24*I24,2) -> 0 | P24: 47.13 | U24: 5.75 | W24: =SUM(S24:V24) -> 5.75 | X24: 5.75
A25: 3.5 | B25: ED-50663 | C25: CALHA EM CHAPA GALVANIZADA, ESP. 0,5MM (GSG-26), COM DESENVOLVIMENTO DE 50CM, INCLUSIVE IÇAMENTO MANUAL VERTICAL | D25: M | E25: 5.75 | F25: =W25 -> 5.75 | H25: =F25+G25 -> 5.75 | I25: =E25-H25 -> 0 | J25: =P25*$P$7 -> 51.624888 | K25: =ROUND(J25+(J25*$L$8),2) -> 65.27 | L25: =ROUND(K25*G25,2) -> 0 | M25: =K25*H25 -> 375.3025 | N25: =ROUND(K25*I25,2) -> 0 | P25: 57.54 | U25: 5.75 | W25: =SUM(S25:V25) -> 5.75 | X25: 5.75
A26: 3.6 | B26: ED-50668 | C26: CONDUTOR CIRCULAR DE ÁGUA PLUVIAL PARA TELHADO EM TUBO DE PVC, DIÂMETRO DE 100MM, INCLUSIVE CONEXÕES E SUPORTES | D26: M | E26: 6 | F26: =W26 -> 6 | H26: =F26+G26 -> 6 | I26: =E26-H26 -> 0 | J26: =P26*$P$7 -> 76.899012 | K26: =ROUND(J26+(J26*$L$8),2) -> 97.23 | L26: =ROUND(K26*G26,2) -> 0 | M26: =K26*H26 -> 583.38 | N26: =ROUND(K26*I26,2) -> 0 | P26: 85.71 | U26: 6 | W26: =SUM(S26:V26) -> 6 | X26: 6
A27: 4 | C27: INSTALAÇÃO HIDROSSANITÁRIA | W27: =SUM(S27:V27) -> 0
A28: 4.1 | B28: ED-48467 | C28: REMOÇÃO DE LOUÇAS (LAVATÓRIO, BANHEIRA, PIA, VASO SANITÁRIO, TANQUE), COM REAPROVEITAMENTO, INCLUSIVE AFASTAMENTO E EMPILHAMENTO, EXCLUSIVE TRANSPORTE E RETIRADA DO MATERIAL REMOVIDO NÃO REAPROVEITÁVEL | D28: Un. | E28: 6 | F28: =W28 -> 6 | H28: =F28+G28 -> 6 | I28: =E28-H28 -> 0 | J28: =P28*$P$7 -> 40.158672 | K28: =ROUND(J28+(J28*$L$8),2) -> 50.78 | L28: =ROUND(K28*G28,2) -> 0 | M28: =K28*H28 -> 304.68 | N28: =ROUND(K28*I28,2) -> 0 | P28: 44.76 | S28: 6 | W28: =SUM(S28:V28) -> 6 | X28: 6
A29: 4.2 | B29: ED-50223 | C29: PONTO DE EMBUTIR PARA ESGOTO EM TUBO PVC RÍGIDO, PB - SÉRIE NORMAL, DN 40MM (1.1/2"), EMBUTIDO NA ALVENARIA/PISO, COM ALTURA (SAÍDA) DE 50CM DO PISO, COM DISTÂNCIA DE ATÉ CINCO (5) METROS DO RAMAL DE ESGOTO, EXCLUSIVE ESCAVAÇÃO, INCLUSIVE CONEXÕES E FIXAÇÃO DO TUBO COM ENCHIMENTO DO RASGO NA ALVENARIA/CONCRETO COM ARGAMASSA (LAVATÓRIO) | D29: UN. | E29: 3 | F29: =W29 -> 3 | H29: =F29+G29 -> 3 | I29: =E29-H29 -> 0 | J29: =P29*$P$7 -> 149.42866 | K29: =ROUND(J29+(J29*$L$8),2) -> 188.94 | L29: =ROUND(K29*G29,2) -> 0 | M29: =K29*H29 -> 566.82 | N29: =ROUND(K29*I29,2) -> 0 | P29: 166.55 | T29: 3 | W29: =SUM(S29:V29) -> 3 | X29: 3
A30: 4.3 | B30: ED-50225 | C30: PONTO DE EMBUTIR PARA ESGOTO EM TUBO PVC RÍGIDO, PBV - SÉRIE NORMAL, DN 100MM (4"), EMBUTIDO EM PISO COM DISTÂNCIA DE ATÉ CINCO (5) METROS DO RAMAL DE ESGOTO, INCLUSIVE CONEXÕES E FIXAÇÃO DO TUBO COM ENCHIMENTO DO RASGO NO CONCRETO COM ARGAMASSA (VASO) | D30: UN. | E30: 3 | F30: =W30 -> 3 | H30: =F30+G30 -> 3 | I30: =E30-H30 -> 0 | J30: =P30*$P$7 -> 274.49834 | K30: =ROUND(J30+(J30*$L$8),2) -> 347.08 | L30: =ROUND(K30*G30,2) -> 0 | M30: =K30*H30 -> 1041.24 | N30: =ROUND(K30*I30,2) -> 0 | P30: 305.95 | T30: 3 | W30: =SUM(S30:V30) -> 3 | X30: 3
A31: 4.4 | B31: ED-50224 | C31: PONTO DE EMBUTIR PARA ESGOTO EM TUBO PVC RÍGIDO, PBV - SÉRIE NORMAL, DN 50MM (2"), EMBUTIDO EM PISO COM DISTÂNCIA DE ATÉ CINCO (5) METROS DO RAMAL DE ESGOTO, EXCLUSIVE ESCAVAÇÃO, INCLUSIVE CONEXÕES E FIXAÇÃO DO TUBO COM ENCHIMENTO DO RASGO NO CONCRETO COM ARGAMASSA (PIA E TANQUE) | D31: UN. | E31: 4 | F31: =W31 -> 4 | H31: =F31+G31 -> 4 | I31: =E31-H31 -> 0 | J31: =P31*$P$7 -> 196.7111 | K31: =ROUND(J31+(J31*$L$8),2) -> 248.72 | L31: =ROUND(K31*G31,2) -> 0 | M31: =K31*H31 -> 994.88 | N31: =ROUND(K31*I31,2) -> 0 | P31: 219.25 | T31: 4 | W31: =SUM(S31:V31) -> 4 | X31: 4
A32: 4.5 | B32: ED-50011 | C32: CAIXA SIFONADA EM PVC COM GRELHA REDONDA 100 X 100 X 50 MM | D32: UN | E32: 4 | F32: =W32 -> 4 | H32: =F32+G32 -> 4 | I32: =E32-H32 -> 0 | J32: =P32*$P$7 -> 61.512032 | K32: =ROUND(J32+(J32*$L$8),2) -> 77.78 | L32: =ROUND(K32*G32,2) -> 0 | M32: =K32*H32 -> 311.12 | N32: =ROUND(K32*I32,2) -> 0 | P32: 68.56 | T32: 4 | W32: =SUM(S32:V32) -> 4 | X32: 4
A33: 4.6 | B33: ED-50221 | C33: PONTO DE EMBUTIR PARA ÁGUA FRIA EM TUBO DE PVC RÍGIDO SOLDÁVEL, DN 20MM (1/2"), EMBUTIDO NA ALVENARIA COM DISTÂNCIA DE ATÉ CINCO (5) METROS DA TOMADA DE ÁGUA, INCLUSIVE CONEXÕES E FIXAÇÃO DO TUBO COM ENCHIMENTO DO RASGO NA ALVENARIA/CONCRETO COM ARGAMASSA | D33: UN | E33: 6 | F33: =W33 -> 6 | H33: =F33+G33 -> 6 | I33: =E33-H33 -> 0 | J33: =P33*$P$7 -> 123.63416 | K33: =ROUND(J33+(J33*$L$8),2) -> 156.32 | L33: =ROUND(K33*G33,2) -> 0 | M33: =K33*H33 -> 937.92 | N33: =ROUND(K33*I33,2) -> 0 | P33: 137.8 | T33: 6 | W33: =SUM(S33:V33) -> 6 | X33: 6
A34: 4.7 | B34: ED-49936 | C34: CAIXA D'ÁGUA DE POLIETILENO, CAPACIDADE DE 1.000L, INCLUSIVE TAMPA, TORNEIRA DE BOIA, EXTRAVASOR, TUBO DE LIMPEZA E ACESSÓRIOS, EXCLUSIVE TUBULAÇÃO DE ENTRADA/ SAÍDA DE ÁGUA | D34: UN | E34: 1 | F34: =W34 -> 1 | H34: =F34+G34 -> 1 | I34: =E34-H34 -> 0 | J34: =P34*$P$7 -> 800.02427 | K34: =ROUND(J34+(J34*$L$8),2) -> 1011.55 | L34: =ROUND(K34*G34,2) -> 0 | M34: =K34*H34 -> 1011.55 | N34: =ROUND(K34*I34,2) -> 0 | P34: 891.69 | T34: 1 | W34: =SUM(S34:V34) -> 1 | X34: 1
A35: 4.8 | B35: ED-49844 | C35: ADAPTADOR SOLDÁVEL DE PVC MARROM COM FLANGES E ANEL PARA CAIXA DÁGUA Ø 20 MM X 1/2" | D35: UN | E35: 4 | F35: =W35 -> 4 | H35: =F35+G35 -> 4 | I35: =E35-H35 -> 0 | J35: =P35*$P$7 -> 18.177272 | K35: =ROUND(J35+(J35*$L$8),2) -> 22.98 | L35: =ROUND(K35*G35,2) -> 0 | M35: =K35*H35 -> 91.92 | N35: =ROUND(K35*I35,2) -> 0 | P35: 20.26 | T35: 4 | W35: =SUM(S35:V35) -> 4 | X35: 4
A36: 4.9 | B36: ED-49848 | C36: ADAPTADOR SOLDÁVEL DE PVC MARROM COM FLANGES E ANEL PARA CAIXA DÁGUA Ø 50 MM X 1 1/2" | D36: UN | E36: 4 | F36: =W36 -> 4 | H36: =F36+G36 -> 4 | I36: =E36-H36 -> 0 | J36: =P36*$P$7 -> 51.983768 | K36: =ROUND(J36+(J36*$L$8),2) -> 65.73 | L36: =ROUND(K36*G36,2) -> 0 | M36: =K36*H36 -> 262.92 | N36: =ROUND(K36*I36,2) -> 0 | P36: 57.94 | T36: 4 | W36: =SUM(S36:V36) -> 4 | X36: 4
A37: 4.10 | B37: ED-50304 | C37: TORNEIRA DE BOIA, TIPO ROSCÁVEL 3/4", EXCLUSIVE ADAPTADOR SOLDÁVEL DE PVC COM FLANGES E ANEL PARA CAIXA DÁGUA | D37: UN | E37: 4 | F37: =W37 -> 4 | H37: =F37+G37 -> 4 | I37: =E37-H37 -> 0 | J37: =P37*$P$7 -> 92.285992 | K37: =ROUND(J37+(J37*$L$8),2) -> 116.69 | L37: =ROUND(K37*G37,2) -> 0 | M37: =K37*H37 -> 466.76 | N37: =ROUND(K37*I37,2) -> 0 | P37: 102.86 | T37: 4 | W37: =SUM(S37:V37) -> 4 | X37: 4
A38: 4.11 | B38: ED-50029 | C38: FORNECIMENTO E ASSENTAMENTO DE TUBO PVC RÍGIDO, ESGOTO, PBV - SÉRIE NORMAL, DN 100 MM (4"), INCLUSIVE CONEXÕES | D38: M | E38: 18 | F38: =W38 -> 18 | H38: =F38+G38 -> 18 | I38: =E38-H38 -> 0 | J38: =P38*$P$7 -> 36.704452 | K38: =ROUND(J38+(J38*$L$8),2) -> 46.41 | L38: =ROUND(K38*G38,2) -> 0 | M38: =K38*H38 -> 835.38 | N38: =ROUND(K38*I38,2) -> 0 | P38: 40.91 | T38: 18 | W38: =SUM(S38:V38) -> 18 | X38: 18
A39: 4.12 | B39: ED-50031 | C39: FORNECIMENTO E ASSENTAMENTO DE TUBO PVC RÍGIDO, ESGOTO, PBV - SÉRIE NORMAL, DN 200 MM (8"), INCLUSIVE CONEXÕES | D39: M | E39: 36 | F39: =W39 -> 36 | H39: =F39+G39 -> 36 | I39: =E39-H39 -> 0 | J39: =P39*$P$7 -> 118.8162 | K39: =ROUND(J39+(J39*$L$8),2) -> 150.23 | L39: =ROUND(K39*G39,2) -> 0 | M39: =K39*H39 -> 5408.28 | N39: =ROUND(K39*I39,2) -> 0 | P39: 132.43 | T39: 36 | W39: =SUM(S39:V39) -> 36 | X39: 36
A40: 4.13 | B40: ED-50018 | C40: FORNECIMENTO E ASSENTAMENTO DE TUBO PVC RÍGIDO SOLDÁVEL, ÁGUA FRIA, DN 20 MM (1/2"), INCLUSIVE CONEXÕES | D40: M | E40: 18 | F40: =W40 -> 18 | H40: =F40+G40 -> 18 | I40: =E40-H40 -> 0 | J40: =P40*$P$7 -> 18.957836 | K40: =ROUND(J40+(J40*$L$8),2) -> 23.97 | L40: =ROUND(K40*G40,2) -> 0 | M40: =K40*H40 -> 431.46 | N40: =ROUND(K40*I40,2) -> 0 | P40: 21.13 | T40: 18 | W40: =SUM(S40:V40) -> 18 | X40: 18
A41: 4.14 | B41: ED-50019 | C41: FORNECIMENTO E ASSENTAMENTO DE TUBO PVC RÍGIDO SOLDÁVEL, ÁGUA FRIA, DN 25 MM (3/4") , INCLUSIVE CONEXÕES | D41: M | E41: 18 | F41: =W41 -> 18 | H41: =F41+G41 -> 18 | I41: =E41-H41 -> 0 | J41: =P41*$P$7 -> 20.886816 | K41: =ROUND(J41+(J41*$L$8),2) -> 26.41 | L41: =ROUND(K41*G41,2) -> 0 | M41: =K41*H41 -> 475.38 | N41: =ROUND(K41*I41,2) -> 0 | P41: 23.28 | T41: 18 | W41: =SUM(S41:V41) -> 18 | X41: 18
A42: 5 | C42: PISOS E AZULEJOS | F42: =W42 -> 0 | H42: =F42+G42 -> 0 | I42: =E42-H42 -> 0 | L42: =ROUND(K42*G42,2) -> 0 | M42: =K42*H42 -> 0 | N42: =ROUND(K42*I42,2) -> 0 | W42: =SUM(S42:V42) -> 0
A43: 5.1 | B43: ED-48502 | C43: DEMOLIÇÃO MANUAL DE REVESTIMENTO CERÂMICO, AZULEJO OU LADRILHO HIDRÁULICO, INCLUSIVE AFASTAMENTO E EMPILHAMENTO, EXCLUSIVE DEMOLIÇÃO DO REBOCO OU EMBOÇO, TRANSPORTE E RETIRADA DO MATERIAL DEMOLIDO | D43: m2 | E43: 188.56 | F43: =W43 -> 188.56 | H43: =F43+G43 -> 188.56 | I43: =E43-H43 -> 0 | J43: =P43*$P$7 -> 19.325688 | K43: =ROUND(J43+(J43*$L$8),2) -> 24.44 | L43: =ROUND(K43*G43,2) -> 0 | M43: =K43*H43 -> 4608.4064 | N43: =ROUND(K43*I43,2) -> 0 | P43: 21.54 | S43: =71.96+116.6 -> 188.56 | W43: =SUM(S43:V43) -> 188.56 | X43: 188.56
A44: 5.2 | B44: ED-9081 | C44: REVESTIMENTO COM CERÂMICA APLICADO EM PAREDE, ACABAMENTO ESMALTADO, AMBIENTE INTERNO/EXTERNO, PADRÃO EXTRA, DIMENSÃO DA PEÇA ATÉ 2025 CM2, PEI III, ASSENTAMENTO COM ARGAMASSA INDUSTRIALIZADA, INCLUSIVE REJUNTAMENTO | D44: M2 | E44: 188.56 | F44: =W44 -> 158.56 | H44: =F44+G44 -> 158.56 | I44: =E44-H44 -> 30 | J44: =P44*$P$7 -> 64.10494 | K44: =ROUND(J44+(J44*$L$8),2) -> 81.05 | L44: =ROUND(K44*G44,2) -> 0 | M44: =K44*H44 -> 12851.288 | N44: =ROUND(K44*I44,2) -> 2431.5 | P44: 71.45 | U44: 158.56 | W44: =SUM(S44:V44) -> 158.56 | X44: 188.56
A45: 5.3 | B45: ED-50568 | C45: CONTRAPISO DESEMPENADO COM ARGAMASSA, TRAÇO 1:3 (CIMENTO E AREIA), ESP. 30MM, INCLUSIVE ARGAMASSA COM PREPARO MECANIZADO | D45: M2 | E45: 21.2 | F45: =W45 -> 21.2 | H45: =F45+G45 -> 21.2 | I45: =E45-H45 -> 0 | J45: =P45*$P$7 -> 39.74596 | K45: =ROUND(J45+(J45*$L$8),2) -> 50.25 | L45: =ROUND(K45*G45,2) -> 0 | M45: =K45*H45 -> 1065.3 | N45: =ROUND(K45*I45,2) -> 0 | P45: 44.3 | U45: 21.2 | W45: =SUM(S45:V45) -> 21.2 | X45: 21.2
A46: 5.4 | B46: COT. | C46: PISO C/FORRAÇÃO TÊXTIL ( CARPETE E = 4mm a 5mm) | D46: m2 | E46: 221 | F46: 0 | G46: 221 | H46: =F46+G46 -> 221 | I46: =E46-H46 -> 0 | J46: =P46*$P$7 -> 26.916 | K46: =ROUND(J46+(J46*$L$8),2) -> 34.03 | L46: =ROUND(K46*G46,2) -> 7520.63 | M46: =K46*H46 -> 7520.63 | N46: =ROUND(K46*I46,2) -> 0 | P46: 30 | V46: 221 | W46: =SUM(S46:V46) -> 221 | X46: 221
A47: 5.5 | B47: ED-50571 | C47: PISO EM CONCRETO PREPARADO EM OBRA COM BETONEIRA COM FCK DE 13,5MPA, SEM ARMAÇÃO, ACABAMENTO RÚSTICO, ESP. 8CM, INCLUSIVE FORNECIMENTO, LANÇAMENTO, ADENSAMENTO, SARRAFEAMENTO, EXCLUSIVE JUNTA DE DILATAÇÃO | D47: M2 | E47: 21.2 | F47: =W47 -> 21.2 | H47: =F47+G47 -> 21.2 | I47: =E47-H47 -> 0 | J47: =P47*$P$7 -> 80.380148 | K47: =ROUND(J47+(J47*$L$8),2) -> 101.63 | L47: =ROUND(K47*G47,2) -> 0 | M47: =K47*H47 -> 2154.556 | N47: =ROUND(K47*I47,2) -> 0 | P47: 89.59 | T47: 21.2 | W47: =SUM(S47:V47) -> 21.2 | X47: 21.2
A48: 6 | C48: ESQUADRIAS | F48: =W48 -> 0 | H48: =F48+G48 -> 0 | I48: =E48-H48 -> 0 | L48: =ROUND(K48*G48,2) -> 0 | M48: =K48*H48 -> 0 | N48: =ROUND(K48*I48,2) -> 0 | W48: =SUM(S48:V48) -> 0
A49: 6.1 | B49: ED-48497 | C49: REMOÇÃO MANUAL DE ESQUADRIA METÁLICA, COM REAPROVEITAMENTO, INCLUSIVE MARCO/ALIZAR/GUARNIÇÕES, AFASTAMENTO E EMPILHAMENTO, EXCLUSIVE TRANSPORTE E RETIRADA DO MATERIAL REMOVIDO NÃO REAPROVEITÁVEL | D49: m2 | E49: 15.5 | F49: =W49 -> 15.5 | H49: =F49+G49 -> 15.5 | I49: =E49-H49 -> 0 | J49: =P49*$P$7 -> 17.396708 | K49: =ROUND(J49+(J49*$L$8),2) -> 22 | L49: =ROUND(K49*G49,2) -> 0 | M49: =K49*H49 -> 341 | N49: =ROUND(K49*I49,2) -> 0 | P49: 19.39 | S49: 15.5 | W49: =SUM(S49:V49) -> 15.5 | X49: 15.5
A50: 6.2 | B50: ED-49592 | C50: MARCO DE MADEIRA, DIMENSÃO (90X210)CM, LARGURA DE 14CM, ACABAMENTO NATURAL PARA PINTURA/VERNIZ, INCLUSIVE ASSENTAMENTO, EXCLUSIVE FOLHA DE PORTA, FERRAGENS E PINTURA/VERNIZ | D50: UN | E50: 4 | F50: =W50 -> 4 | H50: =F50+G50 -> 4 | I50: =E50-H50 -> 0 | J50: =P50*$P$7 -> 311.73214 | K50: =ROUND(J50+(J50*$L$8),2) -> 394.15 | L50: =ROUND(K50*G50,2) -> 0 | M50: =K50*H50 -> 1576.6 | N50: =ROUND(K50*I50,2) -> 0 | P50: 347.45 | U50: 4 | W50: =SUM(S50:V50) -> 4 | X50: 4
A51: 6.3 | B51: ED-49588 | C51: FOLHA DE PORTA EM MADEIRA, DIMENSÃO (90X210)CM, ACABAMENTO NATURAL PARA PINTURA/VERNIZ, TIPO PRANCHETA/SARRAFEADA, INCLUSIVE ASSENTAMENTO, EXCLUSIVE MARCO, FERRAGENS E PINTURA/VERNIZ | D51: UN | E51: 4 | F51: =W51 -> 4 | H51: =F51+G51 -> 4 | I51: =E51-H51 -> 0 | J51: =P51*$P$7 -> 308.251 | K51: =ROUND(J51+(J51*$L$8),2) -> 389.75 | L51: =ROUND(K51*G51,2) -> 0 | M51: =K51*H51 -> 1559 | N51: =ROUND(K51*I51,2) -> 0 | P51: 343.57 | U51: 4 | W51: =SUM(S51:V51) -> 4 | X51: 4
A52: 6.4 | B52: ED-51159 | C52: VIDRO TEMPERADO TRANSPARENTE INCOLOR, ESP. 8MM, INCLUSIVE FIXAÇÃO E VEDAÇÃO COM GUARNIÇÃO/GAXETA DE BORRACHA NEOPRENE, FORNECIMENTO E INSTALAÇÃO, EXCLUSIVE CAIXILHO/PERFIL | D52: M2 | E52: 17.7 | F52: =W52 -> 2.3 | H52: =F52+G52 -> 2.3 | I52: =E52-H52 -> 15.4 | J52: =P52*$P$7 -> 328.19576 | K52: =ROUND(J52+(J52*$L$8),2) -> 414.97 | L52: =ROUND(K52*G52,2) -> 0 | M52: =K52*H52 -> 954.431 | N52: =ROUND(K52*I52,2) -> 6390.54 | P52: 365.8 | U52: 2.3 | W52: =SUM(S52:V52) -> 2.3 | X52: 17.7
A53: 6.5 | B53: ED-51160 | C53: VIDRO TEMPERADO TRANSPARENTE INCOLOR, ESP. 10MM, INCLUSIVE FIXAÇÃO E VEDAÇÃO COM GUARNIÇÃO/GAXETA DE BORRACHA NEOPRENE, FORNECIMENTO E INSTALAÇÃO, EXCLUSIVE CAIXILHO/PERFIL | D53: M2 | E53: 8 | F53: =W53 -> 8 | H53: =F53+G53 -> 8 | I53: =E53-H53 -> 0 | J53: =P53*$P$7 -> 401.48803 | K53: =ROUND(J53+(J53*$L$8),2) -> 507.64 | L53: =ROUND(K53*G53,2) -> 0 | M53: =K53*H53 -> 4061.12 | N53: =ROUND(K53*I53,2) -> 0 | P53: 447.49 | U53: 8 | W53: =SUM(S53:V53) -> 8 | X53: 8
A54: 6.6 | B54: ED-49700 | C54: FECHADURA TIPO INTERNA (GORGE), GRAU DE SEGURANÇA MÉDIO, DISTÂNCIA DE BROCA 40MM, ACABAMENTO COM ESPELHO CROMADO E MAÇANETA MODELO ALAVANCA EM ZAMAC, INCLUSIVE ACESSÓRIOS PARA FIXAÇÃO E DUAS (2) CHAVES | D54: UN | E54: 4 | F54: =W54 -> 4 | H54: =F54+G54 -> 4 | I54: =E54-H54 -> 0 | J54: =P54*$P$7 -> 101.90398 | K54: =ROUND(J54+(J54*$L$8),2) -> 128.85 | L54: =ROUND(K54*G54,2) -> 0 | M54: =K54*H54 -> 515.4 | N54: =ROUND(K54*I54,2) -> 0 | P54: 113.58 | U54: 4 | W54: =SUM(S54:V54) -> 4 | X54: 4
A55: 6.7 | B55: ED-49697 | C55: DOBRADIÇA DE FERRO, MEDIDAS (3"X2.1/2"), TIPO PINO SOLTO COM BOLA, ACABAMENTO CROMADO, INCLUSIVE ACESSÓRIOS PARA FIXAÇÃO | D55: UN | E55: 12 | F55: =W55 -> 12 | H55: =F55+G55 -> 12 | I55: =E55-H55 -> 0 | J55: =P55*$P$7 -> 21.550744 | K55: =ROUND(J55+(J55*$L$8),2) -> 27.25 | L55: =ROUND(K55*G55,2) -> 0 | M55: =K55*H55 -> 327 | N55: =ROUND(K55*I55,2) -> 0 | P55: 24.02 | U55: 12 | W55: =SUM(S55:V55) -> 12 | X55: 12
A56: 7 | C56: PINTURA | W56: =SUM(S56:V56) -> 0
A57: 7.1 | B57: COT. | C57: PREPARAÇÃO, LIXAMENTO PARA APLICAÇÃO DO SINTECO | D57: M2 | E57: 255 | F57: 0 | G57: 178.5 | H57: =F57+G57 -> 178.5 | I57: =E57-H57 -> 76.5 | J57: =P57*$P$7 -> 17.558204 | K57: =ROUND(J57+(J57*$L$8),2) -> 22.2 | L57: =ROUND(K57*G57,2) -> 3962.7 | M57: =K57*H57 -> 3962.7 | N57: =ROUND(K57*I57,2) -> 1698.3 | P57: 19.57 | Q57: =15*17 -> 255 | V57: 178.5 | W57: =SUM(S57:V57) -> 178.5 | X57: 255
A58: 7.2 | B58: COT. | C58: SINTECO SOBRE PISO DE MADEIRA | D58: M2 | E58: 255 | F58: 0 | G58: 255 | H58: =F58+G58 -> 255 | I58: =E58-H58 -> 0 | J58: =P58*$P$7 -> 30.10106 | K58: =ROUND(J58+(J58*$L$8),2) -> 38.06 | L58: =ROUND(K58*G58,2) -> 9705.3 | M58: =K58*H58 -> 9705.3 | N58: =ROUND(K58*I58,2) -> 0 | P58: 33.55 | V58: 255 | W58: =SUM(S58:V58) -> 255 | X58: 255
A59: 7.3 | B59: ED-50451 | C59: PINTURA ACRÍLICA EM PAREDE, DUAS (2) DEMÃOS, COM APLICAÇÃO MANUAL, EXCLUSIVE SELADOR ACRÍLICO E MASSA ACRÍLICA/CORRIDA (PVA) | D59: M2 | E59: 21.2 | F59: 0 | G59: 21.2 | H59: =F59+G59 -> 21.2 | I59: =E59-H59 -> 0 | J59: =P59*$P$7 -> 13.897628 | K59: =ROUND(J59+(J59*$L$8),2) -> 17.57 | L59: =ROUND(K59*G59,2) -> 372.48 | M59: =K59*H59 -> 372.484 | N59: =ROUND(K59*I59,2) -> 0 | P59: 15.49 | V59: 21.2 | W59: =SUM(S59:V59) -> 21.2 | X59: 21.2
A60: 7.4 | B60: ED-50498 | C60: PINTURA LÁTEX (PVA) EM PAREDE, DUAS (2) DEMÃOS, COM APLICAÇÃO MANUAL, EXCLUSIVE SELADOR ACRÍLICO E MASSA ACRÍLICA/CORRIDA (PVA) | D60: M2 | E60: 2374 | F60: 0 | G60: 2374 | H60: =F60+G60 -> 2374 | I60: =E60-H60 -> 0 | J60: =P60*$P$7 -> 14.229592 | K60: =ROUND(J60+(J60*$L$8),2) -> 17.99 | L60: =ROUND(K60*G60,2) -> 42708.26 | M60: =K60*H60 -> 42708.26 | N60: =ROUND(K60*I60,2) -> 0 | P60: 15.86 | V60: 2374 | W60: =SUM(S60:V60) -> 2374 | X60: 2374
A61: 7.5 | B61: ED-50514 | C61: PREPARAÇÃO PARA EMASSAMENTO OU PINTURA (LÁTEX/ ACRÍLICA) EM PAREDE, INCLUSIVE UMA (1) DEMÃO DE SELADOR ACRÍLICO | D61: M2 | E61: 21.2 | F61: 0 | H61: =F61+G61 -> 0 | I61: =E61-H61 -> 21.2 | J61: =P61*$P$7 -> 6.432924 | K61: =ROUND(J61+(J61*$L$8),2) -> 8.13 | L61: =ROUND(K61*G61,2) -> 0 | M61: =K61*H61 -> 0 | N61: =ROUND(K61*I61,2) -> 172.36 | P61: 7.17 | W61: =SUM(S61:V61) -> 0 | X61: 21.2
A62: 8 | C62: INSTALAÇÃO ELÉTRICA | W62: =SUM(S62:V62) -> 0
A63: 8.1 | B63: ED-13338 | C63: LUMINÁRIA COMERCIAL CHANFRADA DE SOBREPOR COMPLETA, PARA DUAS (2) LÂMPADAS TUBULARES LED 2X18W-ØT8, TEMPERATURA DA COR 6500K, FORNECIMENTO E INSTALAÇÃO, INCLUSIVE BASE E LÂMPADAS | D63: UN | E63: 7 | F63: =W63 -> 6 | H63: =F63+G63 -> 6 | I63: =E63-H63 -> 1 | J63: =P63*$P$7 -> 155.00027 | K63: =ROUND(J63+(J63*$L$8),2) -> 195.98 | L63: =ROUND(K63*G63,2) -> 0 | M63: =K63*H63 -> 1175.88 | N63: =ROUND(K63*I63,2) -> 195.98 | P63: 172.76 | U63: 6 | W63: =SUM(S63:V63) -> 6 | X63: 7
A64: 8.2 | B64: ED-48951 | C64: CABO DE COBRE FLEXÍVEL, CLASSE 5, ISOLAMENTO TIPO LSHF/ ATOX, NÃO HALOGENADO, ANTICHAMA, TERMOPLÁSTICO, UNIPOLAR, SEÇÃO 2,5 MM2, 70°C, 450/750V | D64: M | E64: 100 | F64: =W64 -> 100 | H64: =F64+G64 -> 100 | I64: =E64-H64 -> 0 | J64: =P64*$P$7 -> 3.72338 | K64: =ROUND(J64+(J64*$L$8),2) -> 4.71 | L64: =ROUND(K64*G64,2) -> 0 | M64: =K64*H64 -> 471 | N64: =ROUND(K64*I64,2) -> 0 | P64: 4.15 | U64: 100 | W64: =SUM(S64:V64) -> 100 | X64: 100
A65: 8.3 | B65: ED-48961 | C65: CABO DE COBRE FLEXÍVEL, CLASSE 5, ISOLAMENTO TIPO LSHF/ ATOX, NÃO HALOGENADO, ANTICHAMA, TERMOPLÁSTICO, UNIPOLAR, SEÇÃO 6 MM2, 70°C, 450/750V | D65: M | E65: 100 | F65: 0 | G65: 100 | H65: =F65+G65 -> 100 | I65: =E65-H65 -> 0 | J65: =P65*$P$7 -> 6.809748 | K65: =ROUND(J65+(J65*$L$8),2) -> 8.61 | L65: =ROUND(K65*G65,2) -> 861 | M65: =K65*H65 -> 861 | N65: =ROUND(K65*I65,2) -> 0 | P65: 7.59 | V65: 100 | W65: =SUM(S65:V65) -> 100 | X65: 100
A66: 8.4 | B66: ED-15748 | C66: CONJUNTO DE UMA (1) TOMADA PADRÃO, TRÊS (3) POLOS, CORRENTE 10A, TENSÃO 250V, (2P+T/10A-250V), COM PLACA 4"X2" DE UM (1) POSTO, INCLUSIVE FORNECIMENTO, INSTALAÇÃO, SUPORTE, MÓDULO E PLACA | D66: UN | E66: 8 | F66: =W66 -> 1 | H66: =F66+G66 -> 1 | I66: =E66-H66 -> 7 | J66: =P66*$P$7 -> 24.726832 | K66: =ROUND(J66+(J66*$L$8),2) -> 31.26 | L66: =ROUND(K66*G66,2) -> 0 | M66: =K66*H66 -> 31.26 | N66: =ROUND(K66*I66,2) -> 218.82 | P66: 27.56 | U66: 1 | W66: =SUM(S66:V66) -> 1 | X66: 8
A67: 8.5 | B67: ED-15740 | C67: CONJUNTO DE DOIS (2) INTERRUPTORES BIPOLAR SIMPLES, CORRENTE 10A, TENSÃO 250V, (10A-250V), COM PLACA 4"X2" DE DOIS (2) POSTOS, INCLUSIVE FORNECIMENTO, INSTALAÇÃO, SUPORTE, MÓDULO E PLACA | D67: UN | E67: 4 | F67: =W67 -> 4 | H67: =F67+G67 -> 4 | I67: =E67-H67 -> 0 | J67: =P67*$P$7 -> 60.96474 | K67: =ROUND(J67+(J67*$L$8),2) -> 77.08 | L67: =ROUND(K67*G67,2) -> 0 | M67: =K67*H67 -> 308.32 | N67: =ROUND(K67*I67,2) -> 0 | P67: 67.95 | U67: 4 | W67: =SUM(S67:V67) -> 4 | X67: 4
A68: 8.6 | B68: ED-14181 | C68: QUADRO DE DISTRIBUIÇÃO DE EMBUTIR EM PVC, PARA 12 DISJUNTORES DIN, INCLUSIVE BARRAMENTOS NEUTRO/TERRA, EXCLUSIVE BARRAMENTO DE FASE | D68: UN | E68: 1 | F68: 0 | H68: =F68+G68 -> 0 | I68: =E68-H68 -> 1 | J68: =P68*$P$7 -> 156.37299 | K68: =ROUND(J68+(J68*$L$8),2) -> 197.72 | L68: =ROUND(K68*G68,2) -> 0 | M68: =K68*H68 -> 0 | N68: =ROUND(K68*I68,2) -> 197.72 | P68: 174.29 | W68: =SUM(S68:V68) -> 0 | X68: 1
A69: 8.7 | B69: ED-34464 | C69: DISJUNTOR MONOPOLAR TIPO DIN, CORRENTE NOMINAL DE 32A, FORNECIMENTO E INSTALAÇÃO, INCLUSIVE TERMINAL ILHÓS | D69: UN | E69: 2 | F69: 0 | H69: =F69+G69 -> 0 | I69: =E69-H69 -> 2 | J69: =P69*$P$7 -> 17.073716 | K69: =ROUND(J69+(J69*$L$8),2) -> 21.59 | L69: =ROUND(K69*G69,2) -> 0 | M69: =K69*H69 -> 0 | N69: =ROUND(K69*I69,2) -> 43.18 | P69: 19.03 | W69: =SUM(S69:V69) -> 0 | X69: 2
A70: 8.8 | B70: ED-34479 | C70: DISJUNTOR BIPOLAR TIPO DIN, CORRENTE NOMINAL DE 50A, FORNECIMENTO E INSTALAÇÃO, INCLUSIVE TERMINAL ILHÓS | D70: UN | E70: 2 | F70: 0 | H70: =F70+G70 -> 0 | I70: =E70-H70 -> 2 | J70: =P70*$P$7 -> 35.48426 | K70: =ROUND(J70+(J70*$L$8),2) -> 44.87 | L70: =ROUND(K70*G70,2) -> 0 | M70: =K70*H70 -> 0 | N70: =ROUND(K70*I70,2) -> 89.74 | P70: 39.55 | W70: =SUM(S70:V70) -> 0 | X70: 2
A71: 9 | C71: LOUÇAS E METAIS | W71: =SUM(S71:V71) -> 0
A72: 9.1 | B72: ED-50297 | C72: BACIA SANITÁRIA (VASO) DE LOUÇA COM CAIXA ACOPLADA, COR BRANCA, INCLUSIVE ACESSÓRIOS DE FIXAÇÃO/VEDAÇÃO, ENGATE FLEXÍVEL METÁLICO E REJUNTAMENTO, EXCLUSIVE ASSENTO | D72: UN | E72: 3 | F72: 0 | H72: =F72+G72 -> 0 | I72: =E72-H72 -> 3 | J72: =P72*$P$7 -> 509.4481 | K72: =ROUND(J72+(J72*$L$8),2) -> 644.15 | L72: =ROUND(K72*G72,2) -> 0 | M72: =K72*H72 -> 0 | N72: =ROUND(K72*I72,2) -> 1932.45 | P72: 567.82 | W72: =SUM(S72:V72) -> 0 | X72: 3
A73: 9.2 | B73: ED-50329 | C73: TORNEIRA METÁLICA PARA LAVATÓRIO, FECHAMENTO AUTOMÁTICO, ACABAMENTO CROMADO, COM AREJADOR, APLICAÇÃO DE MESA, INCLUSIVE ENGATE FLEXÍVEL METÁLICO | D73: UN | E73: 3 | F73: 0 | H73: =F73+G73 -> 0 | I73: =E73-H73 -> 3 | J73: =P73*$P$7 -> 198.58625 | K73: =ROUND(J73+(J73*$L$8),2) -> 251.09 | L73: =ROUND(K73*G73,2) -> 0 | M73: =K73*H73 -> 0 | N73: =ROUND(K73*I73,2) -> 753.27 | P73: 221.34 | W73: =SUM(S73:V73) -> 0 | X73: 3
A74: 9.3 | B74: ED-50286 | C74: MICTÓRIO SIFONADO DE LOUÇA BRANCA, INCLUSIVE ENGATE FLEXÍVEL, EXCLUSIVE VÁLVULA DE DESCARGA | D74: UN | E74: 2 | F74: 0 | G74: 1 | H74: =F74+G74 -> 1 | I74: =E74-H74 -> 1 | J74: =P74*$P$7 -> 620.53044 | K74: =ROUND(J74+(J74*$L$8),2) -> 784.6 | L74: =ROUND(K74*G74,2) -> 784.6 | M74: =K74*H74 -> 784.6 | N74: =ROUND(K74*I74,2) -> 784.6 | P74: 691.63 | V74: 1 | W74: =SUM(S74:V74) -> 1 | X74: 2
A75: 9.4 | B75: ED-50348 | C75: VÁLVULA DE DESCARGA METÁLICA PARA MICTÓRIO COM FECHAMENTO AUTOMÁTICO, EXCLUSIVE MICTÓRIO | D75: UN | E75: 2 | F75: 0 | G75: 1 | H75: =F75+G75 -> 1 | I75: =E75-H75 -> 1 | J75: =P75*$P$7 -> 223.39383 | K75: =ROUND(J75+(J75*$L$8),2) -> 282.46 | L75: =ROUND(K75*G75,2) -> 282.46 | M75: =K75*H75 -> 282.46 | N75: =ROUND(K75*I75,2) -> 282.46 | P75: 248.99 | V75: 1 | W75: =SUM(S75:V75) -> 1 | X75: 2
A76: 9.5 | B76: ED-48344 | C76: BANCADA EM GRANITO CINZA ANDORINHA E = 3 CM, APOIADA EM ALVENARIA | D76: M2 | E76: 3 | F76: 0 | H76: =F76+G76 -> 0 | I76: =E76-H76 -> 3 | J76: =P76*$P$7 -> 324.71462 | K76: =ROUND(J76+(J76*$L$8),2) -> 410.57 | L76: =ROUND(K76*G76,2) -> 0 | M76: =K76*H76 -> 0 | N76: =ROUND(K76*I76,2) -> 1231.71 | P76: 361.92 | W76: =SUM(S76:V76) -> 0 | X76: 3
A77: 9.6 | B77: ED-50277 | C77: CUBA EM AÇO INOXIDÁVEL DE EMBUTIR, AISI 304, APLICAÇÃO PARA PIA (465X330X115MM), NÚMERO 1, ASSENTAMENTO EM BANCADA, INCLUSIVE VÁLVULA DE ESCOAMENTO DE METAL COM ACABAMENTO CROMADO, SIFÃO DE METAL TIPO COPO COM ACABAMENTO CROMADO | D77: UN | E77: 3 | F77: =W77 -> 3 | H77: =F77+G77 -> 3 | I77: =E77-H77 -> 0 | J77: =P77*$P$7 -> 384.53992 | K77: =ROUND(J77+(J77*$L$8),2) -> 486.21 | L77: =ROUND(K77*G77,2) -> 0 | M77: =K77*H77 -> 1458.63 | N77: =ROUND(K77*I77,2) -> 0 | P77: 428.6 | U77: 3 | W77: =SUM(S77:V77) -> 3 | X77: 3
A78: 10 | C78: LIMPEZA | F78: =W78 -> 0 | H78: =F78+G78 -> 0 | I78: =E78-H78 -> 0 | L78: =ROUND(K78*G78,2) -> 0 | M78: =K78*H78 -> 0 | N78: =ROUND(K78*I78,2) -> 0 | W78: =SUM(S78:V78) -> 0
A79: 10.1 | B79: ED-50266 | C79: LIMPEZA FINAL PARA ENTREGA DA OBRA | D79: M2 | E79: 510 | F79: 0 | G79: 510 | H79: =F79+G79 -> 510 | I79: =E79-H79 -> 0 | J79: =P79*$P$7 -> 6.926384 | K79: =ROUND(J79+(J79*$L$8),2) -> 8.76 | L79: =ROUND(K79*G79,2) -> 4467.6 | M79: =K79*H79 -> 4467.6 | N79: =ROUND(K79*I79,2) -> 0 | P79: 7.72 | V79: 510 | W79: =SUM(S79:V79) -> 510 | X79: 510
C87: AMPLAMINAS ENGENHARIA LTDA
C88: RENATA APARECIDA FIGUEIREDO SOARES - ENGENHEIRA CIVIL - CREA: 80.591/D

Sheet 3 medição
A2: PREFEITURA MUNICIPAL DE CONCEIÇÃO DOS OUROS Rua Vasco Gusmão Martins, 108 - Centro, CEP 37690-000
A3: PLANILHA ORÇAMENTÁRIA DE CUSTOS
A4: MUNICÍPIO: CONCEIÇÃO DOS OUROS/MG
A5: OBRA: REFORMA DO CINE OUROS
A6: END.: AVENIDA CORONEL DOMINGOS ROSA, Nº. 45. CENTRO
A7: DATA: | B7: 46128 | P7: 0.8972
C8: 3 MEDIÇÃO - 13/03/2026 a 13/04/2026 | K8: BDI: | L8: 0.2644
A9: Item | B9: Código | C9: Descrição | D9: Unid. | E9: Quantidade Contratual | F9: Quantidade acumulada anterior | G9: Quantidade medida | H9: Quantidade acumulada | I9: Saldo quantitativos | J9: Custo Unitário (R$) | K9: Unitário com BDI (R$) | L9: Valor da medição | M9: Valor acumulado | N9: Saldo financeiro por item | P9: CUSTO UNITÁRIO (R$) | S9: 1 medição | T9: 2 medição | U9: soma | V9: contrato
C10: TOTAL | E10: 1015112.1 | G10: 1015112.1 | L10: =SUM(L11:L79) -> 42445.39 | M10: =SUM(M11:M79) -> 86657.904 | N10: =SUM(N11:N79)+0.01 -> 88042.1 | S10: 1015112.1 | T10: 1015112.1 | V10: 1015112.1
A12: 1 | C12: SERVIÇOS PRELIMINARES
A13: 1.1 | B13: ED-28427 | C13: FORNECIMENTO E COLOCAÇÃO DE PLACA DE OBRA EM CHAPA GALVANIZADA #26, ESP. 0,45MM, DIMENSÃO (3X1,5)M, PLOTADA COM ADESIVO VINÍLICO, AFIXADA COM REBITES 4,8X40MM, EM ESTRUTURA METÁLICA DE METALON 20X20MM, ESP. 1,25MM, INCLUSIVE SUPORTE EM EUCALIPTO AUTOCLAVADO PINTADO COM TINTA PVA DUAS (2) DEMÃOS | D13: un | E13: 1 | F13: =U13 -> 1 | H13: =F13+G13 -> 1 | I13: =E13-H13 -> 0 | J13: =P13*$P$7 -> 1055.3494 | K13: =ROUND(J13+(J13*$L$8),2) -> 1334.38 | L13: =ROUND(K13*G13,2) -> 0 | M13: =K13*H13 -> 1334.38 | N13: =ROUND(K13*I13,2) -> 0 | P13: 1176.27 | S13: 1 | U13: =SUM(S13:T13) -> 1 | V13: 1
A14: 2 | C14: VEDAÇÃO | L14: =ROUND(K14*G14,2) -> 0 | N14: =ROUND(K14*I14,2) -> 0 | U14: =SUM(S14:T14) -> 0
A15: 2.1 | B15: ED-28338 | C15: DEMOLIÇÃO MANUAL DE CONSTRUÇÃO EM ALVENARIAS DE VEDAÇÃO, COM ESPESSURA MÁXIMA DE 15CM, INCLUSIVE REMOÇÃO COM REAPROVEITAMENTO DE ESQUADRIAS, AFASTAMENTO E EMPILHAMENTO, EXCLUSIVE TRANSPORTE E RETIRADA DO MATERIAL DEMOLIDO/REMOVIDO NÃO REAPROVEITÁVEL | D15: M2 | E15: 188.56 | F15: =U15 -> 188.56 | H15: =F15+G15 -> 188.56 | I15: =E15-H15 -> 0 | J15: =P15*$P$7 -> 15.548476 | K15: =ROUND(J15+(J15*$L$8),2) -> 19.66 | L15: =ROUND(K15*G15,2) -> 0 | M15: =K15*H15 -> 3707.0896 | N15: =ROUND(K15*I15,2) -> 0 | P15: 17.33 | S15: =51.04+137.52 -> 188.56 | U15: =SUM(S15:T15) -> 188.56 | V15: 188.56
A16: 2.2 | B16: ED-48501 | C16: DEMOLIÇÃO MANUAL DE REBOCO OU EMBOÇO, COM ESPESSURA DE ATÉ 55MM, INCLUSIVE AFASTAMENTO E EMPILHAMENTO, EXCLUSIVE TRANSPORTE E RETIRADA DO MATERIAL DEMOLIDO | D16: M2 | E16: 188.56 | F16: =U16 -> 188.56 | H16: =F16+G16 -> 188.56 | I16: =E16-H16 -> 0 | J16: =P16*$P$7 -> 9.277048 | K16: =ROUND(J16+(J16*$L$8),2) -> 11.73 | L16: =ROUND(K16*G16,2) -> 0 | M16: =K16*H16 -> 2211.8088 | N16: =ROUND(K16*I16,2) -> 0 | P16: 10.34 | S16: 96.99 | T16: 91.57 | U16: =SUM(S16:T16) -> 188.56 | V16: 188.56
A17: 2.3 | B17: ED-48192 | C17: ALVENARIA DE VEDAÇÃO COM BLOCO DE CONCRETO, ESP. 14CM, PARA REVESTIMENTO, INCLUSIVE ARGAMASSA PARA ASSENTAMENTO | D17: M2 | E17: =((1.75+1.8)*2*3.1)+(4.3+3+3+2.45)*2.15+(31.5*1.85) -> 107.6975 | F17: =U17 -> 105.14 | G17: 2.5575 | H17: =F17+G17 -> 107.6975 | I17: =E17-H17 -> 0 | J17: =P17*$P$7 -> 58.81146 | K17: =ROUND(J17+(J17*$L$8),2) -> 74.36 | L17: =ROUND(K17*G17,2) -> 190.18 | M17: =K17*H17 -> 8008.3861 | N17: =ROUND(K17*I17,2) -> 0 | P17: 65.55 | S17: 4.98 | T17: =35.6+64.56 -> 100.16 | U17: =SUM(S17:T17) -> 105.14 | V17: =((1.75+1.8)*2*3.1)+(4.3+3+3+2.45)*2.15+(31.5*1.85) -> 107.6975
A18: 2.4 | B18: ED-48388 | C18: CINTA DE AMARRAÇÃO DE ALVENARIA COM BLOCO DE CONCRETO ESTRUTURAL, CANALETA TIPO "U", ESP. 14CM, (FBK 4, 5MPA), PARA REVESTIMENTO, INCLUSIVE ARGAMASSA PARA ASSENTAMENTO, EXCLUSIVE GRAUTE E ARMAÇÃO | D18: M | E18: =((1.75+1.8)*2)+(4.3+3+3+2.45)+60 -> 79.85 | F18: =U18 -> 79.85 | H18: =F18+G18 -> 79.85 | I18: =E18-H18 -> 0 | J18: =P18*$P$7 -> 19.280828 | K18: =ROUND(J18+(J18*$L$8),2) -> 24.38 | L18: =ROUND(K18*G18,2) -> 0 | M18: =K18*H18 -> 1946.743 | N18: =ROUND(K18*I18,2) -> 0 | P18: 21.49 | T18: =9.7+70.15 -> 79.85 | U18: =SUM(S18:T18) -> 79.85 | V18: 79.85
A19: 2.5 | B19: ED-50761 | C19: REBOCO COM ARGAMASSA, TRAÇO 1:2:8 (CIMENTO, CAL E AREIA) , ESP. 20MM, APLICAÇÃO MANUAL, INCLUSIVE ARGAMASSA COM PREPARO MECANIZADO, EXCLUSIVE CHAPISCO | D19: M2 | E19: 188.56 | F19: =U19 -> 188.56 | H19: =F19+G19 -> 188.56 | I19: =E19-H19 -> 0 | J19: =P19*$P$7 -> 33.15154 | K19: =ROUND(J19+(J19*$L$8),2) -> 41.92 | L19: =ROUND(K19*G19,2) -> 0 | M19: =K19*H19 -> 7904.4352 | N19: =ROUND(K19*I19,2) -> 0 | P19: 36.95 | S19: 73.96 | T19: 114.6 | U19: =SUM(S19:T19) -> 188.56 | V19: 188.56
A20: 3 | C20: COBERTURA | U20: =SUM(S20:T20) -> 0
A21: 3.1 | B21: ED-20603 | C21: FORNECIMENTO DE ESTRUTURA METÁLICA E ENGRADAMENTO METÁLICO, EM AÇO, PARA TELHADO, EXCLUSIVE TELHA, INCLUSIVE FABRICAÇÃO, TRANSPORTE, MONTAGEM E APLICAÇÃO DE FUNDO PREPARADOR ANTICORROSIVO EM SUPERFÍCIE METÁLICA, UMA (1) DEMÃO | D21: KG | E21: 216 | F21: =U21 -> 0 | G21: 216 | H21: =F21+G21 -> 216 | I21: =E21-H21 -> 0 | J21: =P21*$P$7 -> 19.191108 | K21: =ROUND(J21+(J21*$L$8),2) -> 24.27 | L21: =ROUND(K21*G21,2) -> 5242.32 | M21: =K21*H21 -> 5242.32 | N21: =ROUND(K21*I21,2) -> 0 | P21: 21.39 | U21: =SUM(S21:T21) -> 0 | V21: 216
A22: 3.2 | B22: ED-20574 | C22: FORNECIMENTO DE ESTRUTURA METÁLICA E ENGRADAMENTO METÁLICO, EM AÇO PATINÁVEL, SOBRE LAJE PARA TELHA CERÂMICA, COBERTURA PADRÃO DO PRÉDIO ESCOLAR, EXCLUSIVE TELHA, INCLUSIVE FABRICAÇÃO, TRANSPORTE E MONTAGEM | D22: m2 | E22: 19.6 | F22: =U22 -> 0 | G22: 19.6 | H22: =F22+G22 -> 19.6 | I22: =E22-H22 -> 0 | J22: =P22*$P$7 -> 282.60006 | K22: =ROUND(J22+(J22*$L$8),2) -> 357.32 | L22: =ROUND(K22*G22,2) -> 7003.47 | M22: =K22*H22 -> 7003.472 | N22: =ROUND(K22*I22,2) -> 0 | P22: 314.98 | U22: =SUM(S22:T22) -> 0 | V22: 19.6
A23: 3.3 | B23: ED-48428 | C23: COBERTURA EM TELHA METÁLICA GALVANIZADA TRAPEZOIDAL, TIPO SIMPLES, ESP. 0,50MM, ACABAMENTO NATURAL, INCLUSIVE ACESSÓRIOS PARA FIXAÇÃO, FORNECIMENTO E INSTALAÇÃO | D23: M2 | E23: 19.6 | F23: =U23 -> 0 | G23: 19.6 | H23: =F23+G23 -> 19.6 | I23: =E23-H23 -> 0 | J23: =P23*$P$7 -> 96.35928 | K23: =ROUND(J23+(J23*$L$8),2) -> 121.84 | L23: =ROUND(K23*G23,2) -> 2388.06 | M23: =K23*H23 -> 2388.064 | N23: =ROUND(K23*I23,2) -> 0 | P23: 107.4 | U23: =SUM(S23:T23) -> 0 | V23: 19.6
A24: 3.4 | B24: ED-50678 | C24: RUFO E CONTRARRUFO EM CHAPA GALVANIZADA, ESP. 0,65MM (GSG-24), COM DESENVOLVIMENTO DE 33CM, INCLUSIVE IÇAMENTO MANUAL VERTICAL | D24: M | E24: 5.75 | F24: =U24 -> 0 | G24: 5.75 | H24: =F24+G24 -> 5.75 | I24: =E24-H24 -> 0 | J24: =P24*$P$7 -> 42.285036 | K24: =ROUND(J24+(J24*$L$8),2) -> 53.47 | L24: =ROUND(K24*G24,2) -> 307.45 | M24: =K24*H24 -> 307.4525 | N24: =ROUND(K24*I24,2) -> 0 | P24: 47.13 | U24: =SUM(S24:T24) -> 0 | V24: 5.75
A25: 3.5 | B25: ED-50663 | C25: CALHA EM CHAPA GALVANIZADA, ESP. 0,5MM (GSG-26), COM DESENVOLVIMENTO DE 50CM, INCLUSIVE IÇAMENTO MANUAL VERTICAL | D25: M | E25: 5.75 | F25: =U25 -> 0 | G25: 5.75 | H25: =F25+G25 -> 5.75 | I25: =E25-H25 -> 0 | J25: =P25*$P$7 -> 51.624888 | K25: =ROUND(J25+(J25*$L$8),2) -> 65.27 | L25: =ROUND(K25*G25,2) -> 375.3 | M25: =K25*H25 -> 375.3025 | N25: =ROUND(K25*I25,2) -> 0 | P25: 57.54 | U25: =SUM(S25:T25) -> 0 | V25: 5.75
A26: 3.6 | B26: ED-50668 | C26: CONDUTOR CIRCULAR DE ÁGUA PLUVIAL PARA TELHADO EM TUBO DE PVC, DIÂMETRO DE 100MM, INCLUSIVE CONEXÕES E SUPORTES | D26: M | E26: 6 | F26: =U26 -> 0 | G26: 6 | H26: =F26+G26 -> 6 | I26: =E26-H26 -> 0 | J26: =P26*$P$7 -> 76.899012 | K26: =ROUND(J26+(J26*$L$8),2) -> 97.23 | L26: =ROUND(K26*G26,2) -> 583.38 | M26: =K26*H26 -> 583.38 | N26: =ROUND(K26*I26,2) -> 0 | P26: 85.71 | U26: =SUM(S26:T26) -> 0 | V26: 6
A27: 4 | C27: INSTALAÇÃO HIDROSSANITÁRIA | U27: =SUM(S27:T27) -> 0
A28: 4.1 | B28: ED-48467 | C28: REMOÇÃO DE LOUÇAS (LAVATÓRIO, BANHEIRA, PIA, VASO SANITÁRIO, TANQUE), COM REAPROVEITAMENTO, INCLUSIVE AFASTAMENTO E EMPILHAMENTO, EXCLUSIVE TRANSPORTE E RETIRADA DO MATERIAL REMOVIDO NÃO REAPROVEITÁVEL | D28: Un. | E28: 6 | F28: =U28 -> 6 | H28: =F28+G28 -> 6 | I28: =E28-H28 -> 0 | J28: =P28*$P$7 -> 40.158672 | K28: =ROUND(J28+(J28*$L$8),2) -> 50.78 | L28: =ROUND(K28*G28,2) -> 0 | M28: =K28*H28 -> 304.68 | N28: =ROUND(K28*I28,2) -> 0 | P28: 44.76 | S28: 6 | U28: =SUM(S28:T28) -> 6 | V28: 6
A29: 4.2 | B29: ED-50223 | C29: PONTO DE EMBUTIR PARA ESGOTO EM TUBO PVC RÍGIDO, PB - SÉRIE NORMAL, DN 40MM (1.1/2"), EMBUTIDO NA ALVENARIA/PISO, COM ALTURA (SAÍDA) DE 50CM DO PISO, COM DISTÂNCIA DE ATÉ CINCO (5) METROS DO RAMAL DE ESGOTO, EXCLUSIVE ESCAVAÇÃO, INCLUSIVE CONEXÕES E FIXAÇÃO DO TUBO COM ENCHIMENTO DO RASGO NA ALVENARIA/CONCRETO COM ARGAMASSA (LAVATÓRIO) | D29: UN. | E29: 3 | F29: =U29 -> 3 | H29: =F29+G29 -> 3 | I29: =E29-H29 -> 0 | J29: =P29*$P$7 -> 149.42866 | K29: =ROUND(J29+(J29*$L$8),2) -> 188.94 | L29: =ROUND(K29*G29,2) -> 0 | M29: =K29*H29 -> 566.82 | N29: =ROUND(K29*I29,2) -> 0 | P29: 166.55 | T29: 3 | U29: =SUM(S29:T29) -> 3 | V29: 3
A30: 4.3 | B30: ED-50225 | C30: PONTO DE EMBUTIR PARA ESGOTO EM TUBO PVC RÍGIDO, PBV - SÉRIE NORMAL, DN 100MM (4"), EMBUTIDO EM PISO COM DISTÂNCIA DE ATÉ CINCO (5) METROS DO RAMAL DE ESGOTO, INCLUSIVE CONEXÕES E FIXAÇÃO DO TUBO COM ENCHIMENTO DO RASGO NO CONCRETO COM ARGAMASSA (VASO) | D30: UN. | E30: 3 | F30: =U30 -> 3 | H30: =F30+G30 -> 3 | I30: =E30-H30 -> 0 | J30: =P30*$P$7 -> 274.49834 | K30: =ROUND(J30+(J30*$L$8),2) -> 347.08 | L30: =ROUND(K30*G30,2) -> 0 | M30: =K30*H30 -> 1041.24 | N30: =ROUND(K30*I30,2) -> 0 | P30: 305.95 | T30: 3 | U30: =SUM(S30:T30) -> 3 | V30: 3
A31: 4.4 | B31: ED-50224 | C31: PONTO DE EMBUTIR PARA ESGOTO EM TUBO PVC RÍGIDO, PBV - SÉRIE NORMAL, DN 50MM (2"), EMBUTIDO EM PISO COM DISTÂNCIA DE ATÉ CINCO (5) METROS DO RAMAL DE ESGOTO, EXCLUSIVE ESCAVAÇÃO, INCLUSIVE CONEXÕES E FIXAÇÃO DO TUBO COM ENCHIMENTO DO RASGO NO CONCRETO COM ARGAMASSA (PIA E TANQUE) | D31: UN. | E31: 4 | F31: =U31 -> 4 | H31: =F31+G31 -> 4 | I31: =E31-H31 -> 0 | J31: =P31*$P$7 -> 196.7111 | K31: =ROUND(J31+(J31*$L$8),2) -> 248.72 | L31: =ROUND(K31*G31,2) -> 0 | M31: =K31*H31 -> 994.88 | N31: =ROUND(K31*I31,2) -> 0 | P31: 219.25 | T31: 4 | U31: =SUM(S31:T31) -> 4 | V31: 4
A32: 4.5 | B32: ED-50011 | C32: CAIXA SIFONADA EM PVC COM GRELHA REDONDA 100 X 100 X 50 MM | D32: UN | E32: 4 | F32: =U32 -> 4 | H32: =F32+G32 -> 4 | I32: =E32-H32 -> 0 | J32: =P32*$P$7 -> 61.512032 | K32: =ROUND(J32+(J32*$L$8),2) -> 77.78 | L32: =ROUND(K32*G32,2) -> 0 | M32: =K32*H32 -> 311.12 | N32: =ROUND(K32*I32,2) -> 0 | P32: 68.56 | T32: 4 | U32: =SUM(S32:T32) -> 4 | V32: 4
A33: 4.6 | B33: ED-50221 | C33: PONTO DE EMBUTIR PARA ÁGUA FRIA EM TUBO DE PVC RÍGIDO SOLDÁVEL, DN 20MM (1/2"), EMBUTIDO NA ALVENARIA COM DISTÂNCIA DE ATÉ CINCO (5) METROS DA TOMADA DE ÁGUA, INCLUSIVE CONEXÕES E FIXAÇÃO DO TUBO COM ENCHIMENTO DO RASGO NA ALVENARIA/CONCRETO COM ARGAMASSA | D33: UN | E33: 6 | F33: =U33 -> 6 | H33: =F33+G33 -> 6 | I33: =E33-H33 -> 0 | J33: =P33*$P$7 -> 123.63416 | K33: =ROUND(J33+(J33*$L$8),2) -> 156.32 | L33: =ROUND(K33*G33,2) -> 0 | M33: =K33*H33 -> 937.92 | N33: =ROUND(K33*I33,2) -> 0 | P33: 137.8 | T33: 6 | U33: =SUM(S33:T33) -> 6 | V33: 6
A34: 4.7 | B34: ED-49936 | C34: CAIXA D'ÁGUA DE POLIETILENO, CAPACIDADE DE 1.000L, INCLUSIVE TAMPA, TORNEIRA DE BOIA, EXTRAVASOR, TUBO DE LIMPEZA E ACESSÓRIOS, EXCLUSIVE TUBULAÇÃO DE ENTRADA/ SAÍDA DE ÁGUA | D34: UN | E34: 1 | F34: =U34 -> 1 | H34: =F34+G34 -> 1 | I34: =E34-H34 -> 0 | J34: =P34*$P$7 -> 800.02427 | K34: =ROUND(J34+(J34*$L$8),2) -> 1011.55 | L34: =ROUND(K34*G34,2) -> 0 | M34: =K34*H34 -> 1011.55 | N34: =ROUND(K34*I34,2) -> 0 | P34: 891.69 | T34: 1 | U34: =SUM(S34:T34) -> 1 | V34: 1
A35: 4.8 | B35: ED-49844 | C35: ADAPTADOR SOLDÁVEL DE PVC MARROM COM FLANGES E ANEL PARA CAIXA DÁGUA Ø 20 MM X 1/2" | D35: UN | E35: 4 | F35: =U35 -> 4 | H35: =F35+G35 -> 4 | I35: =E35-H35 -> 0 | J35: =P35*$P$7 -> 18.177272 | K35: =ROUND(J35+(J35*$L$8),2) -> 22.98 | L35: =ROUND(K35*G35,2) -> 0 | M35: =K35*H35 -> 91.92 | N35: =ROUND(K35*I35,2) -> 0 | P35: 20.26 | T35: 4 | U35: =SUM(S35:T35) -> 4 | V35: 4
A36: 4.9 | B36: ED-49848 | C36: ADAPTADOR SOLDÁVEL DE PVC MARROM COM FLANGES E ANEL PARA CAIXA DÁGUA Ø 50 MM X 1 1/2" | D36: UN | E36: 4 | F36: =U36 -> 4 | H36: =F36+G36 -> 4 | I36: =E36-H36 -> 0 | J36: =P36*$P$7 -> 51.983768 | K36: =ROUND(J36+(J36*$L$8),2) -> 65.73 | L36: =ROUND(K36*G36,2) -> 0 | M36: =K36*H36 -> 262.92 | N36: =ROUND(K36*I36,2) -> 0 | P36: 57.94 | T36: 4 | U36: =SUM(S36:T36) -> 4 | V36: 4
A37: 4.10 | B37: ED-50304 | C37: TORNEIRA DE BOIA, TIPO ROSCÁVEL 3/4", EXCLUSIVE ADAPTADOR SOLDÁVEL DE PVC COM FLANGES E ANEL PARA CAIXA DÁGUA | D37: UN | E37: 4 | F37: =U37 -> 4 | H37: =F37+G37 -> 4 | I37: =E37-H37 -> 0 | J37: =P37*$P$7 -> 92.285992 | K37: =ROUND(J37+(J37*$L$8),2) -> 116.69 | L37: =ROUND(K37*G37,2) -> 0 | M37: =K37*H37 -> 466.76 | N37: =ROUND(K37*I37,2) -> 0 | P37: 102.86 | T37: 4 | U37: =SUM(S37:T37) -> 4 | V37: 4
A38: 4.11 | B38: ED-50029 | C38: FORNECIMENTO E ASSENTAMENTO DE TUBO PVC RÍGIDO, ESGOTO, PBV - SÉRIE NORMAL, DN 100 MM (4"), INCLUSIVE CONEXÕES | D38: M | E38: 18 | F38: =U38 -> 18 | H38: =F38+G38 -> 18 | I38: =E38-H38 -> 0 | J38: =P38*$P$7 -> 36.704452 | K38: =ROUND(J38+(J38*$L$8),2) -> 46.41 | L38: =ROUND(K38*G38,2) -> 0 | M38: =K38*H38 -> 835.38 | N38: =ROUND(K38*I38,2) -> 0 | P38: 40.91 | T38: 18 | U38: =SUM(S38:T38) -> 18 | V38: 18
A39: 4.12 | B39: ED-50031 | C39: FORNECIMENTO E ASSENTAMENTO DE TUBO PVC RÍGIDO, ESGOTO, PBV - SÉRIE NORMAL, DN 200 MM (8"), INCLUSIVE CONEXÕES | D39: M | E39: 36 | F39: =U39 -> 36 | H39: =F39+G39 -> 36 | I39: =E39-H39 -> 0 | J39: =P39*$P$7 -> 118.8162 | K39: =ROUND(J39+(J39*$L$8),2) -> 150.23 | L39: =ROUND(K39*G39,2) -> 0 | M39: =K39*H39 -> 5408.28 | N39: =ROUND(K39*I39,2) -> 0 | P39: 132.43 | T39: 36 | U39: =SUM(S39:T39) -> 36 | V39: 36
A40: 4.13 | B40: ED-50018 | C40: FORNECIMENTO E ASSENTAMENTO DE TUBO PVC RÍGIDO SOLDÁVEL, ÁGUA FRIA, DN 20 MM (1/2"), INCLUSIVE CONEXÕES | D40: M | E40: 18 | F40: =U40 -> 18 | H40: =F40+G40 -> 18 | I40: =E40-H40 -> 0 | J40: =P40*$P$7 -> 18.957836 | K40: =ROUND(J40+(J40*$L$8),2) -> 23.97 | L40: =ROUND(K40*G40,2) -> 0 | M40: =K40*H40 -> 431.46 | N40: =ROUND(K40*I40,2) -> 0 | P40: 21.13 | T40: 18 | U40: =SUM(S40:T40) -> 18 | V40: 18
A41: 4.14 | B41: ED-50019 | C41: FORNECIMENTO E ASSENTAMENTO DE TUBO PVC RÍGIDO SOLDÁVEL, ÁGUA FRIA, DN 25 MM (3/4") , INCLUSIVE CONEXÕES | D41: M | E41: 18 | F41: =U41 -> 18 | H41: =F41+G41 -> 18 | I41: =E41-H41 -> 0 | J41: =P41*$P$7 -> 20.886816 | K41: =ROUND(J41+(J41*$L$8),2) -> 26.41 | L41: =ROUND(K41*G41,2) -> 0 | M41: =K41*H41 -> 475.38 | N41: =ROUND(K41*I41,2) -> 0 | P41: 23.28 | T41: 18 | U41: =SUM(S41:T41) -> 18 | V41: 18
A42: 5 | C42: PISOS E AZULEJOS | F42: =U42 -> 0 | H42: =F42+G42 -> 0 | I42: =E42-H42 -> 0 | L42: =ROUND(K42*G42,2) -> 0 | M42: =K42*H42 -> 0 | N42: =ROUND(K42*I42,2) -> 0 | U42: =SUM(S42:T42) -> 0
A43: 5.1 | B43: ED-48502 | C43: DEMOLIÇÃO MANUAL DE REVESTIMENTO CERÂMICO, AZULEJO OU LADRILHO HIDRÁULICO, INCLUSIVE AFASTAMENTO E EMPILHAMENTO, EXCLUSIVE DEMOLIÇÃO DO REBOCO OU EMBOÇO, TRANSPORTE E RETIRADA DO MATERIAL DEMOLIDO | D43: m2 | E43: 188.56 | F43: =U43 -> 188.56 | H43: =F43+G43 -> 188.56 | I43: =E43-H43 -> 0 | J43: =P43*$P$7 -> 19.325688 | K43: =ROUND(J43+(J43*$L$8),2) -> 24.44 | L43: =ROUND(K43*G43,2) -> 0 | M43: =K43*H43 -> 4608.4064 | N43: =ROUND(K43*I43,2) -> 0 | P43: 21.54 | S43: =71.96+116.6 -> 188.56 | U43: =SUM(S43:T43) -> 188.56 | V43: 188.56
A44: 5.2 | B44: ED-9081 | C44: REVESTIMENTO COM CERÂMICA APLICADO EM PAREDE, ACABAMENTO ESMALTADO, AMBIENTE INTERNO/EXTERNO, PADRÃO EXTRA, DIMENSÃO DA PEÇA ATÉ 2025 CM2, PEI III, ASSENTAMENTO COM ARGAMASSA INDUSTRIALIZADA, INCLUSIVE REJUNTAMENTO | D44: M2 | E44: 188.56 | F44: =U44 -> 0 | G44: 158.56 | H44: =F44+G44 -> 158.56 | I44: =E44-H44 -> 30 | J44: =P44*$P$7 -> 64.10494 | K44: =ROUND(J44+(J44*$L$8),2) -> 81.05 | L44: =ROUND(K44*G44,2) -> 12851.29 | M44: =K44*H44 -> 12851.288 | N44: =ROUND(K44*I44,2) -> 2431.5 | P44: 71.45 | U44: =SUM(S44:T44) -> 0 | V44: 188.56
A45: 5.3 | B45: ED-50568 | C45: CONTRAPISO DESEMPENADO COM ARGAMASSA, TRAÇO 1:3 (CIMENTO E AREIA), ESP. 30MM, INCLUSIVE ARGAMASSA COM PREPARO MECANIZADO | D45: M2 | E45: 21.2 | F45: =U45 -> 0 | G45: 21.2 | H45: =F45+G45 -> 21.2 | I45: =E45-H45 -> 0 | J45: =P45*$P$7 -> 39.74596 | K45: =ROUND(J45+(J45*$L$8),2) -> 50.25 | L45: =ROUND(K45*G45,2) -> 1065.3 | M45: =K45*H45 -> 1065.3 | N45: =ROUND(K45*I45,2) -> 0 | P45: 44.3 | U45: =SUM(S45:T45) -> 0 | V45: 21.2
A46: 5.4 | B46: COT. | C46: PISO C/FORRAÇÃO TÊXTIL ( CARPETE E = 4mm a 5mm) | D46: m2 | E46: 221 | F46: =U46 -> 0 | H46: =F46+G46 -> 0 | I46: =E46-H46 -> 221 | J46: =P46*$P$7 -> 26.916 | K46: =ROUND(J46+(J46*$L$8),2) -> 34.03 | L46: =ROUND(K46*G46,2) -> 0 | M46: =K46*H46 -> 0 | N46: =ROUND(K46*I46,2) -> 7520.63 | P46: 30 | U46: =SUM(S46:T46) -> 0 | V46: 221
A47: 5.5 | B47: ED-50571 | C47: PISO EM CONCRETO PREPARADO EM OBRA COM BETONEIRA COM FCK DE 13,5MPA, SEM ARMAÇÃO, ACABAMENTO RÚSTICO, ESP. 8CM, INCLUSIVE FORNECIMENTO, LANÇAMENTO, ADENSAMENTO, SARRAFEAMENTO, EXCLUSIVE JUNTA DE DILATAÇÃO | D47: M2 | E47: 21.2 | F47: =U47 -> 21.2 | H47: =F47+G47 -> 21.2 | I47: =E47-H47 -> 0 | J47: =P47*$P$7 -> 80.380148 | K47: =ROUND(J47+(J47*$L$8),2) -> 101.63 | L47: =ROUND(K47*G47,2) -> 0 | M47: =K47*H47 -> 2154.556 | N47: =ROUND(K47*I47,2) -> 0 | P47: 89.59 | T47: 21.2 | U47: =SUM(S47:T47) -> 21.2 | V47: 21.2
A48: 6 | C48: ESQUADRIAS | F48: =U48 -> 0 | H48: =F48+G48 -> 0 | I48: =E48-H48 -> 0 | L48: =ROUND(K48*G48,2) -> 0 | M48: =K48*H48 -> 0 | N48: =ROUND(K48*I48,2) -> 0 | U48: =SUM(S48:T48) -> 0
A49: 6.1 | B49: ED-48497 | C49: REMOÇÃO MANUAL DE ESQUADRIA METÁLICA, COM REAPROVEITAMENTO, INCLUSIVE MARCO/ALIZAR/GUARNIÇÕES, AFASTAMENTO E EMPILHAMENTO, EXCLUSIVE TRANSPORTE E RETIRADA DO MATERIAL REMOVIDO NÃO REAPROVEITÁVEL | D49: m2 | E49: 15.5 | F49: =U49 -> 15.5 | H49: =F49+G49 -> 15.5 | I49: =E49-H49 -> 0 | J49: =P49*$P$7 -> 17.396708 | K49: =ROUND(J49+(J49*$L$8),2) -> 22 | L49: =ROUND(K49*G49,2) -> 0 | M49: =K49*H49 -> 341 | N49: =ROUND(K49*I49,2) -> 0 | P49: 19.39 | S49: 15.5 | U49: =SUM(S49:T49) -> 15.5 | V49: 15.5
A50: 6.2 | B50: ED-49592 | C50: MARCO DE MADEIRA, DIMENSÃO (90X210)CM, LARGURA DE 14CM, ACABAMENTO NATURAL PARA PINTURA/VERNIZ, INCLUSIVE ASSENTAMENTO, EXCLUSIVE FOLHA DE PORTA, FERRAGENS E PINTURA/VERNIZ | D50: UN | E50: 4 | F50: =U50 -> 0 | G50: 4 | H50: =F50+G50 -> 4 | I50: =E50-H50 -> 0 | J50: =P50*$P$7 -> 311.73214 | K50: =ROUND(J50+(J50*$L$8),2) -> 394.15 | L50: =ROUND(K50*G50,2) -> 1576.6 | M50: =K50*H50 -> 1576.6 | N50: =ROUND(K50*I50,2) -> 0 | P50: 347.45 | U50: =SUM(S50:T50) -> 0 | V50: 4
A51: 6.3 | B51: ED-49588 | C51: FOLHA DE PORTA EM MADEIRA, DIMENSÃO (90X210)CM, ACABAMENTO NATURAL PARA PINTURA/VERNIZ, TIPO PRANCHETA/SARRAFEADA, INCLUSIVE ASSENTAMENTO, EXCLUSIVE MARCO, FERRAGENS E PINTURA/VERNIZ | D51: UN | E51: 4 | F51: =U51 -> 0 | G51: 4 | H51: =F51+G51 -> 4 | I51: =E51-H51 -> 0 | J51: =P51*$P$7 -> 308.251 | K51: =ROUND(J51+(J51*$L$8),2) -> 389.75 | L51: =ROUND(K51*G51,2) -> 1559 | M51: =K51*H51 -> 1559 | N51: =ROUND(K51*I51,2) -> 0 | P51: 343.57 | U51: =SUM(S51:T51) -> 0 | V51: 4
A52: 6.4 | B52: ED-51159 | C52: VIDRO TEMPERADO TRANSPARENTE INCOLOR, ESP. 8MM, INCLUSIVE FIXAÇÃO E VEDAÇÃO COM GUARNIÇÃO/GAXETA DE BORRACHA NEOPRENE, FORNECIMENTO E INSTALAÇÃO, EXCLUSIVE CAIXILHO/PERFIL | D52: M2 | E52: 17.7 | F52: =U52 -> 0 | G52: 2.3 | I52: =E52-H52 -> 17.7 | J52: =P52*$P$7 -> 328.19576 | K52: =ROUND(J52+(J52*$L$8),2) -> 414.97 | L52: =ROUND(K52*G52,2) -> 954.43 | M52: =K52*H52 -> 0 | N52: =ROUND(K52*I52,2) -> 7344.97 | P52: 365.8 | U52: =SUM(S52:T52) -> 0 | V52: 17.7
A53: 6.5 | B53: ED-51160 | C53: VIDRO TEMPERADO TRANSPARENTE INCOLOR, ESP. 10MM, INCLUSIVE FIXAÇÃO E VEDAÇÃO COM GUARNIÇÃO/GAXETA DE BORRACHA NEOPRENE, FORNECIMENTO E INSTALAÇÃO, EXCLUSIVE CAIXILHO/PERFIL | D53: M2 | E53: 8 | F53: =U53 -> 0 | G53: 8 | H53: =F53+G53 -> 8 | I53: =E53-H53 -> 0 | J53: =P53*$P$7 -> 401.48803 | K53: =ROUND(J53+(J53*$L$8),2) -> 507.64 | L53: =ROUND(K53*G53,2) -> 4061.12 | M53: =K53*H53 -> 4061.12 | N53: =ROUND(K53*I53,2) -> 0 | P53: 447.49 | U53: =SUM(S53:T53) -> 0 | V53: 8
A54: 6.6 | B54: ED-49700 | C54: FECHADURA TIPO INTERNA (GORGE), GRAU DE SEGURANÇA MÉDIO, DISTÂNCIA DE BROCA 40MM, ACABAMENTO COM ESPELHO CROMADO E MAÇANETA MODELO ALAVANCA EM ZAMAC, INCLUSIVE ACESSÓRIOS PARA FIXAÇÃO E DUAS (2) CHAVES | D54: UN | E54: 4 | F54: =U54 -> 0 | G54: 4 | H54: =F54+G54 -> 4 | I54: =E54-H54 -> 0 | J54: =P54*$P$7 -> 101.90398 | K54: =ROUND(J54+(J54*$L$8),2) -> 128.85 | L54: =ROUND(K54*G54,2) -> 515.4 | M54: =K54*H54 -> 515.4 | N54: =ROUND(K54*I54,2) -> 0 | P54: 113.58 | U54: =SUM(S54:T54) -> 0 | V54: 4
A55: 6.7 | B55: ED-49697 | C55: DOBRADIÇA DE FERRO, MEDIDAS (3"X2.1/2"), TIPO PINO SOLTO COM BOLA, ACABAMENTO CROMADO, INCLUSIVE ACESSÓRIOS PARA FIXAÇÃO | D55: UN | E55: 12 | F55: =U55 -> 0 | G55: 12 | H55: =F55+G55 -> 12 | I55: =E55-H55 -> 0 | J55: =P55*$P$7 -> 21.550744 | K55: =ROUND(J55+(J55*$L$8),2) -> 27.25 | L55: =ROUND(K55*G55,2) -> 327 | M55: =K55*H55 -> 327 | N55: =ROUND(K55*I55,2) -> 0 | P55: 24.02 | U55: =SUM(S55:T55) -> 0 | V55: 12
A56: 7 | C56: PINTURA | U56: =SUM(S56:T56) -> 0
A57: 7.1 | B57: COT. | C57: PREPARAÇÃO, LIXAMENTO PARA APLICAÇÃO DO SINTECO | D57: M2 | E57: 255 | F57: =U57 -> 0 | H57: =F57+G57 -> 0 | I57: =E57-H57 -> 255 | J57: =P57*$P$7 -> 17.558204 | K57: =ROUND(J57+(J57*$L$8),2) -> 22.2 | L57: =ROUND(K57*G57,2) -> 0 | M57: =K57*H57 -> 0 | N57: =ROUND(K57*I57,2) -> 5661 | P57: 19.57 | Q57: =15*17 -> 255 | U57: =SUM(S57:T57) -> 0 | V57: 255
A58: 7.2 | B58: COT. | C58: SINTECO SOBRE PISO DE MADEIRA | D58: M2 | E58: 255 | F58: =U58 -> 0 | H58: =F58+G58 -> 0 | I58: =E58-H58 -> 255 | J58: =P58*$P$7 -> 30.10106 | K58: =ROUND(J58+(J58*$L$8),2) -> 38.06 | L58: =ROUND(K58*G58,2) -> 0 | M58: =K58*H58 -> 0 | N58: =ROUND(K58*I58,2) -> 9705.3 | P58: 33.55 | U58: =SUM(S58:T58) -> 0 | V58: 255
A59: 7.3 | B59: ED-50451 | C59: PINTURA ACRÍLICA EM PAREDE, DUAS (2) DEMÃOS, COM APLICAÇÃO MANUAL, EXCLUSIVE SELADOR ACRÍLICO E MASSA ACRÍLICA/CORRIDA (PVA) | D59: M2 | E59: 21.2 | F59: =U59 -> 0 | H59: =F59+G59 -> 0 | I59: =E59-H59 -> 21.2 | J59: =P59*$P$7 -> 13.897628 | K59: =ROUND(J59+(J59*$L$8),2) -> 17.57 | L59: =ROUND(K59*G59,2) -> 0 | M59: =K59*H59 -> 0 | N59: =ROUND(K59*I59,2) -> 372.48 | P59: 15.49 | U59: =SUM(S59:T59) -> 0 | V59: 21.2
A60: 7.4 | B60: ED-50498 | C60: PINTURA LÁTEX (PVA) EM PAREDE, DUAS (2) DEMÃOS, COM APLICAÇÃO MANUAL, EXCLUSIVE SELADOR ACRÍLICO E MASSA ACRÍLICA/CORRIDA (PVA) | D60: M2 | E60: 2374 | F60: =U60 -> 0 | H60: =F60+G60 -> 0 | I60: =E60-H60 -> 2374 | J60: =P60*$P$7 -> 14.229592 | K60: =ROUND(J60+(J60*$L$8),2) -> 17.99 | L60: =ROUND(K60*G60,2) -> 0 | M60: =K60*H60 -> 0 | N60: =ROUND(K60*I60,2) -> 42708.26 | P60: 15.86 | U60: =SUM(S60:T60) -> 0 | V60: 2374
A61: 7.5 | B61: ED-50514 | C61: PREPARAÇÃO PARA EMASSAMENTO OU PINTURA (LÁTEX/ ACRÍLICA) EM PAREDE, INCLUSIVE UMA (1) DEMÃO DE SELADOR ACRÍLICO | D61: M2 | E61: 21.2 | F61: =U61 -> 0 | H61: =F61+G61 -> 0 | I61: =E61-H61 -> 21.2 | J61: =P61*$P$7 -> 6.432924 | K61: =ROUND(J61+(J61*$L$8),2) -> 8.13 | L61: =ROUND(K61*G61,2) -> 0 | M61: =K61*H61 -> 0 | N61: =ROUND(K61*I61,2) -> 172.36 | P61: 7.17 | U61: =SUM(S61:T61) -> 0 | V61: 21.2
A62: 8 | C62: INSTALAÇÃO ELÉTRICA | U62: =SUM(S62:T62) -> 0
A63: 8.1 | B63: ED-13338 | C63: LUMINÁRIA COMERCIAL CHANFRADA DE SOBREPOR COMPLETA, PARA DUAS (2) LÂMPADAS TUBULARES LED 2X18W-ØT8, TEMPERATURA DA COR 6500K, FORNECIMENTO E INSTALAÇÃO, INCLUSIVE BASE E LÂMPADAS | D63: UN | E63: 7 | F63: =U63 -> 0 | G63: 6 | H63: =F63+G63 -> 6 | I63: =E63-H63 -> 1 | J63: =P63*$P$7 -> 155.00027 | K63: =ROUND(J63+(J63*$L$8),2) -> 195.98 | L63: =ROUND(K63*G63,2) -> 1175.88 | M63: =K63*H63 -> 1175.88 | N63: =ROUND(K63*I63,2) -> 195.98 | P63: 172.76 | U63: =SUM(S63:T63) -> 0 | V63: 7
A64: 8.2 | B64: ED-48951 | C64: CABO DE COBRE FLEXÍVEL, CLASSE 5, ISOLAMENTO TIPO LSHF/ ATOX, NÃO HALOGENADO, ANTICHAMA, TERMOPLÁSTICO, UNIPOLAR, SEÇÃO 2,5 MM2, 70°C, 450/750V | D64: M | E64: 100 | F64: =U64 -> 0 | G64: 100 | H64: =F64+G64 -> 100 | I64: =E64-H64 -> 0 | J64: =P64*$P$7 -> 3.72338 | K64: =ROUND(J64+(J64*$L$8),2) -> 4.71 | L64: =ROUND(K64*G64,2) -> 471 | M64: =K64*H64 -> 471 | N64: =ROUND(K64*I64,2) -> 0 | P64: 4.15 | U64: =SUM(S64:T64) -> 0 | V64: 100
A65: 8.3 | B65: ED-48961 | C65: CABO DE COBRE FLEXÍVEL, CLASSE 5, ISOLAMENTO TIPO LSHF/ ATOX, NÃO HALOGENADO, ANTICHAMA, TERMOPLÁSTICO, UNIPOLAR, SEÇÃO 6 MM2, 70°C, 450/750V | D65: M | E65: 100 | F65: =U65 -> 0 | H65: =F65+G65 -> 0 | I65: =E65-H65 -> 100 | J65: =P65*$P$7 -> 6.809748 | K65: =ROUND(J65+(J65*$L$8),2) -> 8.61 | L65: =ROUND(K65*G65,2) -> 0 | M65: =K65*H65 -> 0 | N65: =ROUND(K65*I65,2) -> 861 | P65: 7.59 | U65: =SUM(S65:T65) -> 0 | V65: 100
A66: 8.4 | B66: ED-15748 | C66: CONJUNTO DE UMA (1) TOMADA PADRÃO, TRÊS (3) POLOS, CORRENTE 10A, TENSÃO 250V, (2P+T/10A-250V), COM PLACA 4"X2" DE UM (1) POSTO, INCLUSIVE FORNECIMENTO, INSTALAÇÃO, SUPORTE, MÓDULO E PLACA | D66: UN | E66: 8 | F66: =U66 -> 0 | G66: 1 | H66: =F66+G66 -> 1 | I66: =E66-H66 -> 7 | J66: =P66*$P$7 -> 24.726832 | K66: =ROUND(J66+(J66*$L$8),2) -> 31.26 | L66: =ROUND(K66*G66,2) -> 31.26 | M66: =K66*H66 -> 31.26 | N66: =ROUND(K66*I66,2) -> 218.82 | P66: 27.56 | U66: =SUM(S66:T66) -> 0 | V66: 8
A67: 8.5 | B67: ED-15740 | C67: CONJUNTO DE DOIS (2) INTERRUPTORES BIPOLAR SIMPLES, CORRENTE 10A, TENSÃO 250V, (10A-250V), COM PLACA 4"X2" DE DOIS (2) POSTOS, INCLUSIVE FORNECIMENTO, INSTALAÇÃO, SUPORTE, MÓDULO E PLACA | D67: UN | E67: 4 | F67: =U67 -> 0 | G67: 4 | H67: =F67+G67 -> 4 | I67: =E67-H67 -> 0 | J67: =P67*$P$7 -> 60.96474 | K67: =ROUND(J67+(J67*$L$8),2) -> 77.08 | L67: =ROUND(K67*G67,2) -> 308.32 | M67: =K67*H67 -> 308.32 | N67: =ROUND(K67*I67,2) -> 0 | P67: 67.95 | U67: =SUM(S67:T67) -> 0 | V67: 4
A68: 8.6 | B68: ED-14181 | C68: QUADRO DE DISTRIBUIÇÃO DE EMBUTIR EM PVC, PARA 12 DISJUNTORES DIN, INCLUSIVE BARRAMENTOS NEUTRO/TERRA, EXCLUSIVE BARRAMENTO DE FASE | D68: UN | E68: 1 | F68: =U68 -> 0 | H68: =F68+G68 -> 0 | I68: =E68-H68 -> 1 | J68: =P68*$P$7 -> 156.37299 | K68: =ROUND(J68+(J68*$L$8),2) -> 197.72 | L68: =ROUND(K68*G68,2) -> 0 | M68: =K68*H68 -> 0 | N68: =ROUND(K68*I68,2) -> 197.72 | P68: 174.29 | U68: =SUM(S68:T68) -> 0 | V68: 1
A69: 8.7 | B69: ED-34464 | C69: DISJUNTOR MONOPOLAR TIPO DIN, CORRENTE NOMINAL DE 32A, FORNECIMENTO E INSTALAÇÃO, INCLUSIVE TERMINAL ILHÓS | D69: UN | E69: 2 | F69: =U69 -> 0 | H69: =F69+G69 -> 0 | I69: =E69-H69 -> 2 | J69: =P69*$P$7 -> 17.073716 | K69: =ROUND(J69+(J69*$L$8),2) -> 21.59 | L69: =ROUND(K69*G69,2) -> 0 | M69: =K69*H69 -> 0 | N69: =ROUND(K69*I69,2) -> 43.18 | P69: 19.03 | U69: =SUM(S69:T69) -> 0 | V69: 2
A70: 8.8 | B70: ED-34479 | C70: DISJUNTOR BIPOLAR TIPO DIN, CORRENTE NOMINAL DE 50A, FORNECIMENTO E INSTALAÇÃO, INCLUSIVE TERMINAL ILHÓS | D70: UN | E70: 2 | F70: =U70 -> 0 | H70: =F70+G70 -> 0 | I70: =E70-H70 -> 2 | J70: =P70*$P$7 -> 35.48426 | K70: =ROUND(J70+(J70*$L$8),2) -> 44.87 | L70: =ROUND(K70*G70,2) -> 0 | M70: =K70*H70 -> 0 | N70: =ROUND(K70*I70,2) -> 89.74 | P70: 39.55 | U70: =SUM(S70:T70) -> 0 | V70: 2
A71: 9 | C71: LOUÇAS E METAIS | U71: =SUM(S71:T71) -> 0
A72: 9.1 | B72: ED-50297 | C72: BACIA SANITÁRIA (VASO) DE LOUÇA COM CAIXA ACOPLADA, COR BRANCA, INCLUSIVE ACESSÓRIOS DE FIXAÇÃO/VEDAÇÃO, ENGATE FLEXÍVEL METÁLICO E REJUNTAMENTO, EXCLUSIVE ASSENTO | D72: UN | E72: 3 | F72: =U72 -> 0 | H72: =F72+G72 -> 0 | I72: =E72-H72 -> 3 | J72: =P72*$P$7 -> 509.4481 | K72: =ROUND(J72+(J72*$L$8),2) -> 644.15 | L72: =ROUND(K72*G72,2) -> 0 | M72: =K72*H72 -> 0 | N72: =ROUND(K72*I72,2) -> 1932.45 | P72: 567.82 | U72: =SUM(S72:T72) -> 0 | V72: 3
A73: 9.2 | B73: ED-50329 | C73: TORNEIRA METÁLICA PARA LAVATÓRIO, FECHAMENTO AUTOMÁTICO, ACABAMENTO CROMADO, COM AREJADOR, APLICAÇÃO DE MESA, INCLUSIVE ENGATE FLEXÍVEL METÁLICO | D73: UN | E73: 3 | F73: =U73 -> 0 | H73: =F73+G73 -> 0 | I73: =E73-H73 -> 3 | J73: =P73*$P$7 -> 198.58625 | K73: =ROUND(J73+(J73*$L$8),2) -> 251.09 | L73: =ROUND(K73*G73,2) -> 0 | M73: =K73*H73 -> 0 | N73: =ROUND(K73*I73,2) -> 753.27 | P73: 221.34 | U73: =SUM(S73:T73) -> 0 | V73: 3
A74: 9.3 | B74: ED-50286 | C74: MICTÓRIO SIFONADO DE LOUÇA BRANCA, INCLUSIVE ENGATE FLEXÍVEL, EXCLUSIVE VÁLVULA DE DESCARGA | D74: UN | E74: 2 | F74: =U74 -> 0 | H74: =F74+G74 -> 0 | I74: =E74-H74 -> 2 | J74: =P74*$P$7 -> 620.53044 | K74: =ROUND(J74+(J74*$L$8),2) -> 784.6 | L74: =ROUND(K74*G74,2) -> 0 | M74: =K74*H74 -> 0 | N74: =ROUND(K74*I74,2) -> 1569.2 | P74: 691.63 | U74: =SUM(S74:T74) -> 0 | V74: 2
A75: 9.4 | B75: ED-50348 | C75: VÁLVULA DE DESCARGA METÁLICA PARA MICTÓRIO COM FECHAMENTO AUTOMÁTICO, EXCLUSIVE MICTÓRIO | D75: UN | E75: 2 | F75: =U75 -> 0 | H75: =F75+G75 -> 0 | I75: =E75-H75 -> 2 | J75: =P75*$P$7 -> 223.39383 | K75: =ROUND(J75+(J75*$L$8),2) -> 282.46 | L75: =ROUND(K75*G75,2) -> 0 | M75: =K75*H75 -> 0 | N75: =ROUND(K75*I75,2) -> 564.92 | P75: 248.99 | U75: =SUM(S75:T75) -> 0 | V75: 2
A76: 9.5 | B76: ED-48344 | C76: BANCADA EM GRANITO CINZA ANDORINHA E = 3 CM, APOIADA EM ALVENARIA | D76: M2 | E76: 3 | F76: =U76 -> 0 | H76: =F76+G76 -> 0 | I76: =E76-H76 -> 3 | J76: =P76*$P$7 -> 324.71462 | K76: =ROUND(J76+(J76*$L$8),2) -> 410.57 | L76: =ROUND(K76*G76,2) -> 0 | M76: =K76*H76 -> 0 | N76: =ROUND(K76*I76,2) -> 1231.71 | P76: 361.92 | U76: =SUM(S76:T76) -> 0 | V76: 3
A77: 9.6 | B77: ED-50277 | C77: CUBA EM AÇO INOXIDÁVEL DE EMBUTIR, AISI 304, APLICAÇÃO PARA PIA (465X330X115MM), NÚMERO 1, ASSENTAMENTO EM BANCADA, INCLUSIVE VÁLVULA DE ESCOAMENTO DE METAL COM ACABAMENTO CROMADO, SIFÃO DE METAL TIPO COPO COM ACABAMENTO CROMADO | D77: UN | E77: 3 | F77: =U77 -> 0 | G77: 3 | H77: =F77+G77 -> 3 | I77: =E77-H77 -> 0 | J77: =P77*$P$7 -> 384.53992 | K77: =ROUND(J77+(J77*$L$8),2) -> 486.21 | L77: =ROUND(K77*G77,2) -> 1458.63 | M77: =K77*H77 -> 1458.63 | N77: =ROUND(K77*I77,2) -> 0 | P77: 428.6 | U77: =SUM(S77:T77) -> 0 | V77: 3
A78: 10 | C78: LIMPEZA | F78: =U78 -> 0 | H78: =F78+G78 -> 0 | I78: =E78-H78 -> 0 | L78: =ROUND(K78*G78,2) -> 0 | M78: =K78*H78 -> 0 | N78: =ROUND(K78*I78,2) -> 0 | U78: =SUM(S78:T78) -> 0
A79: 10.1 | B79: ED-50266 | C79: LIMPEZA FINAL PARA ENTREGA DA OBRA | D79: M2 | E79: 510 | F79: =U79 -> 0 | H79: =F79+G79 -> 0 | I79: =E79-H79 -> 510 | J79: =P79*$P$7 -> 6.926384 | K79: =ROUND(J79+(J79*$L$8),2) -> 8.76 | L79: =ROUND(K79*G79,2) -> 0 | M79: =K79*H79 -> 0 | N79: =ROUND(K79*I79,2) -> 4467.6 | P79: 7.72 | U79: =SUM(S79:T79) -> 0 | V79: 510
C85: AMPLAMINAS ENGENHARIA LTDA
C86: RENATA APARECIDA FIGUEIREDO SOARES - ENGENHEIRA CIVIL - CREA: 80.591/D

Sheet 2 medição
A2: PREFEITURA MUNICIPAL DE CONCEIÇÃO DOS OUROS Rua Vasco Gusmão Martins, 108 - Centro, CEP 37690-000
A3: PLANILHA ORÇAMENTÁRIA DE CUSTOS
A4: MUNICÍPIO: CONCEIÇÃO DOS OUROS/MG
A5: OBRA: REFORMA DO CINE OUROS
A6: END.: AVENIDA CORONEL DOMINGOS ROSA, Nº. 45. CENTRO
A7: DATA: | B7: 46097 | J7: 0.8972
C8: 1 MEDIÇÃO - 13/01/2026 a 13/02/2026 | G8: BDI: | H8: 0.2644
A9: ITEM | B9: CÓDIGO | C9: DESCRIÇÃO | D9: UNID | E9: QUANT | F9: CUSTO UNITÁRIO (R$) | G9: UNITÁRIO COM BDI (R$) | H9: VALOR TOTAL COM BDI (R$) | J9: CUSTO UNITÁRIO (R$) | M9: 1 medição | O9: contrato
C10: TOTAL | E10: 1015112.1 | H10: =ROUND(H11,2) -> 30262.98 | M10: 1015112.1 | O10: 1015112.1
H11: =SUM(H12+H20+H27+H42+H48+H56+H62+H71+H78+H14) -> 30262.98
A12: 1 | C12: SERVIÇOS PRELIMINARES | H12: =SUM(H13:H13) -> 0
A13: 1.1 | B13: ED-28427 | C13: FORNECIMENTO E COLOCAÇÃO DE PLACA DE OBRA EM CHAPA GALVANIZADA #26, ESP. 0,45MM, DIMENSÃO (3X1,5)M, PLOTADA COM ADESIVO VINÍLICO, AFIXADA COM REBITES 4,8X40MM, EM ESTRUTURA METÁLICA DE METALON 20X20MM, ESP. 1,25MM, INCLUSIVE SUPORTE EM EUCALIPTO AUTOCLAVADO PINTADO COM TINTA PVA DUAS (2) DEMÃOS | D13: un | F13: =J13*$J$7 -> 1055.3494 | G13: =ROUND(F13+(F13*$H$8),2) -> 1334.38 | H13: =E13*G13 -> 0 | J13: 1176.27 | M13: 1 | O13: 1
A14: 2 | C14: VEDAÇÃO | H14: =SUM(H15:H19) -> 15272.79
A15: 2.1 | B15: ED-28338 | C15: DEMOLIÇÃO MANUAL DE CONSTRUÇÃO EM ALVENARIAS DE VEDAÇÃO, COM ESPESSURA MÁXIMA DE 15CM, INCLUSIVE REMOÇÃO COM REAPROVEITAMENTO DE ESQUADRIAS, AFASTAMENTO E EMPILHAMENTO, EXCLUSIVE TRANSPORTE E RETIRADA DO MATERIAL DEMOLIDO/REMOVIDO NÃO REAPROVEITÁVEL | D15: M2 | F15: =J15*$J$7 -> 15.548476 | G15: =ROUND(F15+(F15*$H$8),2) -> 19.66 | H15: =ROUND(E15*G15,2) -> 0 | J15: 17.33 | M15: =51.04+137.52 -> 188.56 | O15: 188.56
A16: 2.2 | B16: ED-48501 | C16: DEMOLIÇÃO MANUAL DE REBOCO OU EMBOÇO, COM ESPESSURA DE ATÉ 55MM, INCLUSIVE AFASTAMENTO E EMPILHAMENTO, EXCLUSIVE TRANSPORTE E RETIRADA DO MATERIAL DEMOLIDO | D16: M2 | E16: 91.57 | F16: =J16*$J$7 -> 9.277048 | G16: =ROUND(F16+(F16*$H$8),2) -> 11.73 | H16: =ROUND(E16*G16,2) -> 1074.12 | J16: 10.34 | M16: 96.99 | O16: 188.56
A17: 2.3 | B17: ED-48192 | C17: ALVENARIA DE VEDAÇÃO COM BLOCO DE CONCRETO, ESP. 14CM, PARA REVESTIMENTO, INCLUSIVE ARGAMASSA PARA ASSENTAMENTO | D17: M2 | E17: =35.6+64.56 -> 100.16 | F17: =J17*$J$7 -> 58.81146 | G17: =ROUND(F17+(F17*$H$8),2) -> 74.36 | H17: =ROUND(E17*G17,2) -> 7447.9 | J17: 65.55 | M17: 4.98 | O17: =((1.75+1.8)*2*3.1)+(4.3+3+3+2.45)*2.15+(31.5*1.85) -> 107.6975
A18: 2.4 | B18: ED-48388 | C18: CINTA DE AMARRAÇÃO DE ALVENARIA COM BLOCO DE CONCRETO ESTRUTURAL, CANALETA TIPO "U", ESP. 14CM, (FBK 4, 5MPA), PARA REVESTIMENTO, INCLUSIVE ARGAMASSA PARA ASSENTAMENTO, EXCLUSIVE GRAUTE E ARMAÇÃO | D18: M | E18: =9.7+70.15 -> 79.85 | F18: =J18*$J$7 -> 19.280828 | G18: =ROUND(F18+(F18*$H$8),2) -> 24.38 | H18: =ROUND(E18*G18,2) -> 1946.74 | J18: 21.49 | O18: 79.85
A19: 2.5 | B19: ED-50761 | C19: REBOCO COM ARGAMASSA, TRAÇO 1:2:8 (CIMENTO, CAL E AREIA) , ESP. 20MM, APLICAÇÃO MANUAL, INCLUSIVE ARGAMASSA COM PREPARO MECANIZADO, EXCLUSIVE CHAPISCO | D19: M2 | E19: 114.6 | F19: =J19*$J$7 -> 33.15154 | G19: =ROUND(F19+(F19*$H$8),2) -> 41.92 | H19: =ROUND(E19*G19,2) -> 4804.03 | J19: 36.95 | M19: 73.96 | O19: 188.56
A20: 3 | C20: COBERTURA | H20: =SUM(H21:H26) -> 0
A21: 3.1 | B21: ED-20603 | C21: FORNECIMENTO DE ESTRUTURA METÁLICA E ENGRADAMENTO METÁLICO, EM AÇO, PARA TELHADO, EXCLUSIVE TELHA, INCLUSIVE FABRICAÇÃO, TRANSPORTE, MONTAGEM E APLICAÇÃO DE FUNDO PREPARADOR ANTICORROSIVO EM SUPERFÍCIE METÁLICA, UMA (1) DEMÃO | D21: KG | F21: =J21*$J$7 -> 19.191108 | G21: =ROUND(F21+(F21*$H$8),2) -> 24.27 | H21: =ROUND(E21*G21,2) -> 0 | J21: 21.39 | O21: 216
A22: 3.2 | B22: ED-20574 | C22: FORNECIMENTO DE ESTRUTURA METÁLICA E ENGRADAMENTO METÁLICO, EM AÇO PATINÁVEL, SOBRE LAJE PARA TELHA CERÂMICA, COBERTURA PADRÃO DO PRÉDIO ESCOLAR, EXCLUSIVE TELHA, INCLUSIVE FABRICAÇÃO, TRANSPORTE E MONTAGEM | D22: m2 | F22: =J22*$J$7 -> 282.60006 | G22: =ROUND(F22+(F22*$H$8),2) -> 357.32 | H22: =ROUND(E22*G22,2) -> 0 | J22: 314.98 | O22: 19.6
A23: 3.3 | B23: ED-48428 | C23: COBERTURA EM TELHA METÁLICA GALVANIZADA TRAPEZOIDAL, TIPO SIMPLES, ESP. 0,50MM, ACABAMENTO NATURAL, INCLUSIVE ACESSÓRIOS PARA FIXAÇÃO, FORNECIMENTO E INSTALAÇÃO | D23: M2 | F23: =J23*$J$7 -> 96.35928 | G23: =ROUND(F23+(F23*$H$8),2) -> 121.84 | H23: =ROUND(E23*G23,2) -> 0 | J23: 107.4 | O23: 19.6
A24: 3.4 | B24: ED-50678 | C24: RUFO E CONTRARRUFO EM CHAPA GALVANIZADA, ESP. 0,65MM (GSG-24), COM DESENVOLVIMENTO DE 33CM, INCLUSIVE IÇAMENTO MANUAL VERTICAL | D24: M | F24: =J24*$J$7 -> 42.285036 | G24: =ROUND(F24+(F24*$H$8),2) -> 53.47 | H24: =ROUND(E24*G24,2) -> 0 | J24: 47.13 | O24: 5.75
A25: 3.5 | B25: ED-50663 | C25: CALHA EM CHAPA GALVANIZADA, ESP. 0,5MM (GSG-26), COM DESENVOLVIMENTO DE 50CM, INCLUSIVE IÇAMENTO MANUAL VERTICAL | D25: M | F25: =J25*$J$7 -> 51.624888 | G25: =ROUND(F25+(F25*$H$8),2) -> 65.27 | H25: =ROUND(E25*G25,2) -> 0 | J25: 57.54 | O25: 5.75
A26: 3.6 | B26: ED-50668 | C26: CONDUTOR CIRCULAR DE ÁGUA PLUVIAL PARA TELHADO EM TUBO DE PVC, DIÂMETRO DE 100MM, INCLUSIVE CONEXÕES E SUPORTES | D26: M | F26: =J26*$J$7 -> 76.899012 | G26: =ROUND(F26+(F26*$H$8),2) -> 97.23 | H26: =ROUND(E26*G26,2) -> 0 | J26: 85.71 | O26: 6
A27: 4 | C27: INSTALAÇÃO HIDROSSANITÁRIA | H27: =SUM(H28:H41) -> 12835.63
A28: 4.1 | B28: ED-48467 | C28: REMOÇÃO DE LOUÇAS (LAVATÓRIO, BANHEIRA, PIA, VASO SANITÁRIO, TANQUE), COM REAPROVEITAMENTO, INCLUSIVE AFASTAMENTO E EMPILHAMENTO, EXCLUSIVE TRANSPORTE E RETIRADA DO MATERIAL REMOVIDO NÃO REAPROVEITÁVEL | D28: Un. | F28: =J28*$J$7 -> 40.158672 | G28: =ROUND(F28+(F28*$H$8),2) -> 50.78 | H28: =ROUND(E28*G28,2) -> 0 | J28: 44.76 | M28: 6 | O28: 6
A29: 4.2 | B29: ED-50223 | C29: PONTO DE EMBUTIR PARA ESGOTO EM TUBO PVC RÍGIDO, PB - SÉRIE NORMAL, DN 40MM (1.1/2"), EMBUTIDO NA ALVENARIA/PISO, COM ALTURA (SAÍDA) DE 50CM DO PISO, COM DISTÂNCIA DE ATÉ CINCO (5) METROS DO RAMAL DE ESGOTO, EXCLUSIVE ESCAVAÇÃO, INCLUSIVE CONEXÕES E FIXAÇÃO DO TUBO COM ENCHIMENTO DO RASGO NA ALVENARIA/CONCRETO COM ARGAMASSA (LAVATÓRIO) | D29: UN. | E29: 3 | F29: =J29*$J$7 -> 149.42866 | G29: =ROUND(F29+(F29*$H$8),2) -> 188.94 | H29: =ROUND(E29*G29,2) -> 566.82 | J29: 166.55 | O29: 3
A30: 4.3 | B30: ED-50225 | C30: PONTO DE EMBUTIR PARA ESGOTO EM TUBO PVC RÍGIDO, PBV - SÉRIE NORMAL, DN 100MM (4"), EMBUTIDO EM PISO COM DISTÂNCIA DE ATÉ CINCO (5) METROS DO RAMAL DE ESGOTO, INCLUSIVE CONEXÕES E FIXAÇÃO DO TUBO COM ENCHIMENTO DO RASGO NO CONCRETO COM ARGAMASSA (VASO) | D30: UN. | E30: 3 | F30: =J30*$J$7 -> 274.49834 | G30: =ROUND(F30+(F30*$H$8),2) -> 347.08 | H30: =ROUND(E30*G30,2) -> 1041.24 | J30: 305.95 | O30: 3
A31: 4.4 | B31: ED-50224 | C31: PONTO DE EMBUTIR PARA ESGOTO EM TUBO PVC RÍGIDO, PBV - SÉRIE NORMAL, DN 50MM (2"), EMBUTIDO EM PISO COM DISTÂNCIA DE ATÉ CINCO (5) METROS DO RAMAL DE ESGOTO, EXCLUSIVE ESCAVAÇÃO, INCLUSIVE CONEXÕES E FIXAÇÃO DO TUBO COM ENCHIMENTO DO RASGO NO CONCRETO COM ARGAMASSA (PIA E TANQUE) | D31: UN. | E31: 4 | F31: =J31*$J$7 -> 196.7111 | G31: =ROUND(F31+(F31*$H$8),2) -> 248.72 | H31: =ROUND(E31*G31,2) -> 994.88 | J31: 219.25 | O31: 4
A32: 4.5 | B32: ED-50011 | C32: CAIXA SIFONADA EM PVC COM GRELHA REDONDA 100 X 100 X 50 MM | D32: UN | E32: 4 | F32: =J32*$J$7 -> 61.512032 | G32: =ROUND(F32+(F32*$H$8),2) -> 77.78 | H32: =ROUND(E32*G32,2) -> 311.12 | J32: 68.56 | O32: 4
A33: 4.6 | B33: ED-50221 | C33: PONTO DE EMBUTIR PARA ÁGUA FRIA EM TUBO DE PVC RÍGIDO SOLDÁVEL, DN 20MM (1/2"), EMBUTIDO NA ALVENARIA COM DISTÂNCIA DE ATÉ CINCO (5) METROS DA TOMADA DE ÁGUA, INCLUSIVE CONEXÕES E FIXAÇÃO DO TUBO COM ENCHIMENTO DO RASGO NA ALVENARIA/CONCRETO COM ARGAMASSA | D33: UN | E33: 6 | F33: =J33*$J$7 -> 123.63416 | G33: =ROUND(F33+(F33*$H$8),2) -> 156.32 | H33: =ROUND(E33*G33,2) -> 937.92 | J33: 137.8 | O33: 6
A34: 4.7 | B34: ED-49936 | C34: CAIXA D'ÁGUA DE POLIETILENO, CAPACIDADE DE 1.000L, INCLUSIVE TAMPA, TORNEIRA DE BOIA, EXTRAVASOR, TUBO DE LIMPEZA E ACESSÓRIOS, EXCLUSIVE TUBULAÇÃO DE ENTRADA/ SAÍDA DE ÁGUA | D34: UN | E34: 1 | F34: =J34*$J$7 -> 800.02427 | G34: =ROUND(F34+(F34*$H$8),2) -> 1011.55 | H34: =ROUND(E34*G34,2) -> 1011.55 | J34: 891.69 | O34: 1
A35: 4.8 | B35: ED-49844 | C35: ADAPTADOR SOLDÁVEL DE PVC MARROM COM FLANGES E ANEL PARA CAIXA DÁGUA Ø 20 MM X 1/2" | D35: UN | E35: 4 | F35: =J35*$J$7 -> 18.177272 | G35: =ROUND(F35+(F35*$H$8),2) -> 22.98 | H35: =ROUND(E35*G35,2) -> 91.92 | J35: 20.26 | O35: 4
A36: 4.9 | B36: ED-49848 | C36: ADAPTADOR SOLDÁVEL DE PVC MARROM COM FLANGES E ANEL PARA CAIXA DÁGUA Ø 50 MM X 1 1/2" | D36: UN | E36: 4 | F36: =J36*$J$7 -> 51.983768 | G36: =ROUND(F36+(F36*$H$8),2) -> 65.73 | H36: =ROUND(E36*G36,2) -> 262.92 | J36: 57.94 | O36: 4
A37: 4.10 | B37: ED-50304 | C37: TORNEIRA DE BOIA, TIPO ROSCÁVEL 3/4", EXCLUSIVE ADAPTADOR SOLDÁVEL DE PVC COM FLANGES E ANEL PARA CAIXA DÁGUA | D37: UN | E37: 4 | F37: =J37*$J$7 -> 92.285992 | G37: =ROUND(F37+(F37*$H$8),2) -> 116.69 | H37: =ROUND(E37*G37,2) -> 466.76 | J37: 102.86 | O37: 4
A38: 4.11 | B38: ED-50029 | C38: FORNECIMENTO E ASSENTAMENTO DE TUBO PVC RÍGIDO, ESGOTO, PBV - SÉRIE NORMAL, DN 100 MM (4"), INCLUSIVE CONEXÕES | D38: M | E38: 18 | F38: =J38*$J$7 -> 36.704452 | G38: =ROUND(F38+(F38*$H$8),2) -> 46.41 | H38: =ROUND(E38*G38,2) -> 835.38 | J38: 40.91 | O38: 18
A39: 4.12 | B39: ED-50031 | C39: FORNECIMENTO E ASSENTAMENTO DE TUBO PVC RÍGIDO, ESGOTO, PBV - SÉRIE NORMAL, DN 200 MM (8"), INCLUSIVE CONEXÕES | D39: M | E39: 36 | F39: =J39*$J$7 -> 118.8162 | G39: =ROUND(F39+(F39*$H$8),2) -> 150.23 | H39: =ROUND(E39*G39,2) -> 5408.28 | J39: 132.43 | O39: 36
A40: 4.13 | B40: ED-50018 | C40: FORNECIMENTO E ASSENTAMENTO DE TUBO PVC RÍGIDO SOLDÁVEL, ÁGUA FRIA, DN 20 MM (1/2"), INCLUSIVE CONEXÕES | D40: M | E40: 18 | F40: =J40*$J$7 -> 18.957836 | G40: =ROUND(F40+(F40*$H$8),2) -> 23.97 | H40: =ROUND(E40*G40,2) -> 431.46 | J40: 21.13 | O40: 18
A41: 4.14 | B41: ED-50019 | C41: FORNECIMENTO E ASSENTAMENTO DE TUBO PVC RÍGIDO SOLDÁVEL, ÁGUA FRIA, DN 25 MM (3/4") , INCLUSIVE CONEXÕES | D41: M | E41: 18 | F41: =J41*$J$7 -> 20.886816 | G41: =ROUND(F41+(F41*$H$8),2) -> 26.41 | H41: =ROUND(E41*G41,2) -> 475.38 | J41: 23.28 | O41: 18
A42: 5 | C42: PISOS E AZULEJOS | H42: =SUM(H43:H47) -> 2154.56
A43: 5.1 | B43: ED-48502 | C43: DEMOLIÇÃO MANUAL DE REVESTIMENTO CERÂMICO, AZULEJO OU LADRILHO HIDRÁULICO, INCLUSIVE AFASTAMENTO E EMPILHAMENTO, EXCLUSIVE DEMOLIÇÃO DO REBOCO OU EMBOÇO, TRANSPORTE E RETIRADA DO MATERIAL DEMOLIDO | D43: m2 | F43: =J43*$J$7 -> 19.325688 | G43: =ROUND(F43+(F43*$H$8),2) -> 24.44 | H43: =ROUND(E43*G43,2) -> 0 | J43: 21.54 | M43: =71.96+116.6 -> 188.56 | O43: 188.56
A44: 5.2 | B44: ED-9081 | C44: REVESTIMENTO COM CERÂMICA APLICADO EM PAREDE, ACABAMENTO ESMALTADO, AMBIENTE INTERNO/EXTERNO, PADRÃO EXTRA, DIMENSÃO DA PEÇA ATÉ 2025 CM2, PEI III, ASSENTAMENTO COM ARGAMASSA INDUSTRIALIZADA, INCLUSIVE REJUNTAMENTO | D44: M2 | F44: =J44*$J$7 -> 64.10494 | G44: =ROUND(F44+(F44*$H$8),2) -> 81.05 | H44: =ROUND(E44*G44,2) -> 0 | J44: 71.45 | O44: 188.56
A45: 5.3 | B45: ED-50568 | C45: CONTRAPISO DESEMPENADO COM ARGAMASSA, TRAÇO 1:3 (CIMENTO E AREIA), ESP. 30MM, INCLUSIVE ARGAMASSA COM PREPARO MECANIZADO | D45: M2 | F45: =J45*$J$7 -> 39.74596 | G45: =ROUND(F45+(F45*$H$8),2) -> 50.25 | H45: =ROUND(E45*G45,2) -> 0 | J45: 44.3 | O45: 21.2
A46: 5.4 | B46: COT. | C46: PISO C/FORRAÇÃO TÊXTIL ( CARPETE E = 4mm a 5mm) | D46: m2 | F46: =J46*$J$7 -> 26.916 | G46: =ROUND(F46+(F46*$H$8),2) -> 34.03 | H46: =ROUND(E46*G46,2) -> 0 | J46: 30 | O46: 221
A47: 5.5 | B47: ED-50571 | C47: PISO EM CONCRETO PREPARADO EM OBRA COM BETONEIRA COM FCK DE 13,5MPA, SEM ARMAÇÃO, ACABAMENTO RÚSTICO, ESP. 8CM, INCLUSIVE FORNECIMENTO, LANÇAMENTO, ADENSAMENTO, SARRAFEAMENTO, EXCLUSIVE JUNTA DE DILATAÇÃO | D47: M2 | E47: 21.2 | F47: =J47*$J$7 -> 80.380148 | G47: =ROUND(F47+(F47*$H$8),2) -> 101.63 | H47: =ROUND(E47*G47,2) -> 2154.56 | J47: 89.59 | O47: 21.2
A48: 6 | C48: ESQUADRIAS | H48: =SUM(H49:H55) -> 0
A49: 6.1 | B49: ED-48497 | C49: REMOÇÃO MANUAL DE ESQUADRIA METÁLICA, COM REAPROVEITAMENTO, INCLUSIVE MARCO/ALIZAR/GUARNIÇÕES, AFASTAMENTO E EMPILHAMENTO, EXCLUSIVE TRANSPORTE E RETIRADA DO MATERIAL REMOVIDO NÃO REAPROVEITÁVEL | D49: m2 | F49: =J49*$J$7 -> 17.396708 | G49: =ROUND(F49+(F49*$H$8),2) -> 22 | H49: =ROUND(E49*G49,2) -> 0 | J49: 19.39 | M49: 15.5 | O49: 15.5
A50: 6.2 | B50: ED-49592 | C50: MARCO DE MADEIRA, DIMENSÃO (90X210)CM, LARGURA DE 14CM, ACABAMENTO NATURAL PARA PINTURA/VERNIZ, INCLUSIVE ASSENTAMENTO, EXCLUSIVE FOLHA DE PORTA, FERRAGENS E PINTURA/VERNIZ | D50: UN | F50: =J50*$J$7 -> 311.73214 | G50: =ROUND(F50+(F50*$H$8),2) -> 394.15 | H50: =ROUND(E50*G50,2) -> 0 | J50: 347.45 | O50: 4
A51: 6.3 | B51: ED-49588 | C51: FOLHA DE PORTA EM MADEIRA, DIMENSÃO (90X210)CM, ACABAMENTO NATURAL PARA PINTURA/VERNIZ, TIPO PRANCHETA/SARRAFEADA, INCLUSIVE ASSENTAMENTO, EXCLUSIVE MARCO, FERRAGENS E PINTURA/VERNIZ | D51: UN | F51: =J51*$J$7 -> 308.251 | G51: =ROUND(F51+(F51*$H$8),2) -> 389.75 | H51: =ROUND(E51*G51,2) -> 0 | J51: 343.57 | O51: 4
A52: 6.4 | B52: ED-51159 | C52: VIDRO TEMPERADO TRANSPARENTE INCOLOR, ESP. 8MM, INCLUSIVE FIXAÇÃO E VEDAÇÃO COM GUARNIÇÃO/GAXETA DE BORRACHA NEOPRENE, FORNECIMENTO E INSTALAÇÃO, EXCLUSIVE CAIXILHO/PERFIL | D52: M2 | F52: =J52*$J$7 -> 328.19576 | G52: =ROUND(F52+(F52*$H$8),2) -> 414.97 | H52: =ROUND(E52*G52,2) -> 0 | J52: 365.8 | O52: 17.7
A53: 6.5 | B53: ED-51160 | C53: VIDRO TEMPERADO TRANSPARENTE INCOLOR, ESP. 10MM, INCLUSIVE FIXAÇÃO E VEDAÇÃO COM GUARNIÇÃO/GAXETA DE BORRACHA NEOPRENE, FORNECIMENTO E INSTALAÇÃO, EXCLUSIVE CAIXILHO/PERFIL | D53: M2 | F53: =J53*$J$7 -> 401.48803 | G53: =ROUND(F53+(F53*$H$8),2) -> 507.64 | H53: =ROUND(E53*G53,2) -> 0 | J53: 447.49 | O53: 8
A54: 6.6 | B54: ED-49700 | C54: FECHADURA TIPO INTERNA (GORGE), GRAU DE SEGURANÇA MÉDIO, DISTÂNCIA DE BROCA 40MM, ACABAMENTO COM ESPELHO CROMADO E MAÇANETA MODELO ALAVANCA EM ZAMAC, INCLUSIVE ACESSÓRIOS PARA FIXAÇÃO E DUAS (2) CHAVES | D54: UN | F54: =J54*$J$7 -> 101.90398 | G54: =ROUND(F54+(F54*$H$8),2) -> 128.85 | H54: =ROUND(E54*G54,2) -> 0 | J54: 113.58 | O54: 4
A55: 6.7 | B55: ED-49697 | C55: DOBRADIÇA DE FERRO, MEDIDAS (3"X2.1/2"), TIPO PINO SOLTO COM BOLA, ACABAMENTO CROMADO, INCLUSIVE ACESSÓRIOS PARA FIXAÇÃO | D55: UN | F55: =J55*$J$7 -> 21.550744 | G55: =ROUND(F55+(F55*$H$8),2) -> 27.25 | H55: =ROUND(E55*G55,2) -> 0 | J55: 24.02 | O55: 12
A56: 7 | C56: PINTURA | H56: =SUM(H57:H61) -> 0
A57: 7.1 | B57: COT. | C57: PREPARAÇÃO, LIXAMENTO PARA APLICAÇÃO DO SINTECO | D57: M2 | F57: =J57*$J$7 -> 17.558204 | G57: =ROUND(F57+(F57*$H$8),2) -> 22.2 | H57: =ROUND(E57*G57,2) -> 0 | J57: 19.57 | K57: =15*17 -> 255 | O57: 255
A58: 7.2 | B58: COT. | C58: SINTECO SOBRE PISO DE MADEIRA | D58: M2 | F58: =J58*$J$7 -> 30.10106 | G58: =ROUND(F58+(F58*$H$8),2) -> 38.06 | H58: =ROUND(E58*G58,2) -> 0 | J58: 33.55 | O58: 255
A59: 7.3 | B59: ED-50451 | C59: PINTURA ACRÍLICA EM PAREDE, DUAS (2) DEMÃOS, COM APLICAÇÃO MANUAL, EXCLUSIVE SELADOR ACRÍLICO E MASSA ACRÍLICA/CORRIDA (PVA) | D59: M2 | F59: =J59*$J$7 -> 13.897628 | G59: =ROUND(F59+(F59*$H$8),2) -> 17.57 | H59: =ROUND(E59*G59,2) -> 0 | J59: 15.49 | O59: 21.2
A60: 7.4 | B60: ED-50498 | C60: PINTURA LÁTEX (PVA) EM PAREDE, DUAS (2) DEMÃOS, COM APLICAÇÃO MANUAL, EXCLUSIVE SELADOR ACRÍLICO E MASSA ACRÍLICA/CORRIDA (PVA) | D60: M2 | F60: =J60*$J$7 -> 14.229592 | G60: =ROUND(F60+(F60*$H$8),2) -> 17.99 | H60: =ROUND(E60*G60,2) -> 0 | J60: 15.86 | O60: 2374
A61: 7.5 | B61: ED-50514 | C61: PREPARAÇÃO PARA EMASSAMENTO OU PINTURA (LÁTEX/ ACRÍLICA) EM PAREDE, INCLUSIVE UMA (1) DEMÃO DE SELADOR ACRÍLICO | D61: M2 | F61: =J61*$J$7 -> 6.432924 | G61: =ROUND(F61+(F61*$H$8),2) -> 8.13 | H61: =ROUND(E61*G61,2) -> 0 | J61: 7.17 | O61: 21.2
A62: 8 | C62: INSTALAÇÃO ELÉTRICA | H62: =SUM(H63:H70) -> 0
A63: 8.1 | B63: ED-13338 | C63: LUMINÁRIA COMERCIAL CHANFRADA DE SOBREPOR COMPLETA, PARA DUAS (2) LÂMPADAS TUBULARES LED 2X18W-ØT8, TEMPERATURA DA COR 6500K, FORNECIMENTO E INSTALAÇÃO, INCLUSIVE BASE E LÂMPADAS | D63: UN | F63: =J63*$J$7 -> 155.00027 | G63: =ROUND(F63+(F63*$H$8),2) -> 195.98 | H63: =ROUND(E63*G63,2) -> 0 | J63: 172.76 | O63: 7
A64: 8.2 | B64: ED-48951 | C64: CABO DE COBRE FLEXÍVEL, CLASSE 5, ISOLAMENTO TIPO LSHF/ ATOX, NÃO HALOGENADO, ANTICHAMA, TERMOPLÁSTICO, UNIPOLAR, SEÇÃO 2,5 MM2, 70°C, 450/750V | D64: M | F64: =J64*$J$7 -> 3.72338 | G64: =ROUND(F64+(F64*$H$8),2) -> 4.71 | H64: =ROUND(E64*G64,2) -> 0 | J64: 4.15 | O64: 100
A65: 8.3 | B65: ED-48961 | C65: CABO DE COBRE FLEXÍVEL, CLASSE 5, ISOLAMENTO TIPO LSHF/ ATOX, NÃO HALOGENADO, ANTICHAMA, TERMOPLÁSTICO, UNIPOLAR, SEÇÃO 6 MM2, 70°C, 450/750V | D65: M | F65: =J65*$J$7 -> 6.809748 | G65: =ROUND(F65+(F65*$H$8),2) -> 8.61 | H65: =ROUND(E65*G65,2) -> 0 | J65: 7.59 | O65: 100
A66: 8.4 | B66: ED-15748 | C66: CONJUNTO DE UMA (1) TOMADA PADRÃO, TRÊS (3) POLOS, CORRENTE 10A, TENSÃO 250V, (2P+T/10A-250V), COM PLACA 4"X2" DE UM (1) POSTO, INCLUSIVE FORNECIMENTO, INSTALAÇÃO, SUPORTE, MÓDULO E PLACA | D66: UN | F66: =J66*$J$7 -> 24.726832 | G66: =ROUND(F66+(F66*$H$8),2) -> 31.26 | H66: =ROUND(E66*G66,2) -> 0 | J66: 27.56 | O66: 8
A67: 8.5 | B67: ED-15740 | C67: CONJUNTO DE DOIS (2) INTERRUPTORES BIPOLAR SIMPLES, CORRENTE 10A, TENSÃO 250V, (10A-250V), COM PLACA 4"X2" DE DOIS (2) POSTOS, INCLUSIVE FORNECIMENTO, INSTALAÇÃO, SUPORTE, MÓDULO E PLACA | D67: UN | F67: =J67*$J$7 -> 60.96474 | G67: =ROUND(F67+(F67*$H$8),2) -> 77.08 | H67: =ROUND(E67*G67,2) -> 0 | J67: 67.95 | O67: 4
A68: 8.6 | B68: ED-14181 | C68: QUADRO DE DISTRIBUIÇÃO DE EMBUTIR EM PVC, PARA 12 DISJUNTORES DIN, INCLUSIVE BARRAMENTOS NEUTRO/TERRA, EXCLUSIVE BARRAMENTO DE FASE | D68: UN | F68: =J68*$J$7 -> 156.37299 | G68: =ROUND(F68+(F68*$H$8),2) -> 197.72 | H68: =ROUND(E68*G68,2) -> 0 | J68: 174.29 | O68: 1
A69: 8.7 | B69: ED-34464 | C69: DISJUNTOR MONOPOLAR TIPO DIN, CORRENTE NOMINAL DE 32A, FORNECIMENTO E INSTALAÇÃO, INCLUSIVE TERMINAL ILHÓS | D69: UN | F69: =J69*$J$7 -> 17.073716 | G69: =ROUND(F69+(F69*$H$8),2) -> 21.59 | H69: =ROUND(E69*G69,2) -> 0 | J69: 19.03 | O69: 2
A70: 8.8 | B70: ED-34479 | C70: DISJUNTOR BIPOLAR TIPO DIN, CORRENTE NOMINAL DE 50A, FORNECIMENTO E INSTALAÇÃO, INCLUSIVE TERMINAL ILHÓS | D70: UN | F70: =J70*$J$7 -> 35.48426 | G70: =ROUND(F70+(F70*$H$8),2) -> 44.87 | H70: =ROUND(E70*G70,2) -> 0 | J70: 39.55 | O70: 2
A71: 9 | C71: LOUÇAS E METAIS | H71: =SUM(H72:H77) -> 0
A72: 9.1 | B72: ED-50297 | C72: BACIA SANITÁRIA (VASO) DE LOUÇA COM CAIXA ACOPLADA, COR BRANCA, INCLUSIVE ACESSÓRIOS DE FIXAÇÃO/VEDAÇÃO, ENGATE FLEXÍVEL METÁLICO E REJUNTAMENTO, EXCLUSIVE ASSENTO | D72: UN | F72: =J72*$J$7 -> 509.4481 | G72: =ROUND(F72+(F72*$H$8),2) -> 644.15 | H72: =ROUND(E72*G72,2) -> 0 | J72: 567.82 | O72: 3
A73: 9.2 | B73: ED-50329 | C73: TORNEIRA METÁLICA PARA LAVATÓRIO, FECHAMENTO AUTOMÁTICO, ACABAMENTO CROMADO, COM AREJADOR, APLICAÇÃO DE MESA, INCLUSIVE ENGATE FLEXÍVEL METÁLICO | D73: UN | F73: =J73*$J$7 -> 198.58625 | G73: =ROUND(F73+(F73*$H$8),2) -> 251.09 | H73: =ROUND(E73*G73,2) -> 0 | J73: 221.34 | O73: 3
A74: 9.3 | B74: ED-50286 | C74: MICTÓRIO SIFONADO DE LOUÇA BRANCA, INCLUSIVE ENGATE FLEXÍVEL, EXCLUSIVE VÁLVULA DE DESCARGA | D74: UN | F74: =J74*$J$7 -> 620.53044 | G74: =ROUND(F74+(F74*$H$8),2) -> 784.6 | H74: =ROUND(E74*G74,2) -> 0 | J74: 691.63 | O74: 2
A75: 9.4 | B75: ED-50348 | C75: VÁLVULA DE DESCARGA METÁLICA PARA MICTÓRIO COM FECHAMENTO AUTOMÁTICO, EXCLUSIVE MICTÓRIO | D75: UN | F75: =J75*$J$7 -> 223.39383 | G75: =ROUND(F75+(F75*$H$8),2) -> 282.46 | H75: =ROUND(E75*G75,2) -> 0 | J75: 248.99 | O75: 2
A76: 9.5 | B76: ED-48344 | C76: BANCADA EM GRANITO CINZA ANDORINHA E = 3 CM, APOIADA EM ALVENARIA | D76: M2 | F76: =J76*$J$7 -> 324.71462 | G76: =ROUND(F76+(F76*$H$8),2) -> 410.57 | H76: =ROUND(E76*G76,2) -> 0 | J76: 361.92 | O76: 3
A77: 9.6 | B77: ED-50277 | C77: CUBA EM AÇO INOXIDÁVEL DE EMBUTIR, AISI 304, APLICAÇÃO PARA PIA (465X330X115MM), NÚMERO 1, ASSENTAMENTO EM BANCADA, INCLUSIVE VÁLVULA DE ESCOAMENTO DE METAL COM ACABAMENTO CROMADO, SIFÃO DE METAL TIPO COPO COM ACABAMENTO CROMADO | D77: UN | F77: =J77*$J$7 -> 384.53992 | G77: =ROUND(F77+(F77*$H$8),2) -> 486.21 | H77: =ROUND(E77*G77,2) -> 0 | J77: 428.6 | O77: 3
A78: 10 | C78: LIMPEZA | H78: =SUM(H79:H79) -> 0
A79: 10.1 | B79: ED-50266 | C79: LIMPEZA FINAL PARA ENTREGA DA OBRA | D79: M2 | F79: =J79*$J$7 -> 6.926384 | G79: =ROUND(F79+(F79*$H$8),2) -> 8.76 | H79: =ROUND(E79*G79,2) -> 0 | J79: 7.72 | O79: 510
C85: AMPLAMINAS ENGENHARIA LTDA
C86: RENATA APARECIDA FIGUEIREDO SOARES - ENGENHEIRA CIVIL - CREA: 80.591/D

Sheet 1 medição
A2: PREFEITURA MUNICIPAL DE CONCEIÇÃO DOS OUROS Rua Vasco Gusmão Martins, 108 - Centro, CEP 37690-000
A3: PLANILHA ORÇAMENTÁRIA DE CUSTOS
A4: MUNICÍPIO: CONCEIÇÃO DOS OUROS/MG
A5: OBRA: REFORMA DO CINE OUROS
A6: END.: AVENIDA CORONEL DOMINGOS ROSA, Nº. 45. CENTRO
A7: DATA: | B7: 46069 | J7: 0.8972
C8: 1 MEDIÇÃO - 13/012026 a 13/02/2026 | G8: BDI: | H8: 0.2644
A9: ITEM | B9: CÓDIGO | C9: DESCRIÇÃO | D9: UNID | E9: QUANT | F9: CUSTO UNITÁRIO (R$) | G9: UNITÁRIO COM BDI (R$) | H9: VALOR TOTAL COM BDI (R$) | J9: CUSTO UNITÁRIO (R$)
C10: TOTAL | E10: 1015112.1 | H10: =ROUND(H11,2) -> 14903.96
H11: =SUM(H12+H20+H27+H42+H48+H56+H62+H71+H78+H14) -> 14903.96
A12: 1 | C12: SERVIÇOS PRELIMINARES | H12: =SUM(H13:H13) -> 1334.38
A13: 1.1 | B13: ED-28427 | C13: FORNECIMENTO E COLOCAÇÃO DE PLACA DE OBRA EM CHAPA GALVANIZADA #26, ESP. 0,45MM, DIMENSÃO (3X1,5)M, PLOTADA COM ADESIVO VINÍLICO, AFIXADA COM REBITES 4,8X40MM, EM ESTRUTURA METÁLICA DE METALON 20X20MM, ESP. 1,25MM, INCLUSIVE SUPORTE EM EUCALIPTO AUTOCLAVADO PINTADO COM TINTA PVA DUAS (2) DEMÃOS | D13: un | E13: 1 | F13: =J13*$J$7 -> 1055.3494 | G13: =ROUND(F13+(F13*$H$8),2) -> 1334.38 | H13: =E13*G13 -> 1334.38 | J13: 1176.27
A14: 2 | C14: VEDAÇÃO | H14: =SUM(H15:H19) -> 8315.49
A15: 2.1 | B15: ED-28338 | C15: DEMOLIÇÃO MANUAL DE CONSTRUÇÃO EM ALVENARIAS DE VEDAÇÃO, COM ESPESSURA MÁXIMA DE 15CM, INCLUSIVE REMOÇÃO COM REAPROVEITAMENTO DE ESQUADRIAS, AFASTAMENTO E EMPILHAMENTO, EXCLUSIVE TRANSPORTE E RETIRADA DO MATERIAL DEMOLIDO/REMOVIDO NÃO REAPROVEITÁVEL | D15: M2 | E15: =51.04+137.52 -> 188.56 | F15: =J15*$J$7 -> 15.548476 | G15: =ROUND(F15+(F15*$H$8),2) -> 19.66 | H15: =ROUND(E15*G15,2) -> 3707.09 | J15: 17.33
A16: 2.2 | B16: ED-48501 | C16: DEMOLIÇÃO MANUAL DE REBOCO OU EMBOÇO, COM ESPESSURA DE ATÉ 55MM, INCLUSIVE AFASTAMENTO E EMPILHAMENTO, EXCLUSIVE TRANSPORTE E RETIRADA DO MATERIAL DEMOLIDO | D16: M2 | E16: 96.99 | F16: =J16*$J$7 -> 9.277048 | G16: =ROUND(F16+(F16*$H$8),2) -> 11.73 | H16: =ROUND(E16*G16,2) -> 1137.69 | J16: 10.34
A17: 2.3 | B17: ED-48192 | C17: ALVENARIA DE VEDAÇÃO COM BLOCO DE CONCRETO, ESP. 14CM, PARA REVESTIMENTO, INCLUSIVE ARGAMASSA PARA ASSENTAMENTO | D17: M2 | E17: 4.98 | F17: =J17*$J$7 -> 58.81146 | G17: =ROUND(F17+(F17*$H$8),2) -> 74.36 | H17: =ROUND(E17*G17,2) -> 370.31 | J17: 65.55
A18: 2.4 | B18: ED-48388 | C18: CINTA DE AMARRAÇÃO DE ALVENARIA COM BLOCO DE CONCRETO ESTRUTURAL, CANALETA TIPO "U", ESP. 14CM, (FBK 4, 5MPA), PARA REVESTIMENTO, INCLUSIVE ARGAMASSA PARA ASSENTAMENTO, EXCLUSIVE GRAUTE E ARMAÇÃO | D18: M | F18: =J18*$J$7 -> 19.280828 | G18: =ROUND(F18+(F18*$H$8),2) -> 24.38 | H18: =ROUND(E18*G18,2) -> 0 | J18: 21.49
A19: 2.5 | B19: ED-50761 | C19: REBOCO COM ARGAMASSA, TRAÇO 1:2:8 (CIMENTO, CAL E AREIA) , ESP. 20MM, APLICAÇÃO MANUAL, INCLUSIVE ARGAMASSA COM PREPARO MECANIZADO, EXCLUSIVE CHAPISCO | D19: M2 | E19: 73.96 | F19: =J19*$J$7 -> 33.15154 | G19: =ROUND(F19+(F19*$H$8),2) -> 41.92 | H19: =ROUND(E19*G19,2) -> 3100.4 | J19: 36.95
A20: 3 | C20: COBERTURA | H20: =SUM(H21:H26) -> 0
A21: 3.1 | B21: ED-20603 | C21: FORNECIMENTO DE ESTRUTURA METÁLICA E ENGRADAMENTO METÁLICO, EM AÇO, PARA TELHADO, EXCLUSIVE TELHA, INCLUSIVE FABRICAÇÃO, TRANSPORTE, MONTAGEM E APLICAÇÃO DE FUNDO PREPARADOR ANTICORROSIVO EM SUPERFÍCIE METÁLICA, UMA (1) DEMÃO | D21: KG | F21: =J21*$J$7 -> 19.191108 | G21: =ROUND(F21+(F21*$H$8),2) -> 24.27 | H21: =ROUND(E21*G21,2) -> 0 | J21: 21.39
A22: 3.2 | B22: ED-20574 | C22: FORNECIMENTO DE ESTRUTURA METÁLICA E ENGRADAMENTO METÁLICO, EM AÇO PATINÁVEL, SOBRE LAJE PARA TELHA CERÂMICA, COBERTURA PADRÃO DO PRÉDIO ESCOLAR, EXCLUSIVE TELHA, INCLUSIVE FABRICAÇÃO, TRANSPORTE E MONTAGEM | D22: m2 | F22: =J22*$J$7 -> 282.60006 | G22: =ROUND(F22+(F22*$H$8),2) -> 357.32 | H22: =ROUND(E22*G22,2) -> 0 | J22: 314.98
A23: 3.3 | B23: ED-48428 | C23: COBERTURA EM TELHA METÁLICA GALVANIZADA TRAPEZOIDAL, TIPO SIMPLES, ESP. 0,50MM, ACABAMENTO NATURAL, INCLUSIVE ACESSÓRIOS PARA FIXAÇÃO, FORNECIMENTO E INSTALAÇÃO | D23: M2 | F23: =J23*$J$7 -> 96.35928 | G23: =ROUND(F23+(F23*$H$8),2) -> 121.84 | H23: =ROUND(E23*G23,2) -> 0 | J23: 107.4
A24: 3.4 | B24: ED-50678 | C24: RUFO E CONTRARRUFO EM CHAPA GALVANIZADA, ESP. 0,65MM (GSG-24), COM DESENVOLVIMENTO DE 33CM, INCLUSIVE IÇAMENTO MANUAL VERTICAL | D24: M | F24: =J24*$J$7 -> 42.285036 | G24: =ROUND(F24+(F24*$H$8),2) -> 53.47 | H24: =ROUND(E24*G24,2) -> 0 | J24: 47.13
A25: 3.5 | B25: ED-50663 | C25: CALHA EM CHAPA GALVANIZADA, ESP. 0,5MM (GSG-26), COM DESENVOLVIMENTO DE 50CM, INCLUSIVE IÇAMENTO MANUAL VERTICAL | D25: M | F25: =J25*$J$7 -> 51.624888 | G25: =ROUND(F25+(F25*$H$8),2) -> 65.27 | H25: =ROUND(E25*G25,2) -> 0 | J25: 57.54
A26: 3.6 | B26: ED-50668 | C26: CONDUTOR CIRCULAR DE ÁGUA PLUVIAL PARA TELHADO EM TUBO DE PVC, DIÂMETRO DE 100MM, INCLUSIVE CONEXÕES E SUPORTES | D26: M | F26: =J26*$J$7 -> 76.899012 | G26: =ROUND(F26+(F26*$H$8),2) -> 97.23 | H26: =ROUND(E26*G26,2) -> 0 | J26: 85.71
A27: 4 | C27: INSTALAÇÃO HIDROSSANITÁRIA | H27: =SUM(H28:H41) -> 304.68
A28: 4.1 | B28: ED-48467 | C28: REMOÇÃO DE LOUÇAS (LAVATÓRIO, BANHEIRA, PIA, VASO SANITÁRIO, TANQUE), COM REAPROVEITAMENTO, INCLUSIVE AFASTAMENTO E EMPILHAMENTO, EXCLUSIVE TRANSPORTE E RETIRADA DO MATERIAL REMOVIDO NÃO REAPROVEITÁVEL | D28: Un. | E28: 6 | F28: =J28*$J$7 -> 40.158672 | G28: =ROUND(F28+(F28*$H$8),2) -> 50.78 | H28: =ROUND(E28*G28,2) -> 304.68 | J28: 44.76
A29: 4.2 | B29: ED-50223 | C29: PONTO DE EMBUTIR PARA ESGOTO EM TUBO PVC RÍGIDO, PB - SÉRIE NORMAL, DN 40MM (1.1/2"), EMBUTIDO NA ALVENARIA/PISO, COM ALTURA (SAÍDA) DE 50CM DO PISO, COM DISTÂNCIA DE ATÉ CINCO (5) METROS DO RAMAL DE ESGOTO, EXCLUSIVE ESCAVAÇÃO, INCLUSIVE CONEXÕES E FIXAÇÃO DO TUBO COM ENCHIMENTO DO RASGO NA ALVENARIA/CONCRETO COM ARGAMASSA (LAVATÓRIO) | D29: UN. | F29: =J29*$J$7 -> 149.42866 | G29: =ROUND(F29+(F29*$H$8),2) -> 188.94 | H29: =ROUND(E29*G29,2) -> 0 | J29: 166.55
A30: 4.3 | B30: ED-50225 | C30: PONTO DE EMBUTIR PARA ESGOTO EM TUBO PVC RÍGIDO, PBV - SÉRIE NORMAL, DN 100MM (4"), EMBUTIDO EM PISO COM DISTÂNCIA DE ATÉ CINCO (5) METROS DO RAMAL DE ESGOTO, INCLUSIVE CONEXÕES E FIXAÇÃO DO TUBO COM ENCHIMENTO DO RASGO NO CONCRETO COM ARGAMASSA (VASO) | D30: UN. | F30: =J30*$J$7 -> 274.49834 | G30: =ROUND(F30+(F30*$H$8),2) -> 347.08 | H30: =ROUND(E30*G30,2) -> 0 | J30: 305.95
A31: 4.4 | B31: ED-50224 | C31: PONTO DE EMBUTIR PARA ESGOTO EM TUBO PVC RÍGIDO, PBV - SÉRIE NORMAL, DN 50MM (2"), EMBUTIDO EM PISO COM DISTÂNCIA DE ATÉ CINCO (5) METROS DO RAMAL DE ESGOTO, EXCLUSIVE ESCAVAÇÃO, INCLUSIVE CONEXÕES E FIXAÇÃO DO TUBO COM ENCHIMENTO DO RASGO NO CONCRETO COM ARGAMASSA (PIA E TANQUE) | D31: UN. | F31: =J31*$J$7 -> 196.7111 | G31: =ROUND(F31+(F31*$H$8),2) -> 248.72 | H31: =ROUND(E31*G31,2) -> 0 | J31: 219.25
A32: 4.5 | B32: ED-50011 | C32: CAIXA SIFONADA EM PVC COM GRELHA REDONDA 100 X 100 X 50 MM | D32: UN | F32: =J32*$J$7 -> 61.512032 | G32: =ROUND(F32+(F32*$H$8),2) -> 77.78 | H32: =ROUND(E32*G32,2) -> 0 | J32: 68.56
A33: 4.6 | B33: ED-50221 | C33: PONTO DE EMBUTIR PARA ÁGUA FRIA EM TUBO DE PVC RÍGIDO SOLDÁVEL, DN 20MM (1/2"), EMBUTIDO NA ALVENARIA COM DISTÂNCIA DE ATÉ CINCO (5) METROS DA TOMADA DE ÁGUA, INCLUSIVE CONEXÕES E FIXAÇÃO DO TUBO COM ENCHIMENTO DO RASGO NA ALVENARIA/CONCRETO COM ARGAMASSA | D33: UN | F33: =J33*$J$7 -> 123.63416 | G33: =ROUND(F33+(F33*$H$8),2) -> 156.32 | H33: =ROUND(E33*G33,2) -> 0 | J33: 137.8
A34: 4.7 | B34: ED-49936 | C34: CAIXA D'ÁGUA DE POLIETILENO, CAPACIDADE DE 1.000L, INCLUSIVE TAMPA, TORNEIRA DE BOIA, EXTRAVASOR, TUBO DE LIMPEZA E ACESSÓRIOS, EXCLUSIVE TUBULAÇÃO DE ENTRADA/ SAÍDA DE ÁGUA | D34: UN | F34: =J34*$J$7 -> 800.02427 | G34: =ROUND(F34+(F34*$H$8),2) -> 1011.55 | H34: =ROUND(E34*G34,2) -> 0 | J34: 891.69
A35: 4.8 | B35: ED-49844 | C35: ADAPTADOR SOLDÁVEL DE PVC MARROM COM FLANGES E ANEL PARA CAIXA DÁGUA Ø 20 MM X 1/2" | D35: UN | F35: =J35*$J$7 -> 18.177272 | G35: =ROUND(F35+(F35*$H$8),2) -> 22.98 | H35: =ROUND(E35*G35,2) -> 0 | J35: 20.26
A36: 4.9 | B36: ED-49848 | C36: ADAPTADOR SOLDÁVEL DE PVC MARROM COM FLANGES E ANEL PARA CAIXA DÁGUA Ø 50 MM X 1 1/2" | D36: UN | F36: =J36*$J$7 -> 51.983768 | G36: =ROUND(F36+(F36*$H$8),2) -> 65.73 | H36: =ROUND(E36*G36,2) -> 0 | J36: 57.94
A37: 4.10 | B37: ED-50304 | C37: TORNEIRA DE BOIA, TIPO ROSCÁVEL 3/4", EXCLUSIVE ADAPTADOR SOLDÁVEL DE PVC COM FLANGES E ANEL PARA CAIXA DÁGUA | D37: UN | F37: =J37*$J$7 -> 92.285992 | G37: =ROUND(F37+(F37*$H$8),2) -> 116.69 | H37: =ROUND(E37*G37,2) -> 0 | J37: 102.86
A38: 4.11 | B38: ED-50029 | C38: FORNECIMENTO E ASSENTAMENTO DE TUBO PVC RÍGIDO, ESGOTO, PBV - SÉRIE NORMAL, DN 100 MM (4"), INCLUSIVE CONEXÕES | D38: M | F38: =J38*$J$7 -> 36.704452 | G38: =ROUND(F38+(F38*$H$8),2) -> 46.41 | H38: =ROUND(E38*G38,2) -> 0 | J38: 40.91
A39: 4.12 | B39: ED-50031 | C39: FORNECIMENTO E ASSENTAMENTO DE TUBO PVC RÍGIDO, ESGOTO, PBV - SÉRIE NORMAL, DN 200 MM (8"), INCLUSIVE CONEXÕES | D39: M | F39: =J39*$J$7 -> 118.8162 | G39: =ROUND(F39+(F39*$H$8),2) -> 150.23 | H39: =ROUND(E39*G39,2) -> 0 | J39: 132.43
A40: 4.13 | B40: ED-50018 | C40: FORNECIMENTO E ASSENTAMENTO DE TUBO PVC RÍGIDO SOLDÁVEL, ÁGUA FRIA, DN 20 MM (1/2"), INCLUSIVE CONEXÕES | D40: M | F40: =J40*$J$7 -> 18.957836 | G40: =ROUND(F40+(F40*$H$8),2) -> 23.97 | H40: =ROUND(E40*G40,2) -> 0 | J40: 21.13
A41: 4.14 | B41: ED-50019 | C41: FORNECIMENTO E ASSENTAMENTO DE TUBO PVC RÍGIDO SOLDÁVEL, ÁGUA FRIA, DN 25 MM (3/4") , INCLUSIVE CONEXÕES | D41: M | F41: =J41*$J$7 -> 20.886816 | G41: =ROUND(F41+(F41*$H$8),2) -> 26.41 | H41: =ROUND(E41*G41,2) -> 0 | J41: 23.28
A42: 5 | C42: PISOS E AZULEJOS | H42: =SUM(H43:H47) -> 4608.41
A43: 5.1 | B43: ED-48502 | C43: DEMOLIÇÃO MANUAL DE REVESTIMENTO CERÂMICO, AZULEJO OU LADRILHO HIDRÁULICO, INCLUSIVE AFASTAMENTO E EMPILHAMENTO, EXCLUSIVE DEMOLIÇÃO DO REBOCO OU EMBOÇO, TRANSPORTE E RETIRADA DO MATERIAL DEMOLIDO | D43: m2 | E43: =71.96+116.6 -> 188.56 | F43: =J43*$J$7 -> 19.325688 | G43: =ROUND(F43+(F43*$H$8),2) -> 24.44 | H43: =ROUND(E43*G43,2) -> 4608.41 | J43: 21.54
A44: 5.2 | B44: ED-9081 | C44: REVESTIMENTO COM CERÂMICA APLICADO EM PAREDE, ACABAMENTO ESMALTADO, AMBIENTE INTERNO/EXTERNO, PADRÃO EXTRA, DIMENSÃO DA PEÇA ATÉ 2025 CM2, PEI III, ASSENTAMENTO COM ARGAMASSA INDUSTRIALIZADA, INCLUSIVE REJUNTAMENTO | D44: M2 | F44: =J44*$J$7 -> 64.10494 | G44: =ROUND(F44+(F44*$H$8),2) -> 81.05 | H44: =ROUND(E44*G44,2) -> 0 | J44: 71.45
A45: 5.3 | B45: ED-50568 | C45: CONTRAPISO DESEMPENADO COM ARGAMASSA, TRAÇO 1:3 (CIMENTO E AREIA), ESP. 30MM, INCLUSIVE ARGAMASSA COM PREPARO MECANIZADO | D45: M2 | F45: =J45*$J$7 -> 39.74596 | G45: =ROUND(F45+(F45*$H$8),2) -> 50.25 | H45: =ROUND(E45*G45,2) -> 0 | J45: 44.3
A46: 5.4 | B46: COT. | C46: PISO C/FORRAÇÃO TÊXTIL ( CARPETE E = 4mm a 5mm) | D46: m2 | F46: =J46*$J$7 -> 26.916 | G46: =ROUND(F46+(F46*$H$8),2) -> 34.03 | H46: =ROUND(E46*G46,2) -> 0 | J46: 30
A47: 5.5 | B47: ED-50571 | C47: PISO EM CONCRETO PREPARADO EM OBRA COM BETONEIRA COM FCK DE 13,5MPA, SEM ARMAÇÃO, ACABAMENTO RÚSTICO, ESP. 8CM, INCLUSIVE FORNECIMENTO, LANÇAMENTO, ADENSAMENTO, SARRAFEAMENTO, EXCLUSIVE JUNTA DE DILATAÇÃO | D47: M2 | F47: =J47*$J$7 -> 80.380148 | G47: =ROUND(F47+(F47*$H$8),2) -> 101.63 | H47: =ROUND(E47*G47,2) -> 0 | J47: 89.59
A48: 6 | C48: ESQUADRIAS | H48: =SUM(H49:H55) -> 341
A49: 6.1 | B49: ED-48497 | C49: REMOÇÃO MANUAL DE ESQUADRIA METÁLICA, COM REAPROVEITAMENTO, INCLUSIVE MARCO/ALIZAR/GUARNIÇÕES, AFASTAMENTO E EMPILHAMENTO, EXCLUSIVE TRANSPORTE E RETIRADA DO MATERIAL REMOVIDO NÃO REAPROVEITÁVEL | D49: m2 | E49: 15.5 | F49: =J49*$J$7 -> 17.396708 | G49: =ROUND(F49+(F49*$H$8),2) -> 22 | H49: =ROUND(E49*G49,2) -> 341 | J49: 19.39
A50: 6.2 | B50: ED-49592 | C50: MARCO DE MADEIRA, DIMENSÃO (90X210)CM, LARGURA DE 14CM, ACABAMENTO NATURAL PARA PINTURA/VERNIZ, INCLUSIVE ASSENTAMENTO, EXCLUSIVE FOLHA DE PORTA, FERRAGENS E PINTURA/VERNIZ | D50: UN | F50: =J50*$J$7 -> 311.73214 | G50: =ROUND(F50+(F50*$H$8),2) -> 394.15 | H50: =ROUND(E50*G50,2) -> 0 | J50: 347.45
A51: 6.3 | B51: ED-49588 | C51: FOLHA DE PORTA EM MADEIRA, DIMENSÃO (90X210)CM, ACABAMENTO NATURAL PARA PINTURA/VERNIZ, TIPO PRANCHETA/SARRAFEADA, INCLUSIVE ASSENTAMENTO, EXCLUSIVE MARCO, FERRAGENS E PINTURA/VERNIZ | D51: UN | F51: =J51*$J$7 -> 308.251 | G51: =ROUND(F51+(F51*$H$8),2) -> 389.75 | H51: =ROUND(E51*G51,2) -> 0 | J51: 343.57
A52: 6.4 | B52: ED-51159 | C52: VIDRO TEMPERADO TRANSPARENTE INCOLOR, ESP. 8MM, INCLUSIVE FIXAÇÃO E VEDAÇÃO COM GUARNIÇÃO/GAXETA DE BORRACHA NEOPRENE, FORNECIMENTO E INSTALAÇÃO, EXCLUSIVE CAIXILHO/PERFIL | D52: M2 | F52: =J52*$J$7 -> 328.19576 | G52: =ROUND(F52+(F52*$H$8),2) -> 414.97 | H52: =ROUND(E52*G52,2) -> 0 | J52: 365.8
A53: 6.5 | B53: ED-51160 | C53: VIDRO TEMPERADO TRANSPARENTE INCOLOR, ESP. 10MM, INCLUSIVE FIXAÇÃO E VEDAÇÃO COM GUARNIÇÃO/GAXETA DE BORRACHA NEOPRENE, FORNECIMENTO E INSTALAÇÃO, EXCLUSIVE CAIXILHO/PERFIL | D53: M2 | F53: =J53*$J$7 -> 401.48803 | G53: =ROUND(F53+(F53*$H$8),2) -> 507.64 | H53: =ROUND(E53*G53,2) -> 0 | J53: 447.49
A54: 6.6 | B54: ED-49700 | C54: FECHADURA TIPO INTERNA (GORGE), GRAU DE SEGURANÇA MÉDIO, DISTÂNCIA DE BROCA 40MM, ACABAMENTO COM ESPELHO CROMADO E MAÇANETA MODELO ALAVANCA EM ZAMAC, INCLUSIVE ACESSÓRIOS PARA FIXAÇÃO E DUAS (2) CHAVES | D54: UN | F54: =J54*$J$7 -> 101.90398 | G54: =ROUND(F54+(F54*$H$8),2) -> 128.85 | H54: =ROUND(E54*G54,2) -> 0 | J54: 113.58
A55: 6.7 | B55: ED-49697 | C55: DOBRADIÇA DE FERRO, MEDIDAS (3"X2.1/2"), TIPO PINO SOLTO COM BOLA, ACABAMENTO CROMADO, INCLUSIVE ACESSÓRIOS PARA FIXAÇÃO | D55: UN | F55: =J55*$J$7 -> 21.550744 | G55: =ROUND(F55+(F55*$H$8),2) -> 27.25 | H55: =ROUND(E55*G55,2) -> 0 | J55: 24.02
A56: 7 | C56: PINTURA | H56: =SUM(H57:H61) -> 0
A57: 7.1 | B57: COT. | C57: PREPARAÇÃO, LIXAMENTO PARA APLICAÇÃO DO SINTECO | D57: M2 | F57: =J57*$J$7 -> 17.558204 | G57: =ROUND(F57+(F57*$H$8),2) -> 22.2 | H57: =ROUND(E57*G57,2) -> 0 | J57: 19.57 | K57: =15*17 -> 255
A58: 7.2 | B58: COT. | C58: SINTECO SOBRE PISO DE MADEIRA | D58: M2 | F58: =J58*$J$7 -> 30.10106 | G58: =ROUND(F58+(F58*$H$8),2) -> 38.06 | H58: =ROUND(E58*G58,2) -> 0 | J58: 33.55
A59: 7.3 | B59: ED-50451 | C59: PINTURA ACRÍLICA EM PAREDE, DUAS (2) DEMÃOS, COM APLICAÇÃO MANUAL, EXCLUSIVE SELADOR ACRÍLICO E MASSA ACRÍLICA/CORRIDA (PVA) | D59: M2 | F59: =J59*$J$7 -> 13.897628 | G59: =ROUND(F59+(F59*$H$8),2) -> 17.57 | H59: =ROUND(E59*G59,2) -> 0 | J59: 15.49
A60: 7.4 | B60: ED-50498 | C60: PINTURA LÁTEX (PVA) EM PAREDE, DUAS (2) DEMÃOS, COM APLICAÇÃO MANUAL, EXCLUSIVE SELADOR ACRÍLICO E MASSA ACRÍLICA/CORRIDA (PVA) | D60: M2 | F60: =J60*$J$7 -> 14.229592 | G60: =ROUND(F60+(F60*$H$8),2) -> 17.99 | H60: =ROUND(E60*G60,2) -> 0 | J60: 15.86
A61: 7.5 | B61: ED-50514 | C61: PREPARAÇÃO PARA EMASSAMENTO OU PINTURA (LÁTEX/ ACRÍLICA) EM PAREDE, INCLUSIVE UMA (1) DEMÃO DE SELADOR ACRÍLICO | D61: M2 | F61: =J61*$J$7 -> 6.432924 | G61: =ROUND(F61+(F61*$H$8),2) -> 8.13 | H61: =ROUND(E61*G61,2) -> 0 | J61: 7.17
A62: 8 | C62: INSTALAÇÃO ELÉTRICA | H62: =SUM(H63:H70) -> 0
A63: 8.1 | B63: ED-13338 | C63: LUMINÁRIA COMERCIAL CHANFRADA DE SOBREPOR COMPLETA, PARA DUAS (2) LÂMPADAS TUBULARES LED 2X18W-ØT8, TEMPERATURA DA COR 6500K, FORNECIMENTO E INSTALAÇÃO, INCLUSIVE BASE E LÂMPADAS | D63: UN | F63: =J63*$J$7 -> 155.00027 | G63: =ROUND(F63+(F63*$H$8),2) -> 195.98 | H63: =ROUND(E63*G63,2) -> 0 | J63: 172.76
A64: 8.2 | B64: ED-48951 | C64: CABO DE COBRE FLEXÍVEL, CLASSE 5, ISOLAMENTO TIPO LSHF/ ATOX, NÃO HALOGENADO, ANTICHAMA, TERMOPLÁSTICO, UNIPOLAR, SEÇÃO 2,5 MM2, 70°C, 450/750V | D64: M | F64: =J64*$J$7 -> 3.72338 | G64: =ROUND(F64+(F64*$H$8),2) -> 4.71 | H64: =ROUND(E64*G64,2) -> 0 | J64: 4.15
A65: 8.3 | B65: ED-48961 | C65: CABO DE COBRE FLEXÍVEL, CLASSE 5, ISOLAMENTO TIPO LSHF/ ATOX, NÃO HALOGENADO, ANTICHAMA, TERMOPLÁSTICO, UNIPOLAR, SEÇÃO 6 MM2, 70°C, 450/750V | D65: M | F65: =J65*$J$7 -> 6.809748 | G65: =ROUND(F65+(F65*$H$8),2) -> 8.61 | H65: =ROUND(E65*G65,2) -> 0 | J65: 7.59
A66: 8.4 | B66: ED-15748 | C66: CONJUNTO DE UMA (1) TOMADA PADRÃO, TRÊS (3) POLOS, CORRENTE 10A, TENSÃO 250V, (2P+T/10A-250V), COM PLACA 4"X2" DE UM (1) POSTO, INCLUSIVE FORNECIMENTO, INSTALAÇÃO, SUPORTE, MÓDULO E PLACA | D66: UN | F66: =J66*$J$7 -> 24.726832 | G66: =ROUND(F66+(F66*$H$8),2) -> 31.26 | H66: =ROUND(E66*G66,2) -> 0 | J66: 27.56
A67: 8.5 | B67: ED-15740 | C67: CONJUNTO DE DOIS (2) INTERRUPTORES BIPOLAR SIMPLES, CORRENTE 10A, TENSÃO 250V, (10A-250V), COM PLACA 4"X2" DE DOIS (2) POSTOS, INCLUSIVE FORNECIMENTO, INSTALAÇÃO, SUPORTE, MÓDULO E PLACA | D67: UN | F67: =J67*$J$7 -> 60.96474 | G67: =ROUND(F67+(F67*$H$8),2) -> 77.08 | H67: =ROUND(E67*G67,2) -> 0 | J67: 67.95
A68: 8.6 | B68: ED-14181 | C68: QUADRO DE DISTRIBUIÇÃO DE EMBUTIR EM PVC, PARA 12 DISJUNTORES DIN, INCLUSIVE BARRAMENTOS NEUTRO/TERRA, EXCLUSIVE BARRAMENTO DE FASE | D68: UN | F68: =J68*$J$7 -> 156.37299 | G68: =ROUND(F68+(F68*$H$8),2) -> 197.72 | H68: =ROUND(E68*G68,2) -> 0 | J68: 174.29
A69: 8.7 | B69: ED-34464 | C69: DISJUNTOR MONOPOLAR TIPO DIN, CORRENTE NOMINAL DE 32A, FORNECIMENTO E INSTALAÇÃO, INCLUSIVE TERMINAL ILHÓS | D69: UN | F69: =J69*$J$7 -> 17.073716 | G69: =ROUND(F69+(F69*$H$8),2) -> 21.59 | H69: =ROUND(E69*G69,2) -> 0 | J69: 19.03
A70: 8.8 | B70: ED-34479 | C70: DISJUNTOR BIPOLAR TIPO DIN, CORRENTE NOMINAL DE 50A, FORNECIMENTO E INSTALAÇÃO, INCLUSIVE TERMINAL ILHÓS | D70: UN | F70: =J70*$J$7 -> 35.48426 | G70: =ROUND(F70+(F70*$H$8),2) -> 44.87 | H70: =ROUND(E70*G70,2) -> 0 | J70: 39.55
A71: 9 | C71: LOUÇAS E METAIS | H71: =SUM(H72:H77) -> 0
A72: 9.1 | B72: ED-50297 | C72: BACIA SANITÁRIA (VASO) DE LOUÇA COM CAIXA ACOPLADA, COR BRANCA, INCLUSIVE ACESSÓRIOS DE FIXAÇÃO/VEDAÇÃO, ENGATE FLEXÍVEL METÁLICO E REJUNTAMENTO, EXCLUSIVE ASSENTO | D72: UN | F72: =J72*$J$7 -> 509.4481 | G72: =ROUND(F72+(F72*$H$8),2) -> 644.15 | H72: =ROUND(E72*G72,2) -> 0 | J72: 567.82
A73: 9.2 | B73: ED-50329 | C73: TORNEIRA METÁLICA PARA LAVATÓRIO, FECHAMENTO AUTOMÁTICO, ACABAMENTO CROMADO, COM AREJADOR, APLICAÇÃO DE MESA, INCLUSIVE ENGATE FLEXÍVEL METÁLICO | D73: UN | F73: =J73*$J$7 -> 198.58625 | G73: =ROUND(F73+(F73*$H$8),2) -> 251.09 | H73: =ROUND(E73*G73,2) -> 0 | J73: 221.34
A74: 9.3 | B74: ED-50286 | C74: MICTÓRIO SIFONADO DE LOUÇA BRANCA, INCLUSIVE ENGATE FLEXÍVEL, EXCLUSIVE VÁLVULA DE DESCARGA | D74: UN | F74: =J74*$J$7 -> 620.53044 | G74: =ROUND(F74+(F74*$H$8),2) -> 784.6 | H74: =ROUND(E74*G74,2) -> 0 | J74: 691.63
A75: 9.4 | B75: ED-50348 | C75: VÁLVULA DE DESCARGA METÁLICA PARA MICTÓRIO COM FECHAMENTO AUTOMÁTICO, EXCLUSIVE MICTÓRIO | D75: UN | F75: =J75*$J$7 -> 223.39383 | G75: =ROUND(F75+(F75*$H$8),2) -> 282.46 | H75: =ROUND(E75*G75,2) -> 0 | J75: 248.99
A76: 9.5 | B76: ED-48344 | C76: BANCADA EM GRANITO CINZA ANDORINHA E = 3 CM, APOIADA EM ALVENARIA | D76: M2 | F76: =J76*$J$7 -> 324.71462 | G76: =ROUND(F76+(F76*$H$8),2) -> 410.57 | H76: =ROUND(E76*G76,2) -> 0 | J76: 361.92
A77: 9.6 | B77: ED-50277 | C77: CUBA EM AÇO INOXIDÁVEL DE EMBUTIR, AISI 304, APLICAÇÃO PARA PIA (465X330X115MM), NÚMERO 1, ASSENTAMENTO EM BANCADA, INCLUSIVE VÁLVULA DE ESCOAMENTO DE METAL COM ACABAMENTO CROMADO, SIFÃO DE METAL TIPO COPO COM ACABAMENTO CROMADO | D77: UN | F77: =J77*$J$7 -> 384.53992 | G77: =ROUND(F77+(F77*$H$8),2) -> 486.21 | H77: =ROUND(E77*G77,2) -> 0 | J77: 428.6
A78: 10 | C78: LIMPEZA | H78: =SUM(H79:H79) -> 0
A79: 10.1 | B79: ED-50266 | C79: LIMPEZA FINAL PARA ENTREGA DA OBRA | D79: M2 | F79: =J79*$J$7 -> 6.926384 | G79: =ROUND(F79+(F79*$H$8),2) -> 8.76 | H79: =ROUND(E79*G79,2) -> 0 | J79: 7.72
C85: AMPLAMINAS ENGENHARIA LTDA
C86: RENATA APARECIDA FIGUEIREDO SOARES - ENGENHEIRA CIVIL - CREA: 80.591/D

Sheet planilha principal
A2: PREFEITURA MUNICIPAL DE CONCEIÇÃO DOS OUROS Rua Vasco Gusmão Martins, 108 - Centro, CEP 37690-000
A3: PLANILHA ORÇAMENTÁRIA DE CUSTOS
A4: MUNICÍPIO: CONCEIÇÃO DOS OUROS/MG
A5: OBRA: REFORMA DO CINE OUROS
A6: END.: AVENIDA CORONEL DOMINGOS ROSA, Nº. 45. CENTRO
A7: DATA: | B7: 46007 | J7: 0.8972
G8: BDI: | H8: 0.2644
A9: ITEM | B9: CÓDIGO | C9: DESCRIÇÃO | D9: UNID | E9: QUANT | F9: CUSTO UNITÁRIO (R$) | G9: UNITÁRIO COM BDI (R$) | H9: VALOR TOTAL COM BDI (R$) | J9: CUSTO UNITÁRIO (R$)
C10: TOTAL | E10: 1015112.1 | H10: =ROUND(H11,2) -> 174700
H11: =SUM(H12+H20+H27+H42+H48+H56+H62+H71+H78+H14) -> 174700
A12: 1 | C12: SERVIÇOS PRELIMINARES | H12: =SUM(H13:H13) -> 1334.38
A13: 1.1 | B13: ED-28427 | C13: FORNECIMENTO E COLOCAÇÃO DE PLACA DE OBRA EM CHAPA GALVANIZADA #26, ESP. 0,45MM, DIMENSÃO (3X1,5)M, PLOTADA COM ADESIVO VINÍLICO, AFIXADA COM REBITES 4,8X40MM, EM ESTRUTURA METÁLICA DE METALON 20X20MM, ESP. 1,25MM, INCLUSIVE SUPORTE EM EUCALIPTO AUTOCLAVADO PINTADO COM TINTA PVA DUAS (2) DEMÃOS | D13: un | E13: 1 | F13: =J13*$J$7 -> 1055.3494 | G13: =ROUND(F13+(F13*$H$8),2) -> 1334.38 | H13: =E13*G13 -> 1334.38 | J13: 1176.27
A14: 2 | C14: VEDAÇÃO | H14: =SUM(H15:H19) -> 23778.47
A15: 2.1 | B15: ED-28338 | C15: DEMOLIÇÃO MANUAL DE CONSTRUÇÃO EM ALVENARIAS DE VEDAÇÃO, COM ESPESSURA MÁXIMA DE 15CM, INCLUSIVE REMOÇÃO COM REAPROVEITAMENTO DE ESQUADRIAS, AFASTAMENTO E EMPILHAMENTO, EXCLUSIVE TRANSPORTE E RETIRADA DO MATERIAL DEMOLIDO/REMOVIDO NÃO REAPROVEITÁVEL | D15: M2 | E15: 188.56 | F15: =J15*$J$7 -> 15.548476 | G15: =ROUND(F15+(F15*$H$8),2) -> 19.66 | H15: =ROUND(E15*G15,2) -> 3707.09 | J15: 17.33
A16: 2.2 | B16: ED-48501 | C16: DEMOLIÇÃO MANUAL DE REBOCO OU EMBOÇO, COM ESPESSURA DE ATÉ 55MM, INCLUSIVE AFASTAMENTO E EMPILHAMENTO, EXCLUSIVE TRANSPORTE E RETIRADA DO MATERIAL DEMOLIDO | D16: M2 | E16: 188.56 | F16: =J16*$J$7 -> 9.277048 | G16: =ROUND(F16+(F16*$H$8),2) -> 11.73 | H16: =ROUND(E16*G16,2) -> 2211.81 | J16: 10.34 | Q16: muro
A17: 2.3 | B17: ED-48192 | C17: ALVENARIA DE VEDAÇÃO COM BLOCO DE CONCRETO, ESP. 14CM, PARA REVESTIMENTO, INCLUSIVE ARGAMASSA PARA ASSENTAMENTO | D17: M2 | E17: =((1.75+1.8)*2*3.1)+(4.3+3+3+2.45)*2.15+(31.5*1.85) -> 107.6975 | F17: =J17*$J$7 -> 58.81146 | G17: =ROUND(F17+(F17*$H$8),2) -> 74.36 | H17: =ROUND(E17*G17,2) -> 8008.39 | I17: =((1.75+1.8)*2*3.1)+(4.3+3+3+2.45)*2.15+(31.5*1.85) -> 107.6975 | J17: 65.55 | Q17: 31,5*1,85
A18: 2.4 | B18: ED-48388 | C18: CINTA DE AMARRAÇÃO DE ALVENARIA COM BLOCO DE CONCRETO ESTRUTURAL, CANALETA TIPO "U", ESP. 14CM, (FBK 4, 5MPA), PARA REVESTIMENTO, INCLUSIVE ARGAMASSA PARA ASSENTAMENTO, EXCLUSIVE GRAUTE E ARMAÇÃO | D18: M | E18: =((1.75+1.8)*2)+(4.3+3+3+2.45)+60 -> 79.85 | F18: =J18*$J$7 -> 19.280828 | G18: =ROUND(F18+(F18*$H$8),2) -> 24.38 | H18: =ROUND(E18*G18,2) -> 1946.74 | J18: 21.49 | O18: banheiro
A19: 2.5 | B19: ED-50761 | C19: REBOCO COM ARGAMASSA, TRAÇO 1:2:8 (CIMENTO, CAL E AREIA) , ESP. 20MM, APLICAÇÃO MANUAL, INCLUSIVE ARGAMASSA COM PREPARO MECANIZADO, EXCLUSIVE CHAPISCO | D19: M2 | E19: 188.56 | F19: =J19*$J$7 -> 33.15154 | G19: =ROUND(F19+(F19*$H$8),2) -> 41.92 | H19: =ROUND(E19*G19,2) -> 7904.44 | J19: 36.95
A20: 3 | C20: COBERTURA | H20: =SUM(H21:H26) -> 15899.98
A21: 3.1 | B21: ED-20603 | C21: FORNECIMENTO DE ESTRUTURA METÁLICA E ENGRADAMENTO METÁLICO, EM AÇO, PARA TELHADO, EXCLUSIVE TELHA, INCLUSIVE FABRICAÇÃO, TRANSPORTE, MONTAGEM E APLICAÇÃO DE FUNDO PREPARADOR ANTICORROSIVO EM SUPERFÍCIE METÁLICA, UMA (1) DEMÃO | D21: KG | E21: 216 | F21: =J21*$J$7 -> 19.191108 | G21: =ROUND(F21+(F21*$H$8),2) -> 24.27 | H21: =ROUND(E21*G21,2) -> 5242.32 | J21: 21.39 | Q21: =84*114 -> 9576 | R21: =24*184 -> 4416 | S21: =R21+Q21 -> 13992
A22: 3.2 | B22: ED-20574 | C22: FORNECIMENTO DE ESTRUTURA METÁLICA E ENGRADAMENTO METÁLICO, EM AÇO PATINÁVEL, SOBRE LAJE PARA TELHA CERÂMICA, COBERTURA PADRÃO DO PRÉDIO ESCOLAR, EXCLUSIVE TELHA, INCLUSIVE FABRICAÇÃO, TRANSPORTE E MONTAGEM | D22: m2 | E22: 19.6 | F22: =J22*$J$7 -> 282.60006 | G22: =ROUND(F22+(F22*$H$8),2) -> 357.32 | H22: =ROUND(E22*G22,2) -> 7003.47 | J22: 314.98
A23: 3.3 | B23: ED-48428 | C23: COBERTURA EM TELHA METÁLICA GALVANIZADA TRAPEZOIDAL, TIPO SIMPLES, ESP. 0,50MM, ACABAMENTO NATURAL, INCLUSIVE ACESSÓRIOS PARA FIXAÇÃO, FORNECIMENTO E INSTALAÇÃO | D23: M2 | E23: 19.6 | F23: =J23*$J$7 -> 96.35928 | G23: =ROUND(F23+(F23*$H$8),2) -> 121.84 | H23: =ROUND(E23*G23,2) -> 2388.06 | J23: 107.4
A24: 3.4 | B24: ED-50678 | C24: RUFO E CONTRARRUFO EM CHAPA GALVANIZADA, ESP. 0,65MM (GSG-24), COM DESENVOLVIMENTO DE 33CM, INCLUSIVE IÇAMENTO MANUAL VERTICAL | D24: M | E24: 5.75 | F24: =J24*$J$7 -> 42.285036 | G24: =ROUND(F24+(F24*$H$8),2) -> 53.47 | H24: =ROUND(E24*G24,2) -> 307.45 | J24: 47.13
A25: 3.5 | B25: ED-50663 | C25: CALHA EM CHAPA GALVANIZADA, ESP. 0,5MM (GSG-26), COM DESENVOLVIMENTO DE 50CM, INCLUSIVE IÇAMENTO MANUAL VERTICAL | D25: M | E25: 5.75 | F25: =J25*$J$7 -> 51.624888 | G25: =ROUND(F25+(F25*$H$8),2) -> 65.27 | H25: =ROUND(E25*G25,2) -> 375.3 | J25: 57.54
A26: 3.6 | B26: ED-50668 | C26: CONDUTOR CIRCULAR DE ÁGUA PLUVIAL PARA TELHADO EM TUBO DE PVC, DIÂMETRO DE 100MM, INCLUSIVE CONEXÕES E SUPORTES | D26: M | E26: 6 | F26: =J26*$J$7 -> 76.899012 | G26: =ROUND(F26+(F26*$H$8),2) -> 97.23 | H26: =ROUND(E26*G26,2) -> 583.38 | J26: 85.71
A27: 4 | C27: INSTALAÇÃO HIDROSSANITÁRIA | H27: =SUM(H28:H41) -> 13140.31
A28: 4.1 | B28: ED-48467 | C28: REMOÇÃO DE LOUÇAS (LAVATÓRIO, BANHEIRA, PIA, VASO SANITÁRIO, TANQUE), COM REAPROVEITAMENTO, INCLUSIVE AFASTAMENTO E EMPILHAMENTO, EXCLUSIVE TRANSPORTE E RETIRADA DO MATERIAL REMOVIDO NÃO REAPROVEITÁVEL | D28: Un. | E28: 6 | F28: =J28*$J$7 -> 40.158672 | G28: =ROUND(F28+(F28*$H$8),2) -> 50.78 | H28: =ROUND(E28*G28,2) -> 304.68 | J28: 44.76
A29: 4.2 | B29: ED-50223 | C29: PONTO DE EMBUTIR PARA ESGOTO EM TUBO PVC RÍGIDO, PB - SÉRIE NORMAL, DN 40MM (1.1/2"), EMBUTIDO NA ALVENARIA/PISO, COM ALTURA (SAÍDA) DE 50CM DO PISO, COM DISTÂNCIA DE ATÉ CINCO (5) METROS DO RAMAL DE ESGOTO, EXCLUSIVE ESCAVAÇÃO, INCLUSIVE CONEXÕES E FIXAÇÃO DO TUBO COM ENCHIMENTO DO RASGO NA ALVENARIA/CONCRETO COM ARGAMASSA (LAVATÓRIO) | D29: UN. | E29: 3 | F29: =J29*$J$7 -> 149.42866 | G29: =ROUND(F29+(F29*$H$8),2) -> 188.94 | H29: =ROUND(E29*G29,2) -> 566.82 | J29: 166.55 | Q29: =S21/288 -> 48.583333 | R29: =Q29*2 -> 97.166667
A30: 4.3 | B30: ED-50225 | C30: PONTO DE EMBUTIR PARA ESGOTO EM TUBO PVC RÍGIDO, PBV - SÉRIE NORMAL, DN 100MM (4"), EMBUTIDO EM PISO COM DISTÂNCIA DE ATÉ CINCO (5) METROS DO RAMAL DE ESGOTO, INCLUSIVE CONEXÕES E FIXAÇÃO DO TUBO COM ENCHIMENTO DO RASGO NO CONCRETO COM ARGAMASSA (VASO) | D30: UN. | E30: 3 | F30: =J30*$J$7 -> 274.49834 | G30: =ROUND(F30+(F30*$H$8),2) -> 347.08 | H30: =ROUND(E30*G30,2) -> 1041.24 | J30: 305.95
A31: 4.4 | B31: ED-50224 | C31: PONTO DE EMBUTIR PARA ESGOTO EM TUBO PVC RÍGIDO, PBV - SÉRIE NORMAL, DN 50MM (2"), EMBUTIDO EM PISO COM DISTÂNCIA DE ATÉ CINCO (5) METROS DO RAMAL DE ESGOTO, EXCLUSIVE ESCAVAÇÃO, INCLUSIVE CONEXÕES E FIXAÇÃO DO TUBO COM ENCHIMENTO DO RASGO NO CONCRETO COM ARGAMASSA (PIA E TANQUE) | D31: UN. | E31: 4 | F31: =J31*$J$7 -> 196.7111 | G31: =ROUND(F31+(F31*$H$8),2) -> 248.72 | H31: =ROUND(E31*G31,2) -> 994.88 | J31: 219.25
A32: 4.5 | B32: ED-50011 | C32: CAIXA SIFONADA EM PVC COM GRELHA REDONDA 100 X 100 X 50 MM | D32: UN | E32: 4 | F32: =J32*$J$7 -> 61.512032 | G32: =ROUND(F32+(F32*$H$8),2) -> 77.78 | H32: =ROUND(E32*G32,2) -> 311.12 | J32: 68.56
A33: 4.6 | B33: ED-50221 | C33: PONTO DE EMBUTIR PARA ÁGUA FRIA EM TUBO DE PVC RÍGIDO SOLDÁVEL, DN 20MM (1/2"), EMBUTIDO NA ALVENARIA COM DISTÂNCIA DE ATÉ CINCO (5) METROS DA TOMADA DE ÁGUA, INCLUSIVE CONEXÕES E FIXAÇÃO DO TUBO COM ENCHIMENTO DO RASGO NA ALVENARIA/CONCRETO COM ARGAMASSA | D33: UN | E33: 6 | F33: =J33*$J$7 -> 123.63416 | G33: =ROUND(F33+(F33*$H$8),2) -> 156.32 | H33: =ROUND(E33*G33,2) -> 937.92 | J33: 137.8
A34: 4.7 | B34: ED-49936 | C34: CAIXA D'ÁGUA DE POLIETILENO, CAPACIDADE DE 1.000L, INCLUSIVE TAMPA, TORNEIRA DE BOIA, EXTRAVASOR, TUBO DE LIMPEZA E ACESSÓRIOS, EXCLUSIVE TUBULAÇÃO DE ENTRADA/ SAÍDA DE ÁGUA | D34: UN | E34: 1 | F34: =J34*$J$7 -> 800.02427 | G34: =ROUND(F34+(F34*$H$8),2) -> 1011.55 | H34: =ROUND(E34*G34,2) -> 1011.55 | J34: 891.69
A35: 4.8 | B35: ED-49844 | C35: ADAPTADOR SOLDÁVEL DE PVC MARROM COM FLANGES E ANEL PARA CAIXA DÁGUA Ø 20 MM X 1/2" | D35: UN | E35: 4 | F35: =J35*$J$7 -> 18.177272 | G35: =ROUND(F35+(F35*$H$8),2) -> 22.98 | H35: =ROUND(E35*G35,2) -> 91.92 | J35: 20.26
A36: 4.9 | B36: ED-49848 | C36: ADAPTADOR SOLDÁVEL DE PVC MARROM COM FLANGES E ANEL PARA CAIXA DÁGUA Ø 50 MM X 1 1/2" | D36: UN | E36: 4 | F36: =J36*$J$7 -> 51.983768 | G36: =ROUND(F36+(F36*$H$8),2) -> 65.73 | H36: =ROUND(E36*G36,2) -> 262.92 | J36: 57.94
A37: 4.10 | B37: ED-50304 | C37: TORNEIRA DE BOIA, TIPO ROSCÁVEL 3/4", EXCLUSIVE ADAPTADOR SOLDÁVEL DE PVC COM FLANGES E ANEL PARA CAIXA DÁGUA | D37: UN | E37: 4 | F37: =J37*$J$7 -> 92.285992 | G37: =ROUND(F37+(F37*$H$8),2) -> 116.69 | H37: =ROUND(E37*G37,2) -> 466.76 | J37: 102.86
A38: 4.11 | B38: ED-50029 | C38: FORNECIMENTO E ASSENTAMENTO DE TUBO PVC RÍGIDO, ESGOTO, PBV - SÉRIE NORMAL, DN 100 MM (4"), INCLUSIVE CONEXÕES | D38: M | E38: 18 | F38: =J38*$J$7 -> 36.704452 | G38: =ROUND(F38+(F38*$H$8),2) -> 46.41 | H38: =ROUND(E38*G38,2) -> 835.38 | J38: 40.91
A39: 4.12 | B39: ED-50031 | C39: FORNECIMENTO E ASSENTAMENTO DE TUBO PVC RÍGIDO, ESGOTO, PBV - SÉRIE NORMAL, DN 200 MM (8"), INCLUSIVE CONEXÕES | D39: M | E39: 36 | F39: =J39*$J$7 -> 118.8162 | G39: =ROUND(F39+(F39*$H$8),2) -> 150.23 | H39: =ROUND(E39*G39,2) -> 5408.28 | J39: 132.43
A40: 4.13 | B40: ED-50018 | C40: FORNECIMENTO E ASSENTAMENTO DE TUBO PVC RÍGIDO SOLDÁVEL, ÁGUA FRIA, DN 20 MM (1/2"), INCLUSIVE CONEXÕES | D40: M | E40: 18 | F40: =J40*$J$7 -> 18.957836 | G40: =ROUND(F40+(F40*$H$8),2) -> 23.97 | H40: =ROUND(E40*G40,2) -> 431.46 | J40: 21.13
A41: 4.14 | B41: ED-50019 | C41: FORNECIMENTO E ASSENTAMENTO DE TUBO PVC RÍGIDO SOLDÁVEL, ÁGUA FRIA, DN 25 MM (3/4") , INCLUSIVE CONEXÕES | D41: M | E41: 18 | F41: =J41*$J$7 -> 20.886816 | G41: =ROUND(F41+(F41*$H$8),2) -> 26.41 | H41: =ROUND(E41*G41,2) -> 475.38 | J41: 23.28
A42: 5 | C42: PISOS E AZULEJOS | H42: =SUM(H43:H47) -> 30631.69
A43: 5.1 | B43: ED-48502 | C43: DEMOLIÇÃO MANUAL DE REVESTIMENTO CERÂMICO, AZULEJO OU LADRILHO HIDRÁULICO, INCLUSIVE AFASTAMENTO E EMPILHAMENTO, EXCLUSIVE DEMOLIÇÃO DO REBOCO OU EMBOÇO, TRANSPORTE E RETIRADA DO MATERIAL DEMOLIDO | D43: m2 | E43: 188.56 | F43: =J43*$J$7 -> 19.325688 | G43: =ROUND(F43+(F43*$H$8),2) -> 24.44 | H43: =ROUND(E43*G43,2) -> 4608.41 | J43: 21.54
A44: 5.2 | B44: ED-9081 | C44: REVESTIMENTO COM CERÂMICA APLICADO EM PAREDE, ACABAMENTO ESMALTADO, AMBIENTE INTERNO/EXTERNO, PADRÃO EXTRA, DIMENSÃO DA PEÇA ATÉ 2025 CM2, PEI III, ASSENTAMENTO COM ARGAMASSA INDUSTRIALIZADA, INCLUSIVE REJUNTAMENTO | D44: M2 | E44: 188.56 | F44: =J44*$J$7 -> 64.10494 | G44: =ROUND(F44+(F44*$H$8),2) -> 81.05 | H44: =ROUND(E44*G44,2) -> 15282.79 | J44: 71.45
A45: 5.3 | B45: ED-50568 | C45: CONTRAPISO DESEMPENADO COM ARGAMASSA, TRAÇO 1:3 (CIMENTO E AREIA), ESP. 30MM, INCLUSIVE ARGAMASSA COM PREPARO MECANIZADO | D45: M2 | E45: 21.2 | F45: =J45*$J$7 -> 39.74596 | G45: =ROUND(F45+(F45*$H$8),2) -> 50.25 | H45: =ROUND(E45*G45,2) -> 1065.3 | J45: 44.3
A46: 5.4 | B46: COT. | C46: PISO C/FORRAÇÃO TÊXTIL ( CARPETE E = 4mm a 5mm) | D46: m2 | E46: 221 | F46: =J46*$J$7 -> 26.916 | G46: =ROUND(F46+(F46*$H$8),2) -> 34.03 | H46: =ROUND(E46*G46,2) -> 7520.63 | J46: 30
A47: 5.5 | B47: ED-50571 | C47: PISO EM CONCRETO PREPARADO EM OBRA COM BETONEIRA COM FCK DE 13,5MPA, SEM ARMAÇÃO, ACABAMENTO RÚSTICO, ESP. 8CM, INCLUSIVE FORNECIMENTO, LANÇAMENTO, ADENSAMENTO, SARRAFEAMENTO, EXCLUSIVE JUNTA DE DILATAÇÃO | D47: M2 | E47: 21.2 | F47: =J47*$J$7 -> 80.380148 | G47: =ROUND(F47+(F47*$H$8),2) -> 101.63 | H47: =ROUND(E47*G47,2) -> 2154.56 | J47: 89.59
A48: 6 | C48: ESQUADRIAS | H48: =SUM(H49:H55) -> 15725.09
A49: 6.1 | B49: ED-48497 | C49: REMOÇÃO MANUAL DE ESQUADRIA METÁLICA, COM REAPROVEITAMENTO, INCLUSIVE MARCO/ALIZAR/GUARNIÇÕES, AFASTAMENTO E EMPILHAMENTO, EXCLUSIVE TRANSPORTE E RETIRADA DO MATERIAL REMOVIDO NÃO REAPROVEITÁVEL | D49: m2 | E49: 15.5 | F49: =J49*$J$7 -> 17.396708 | G49: =ROUND(F49+(F49*$H$8),2) -> 22 | H49: =ROUND(E49*G49,2) -> 341 | J49: 19.39
A50: 6.2 | B50: ED-49592 | C50: MARCO DE MADEIRA, DIMENSÃO (90X210)CM, LARGURA DE 14CM, ACABAMENTO NATURAL PARA PINTURA/VERNIZ, INCLUSIVE ASSENTAMENTO, EXCLUSIVE FOLHA DE PORTA, FERRAGENS E PINTURA/VERNIZ | D50: UN | E50: 4 | F50: =J50*$J$7 -> 311.73214 | G50: =ROUND(F50+(F50*$H$8),2) -> 394.15 | H50: =ROUND(E50*G50,2) -> 1576.6 | J50: 347.45
A51: 6.3 | B51: ED-49588 | C51: FOLHA DE PORTA EM MADEIRA, DIMENSÃO (90X210)CM, ACABAMENTO NATURAL PARA PINTURA/VERNIZ, TIPO PRANCHETA/SARRAFEADA, INCLUSIVE ASSENTAMENTO, EXCLUSIVE MARCO, FERRAGENS E PINTURA/VERNIZ | D51: UN | E51: 4 | F51: =J51*$J$7 -> 308.251 | G51: =ROUND(F51+(F51*$H$8),2) -> 389.75 | H51: =ROUND(E51*G51,2) -> 1559 | J51: 343.57
A52: 6.4 | B52: ED-51159 | C52: VIDRO TEMPERADO TRANSPARENTE INCOLOR, ESP. 8MM, INCLUSIVE FIXAÇÃO E VEDAÇÃO COM GUARNIÇÃO/GAXETA DE BORRACHA NEOPRENE, FORNECIMENTO E INSTALAÇÃO, EXCLUSIVE CAIXILHO/PERFIL | D52: M2 | E52: 17.7 | F52: =J52*$J$7 -> 328.19576 | G52: =ROUND(F52+(F52*$H$8),2) -> 414.97 | H52: =ROUND(E52*G52,2) -> 7344.97 | I52: =2.95*1.5*4 -> 17.7 | J52: 365.8
A53: 6.5 | B53: ED-51160 | C53: VIDRO TEMPERADO TRANSPARENTE INCOLOR, ESP. 10MM, INCLUSIVE FIXAÇÃO E VEDAÇÃO COM GUARNIÇÃO/GAXETA DE BORRACHA NEOPRENE, FORNECIMENTO E INSTALAÇÃO, EXCLUSIVE CAIXILHO/PERFIL | D53: M2 | E53: 8 | F53: =J53*$J$7 -> 401.48803 | G53: =ROUND(F53+(F53*$H$8),2) -> 507.64 | H53: =ROUND(E53*G53,2) -> 4061.12 | J53: 447.49
A54: 6.6 | B54: ED-49700 | C54: FECHADURA TIPO INTERNA (GORGE), GRAU DE SEGURANÇA MÉDIO, DISTÂNCIA DE BROCA 40MM, ACABAMENTO COM ESPELHO CROMADO E MAÇANETA MODELO ALAVANCA EM ZAMAC, INCLUSIVE ACESSÓRIOS PARA FIXAÇÃO E DUAS (2) CHAVES | D54: UN | E54: 4 | F54: =J54*$J$7 -> 101.90398 | G54: =ROUND(F54+(F54*$H$8),2) -> 128.85 | H54: =ROUND(E54*G54,2) -> 515.4 | J54: 113.58
A55: 6.7 | B55: ED-49697 | C55: DOBRADIÇA DE FERRO, MEDIDAS (3"X2.1/2"), TIPO PINO SOLTO COM BOLA, ACABAMENTO CROMADO, INCLUSIVE ACESSÓRIOS PARA FIXAÇÃO | D55: UN | E55: 12 | F55: =J55*$J$7 -> 21.550744 | G55: =ROUND(F55+(F55*$H$8),2) -> 27.25 | H55: =ROUND(E55*G55,2) -> 327 | J55: 24.02
A56: 7 | C56: PINTURA | H56: =SUM(H57:H61) -> 58619.4
A57: 7.1 | B57: COT. | C57: PREPARAÇÃO, LIXAMENTO PARA APLICAÇÃO DO SINTECO | D57: M2 | E57: 255 | F57: =J57*$J$7 -> 17.558204 | G57: =ROUND(F57+(F57*$H$8),2) -> 22.2 | H57: =ROUND(E57*G57,2) -> 5661 | J57: 19.57 | K57: =15*17 -> 255
A58: 7.2 | B58: COT. | C58: SINTECO SOBRE PISO DE MADEIRA | D58: M2 | E58: 255 | F58: =J58*$J$7 -> 30.10106 | G58: =ROUND(F58+(F58*$H$8),2) -> 38.06 | H58: =ROUND(E58*G58,2) -> 9705.3 | I58: sinteco piso em madeira | J58: 33.55
A59: 7.3 | B59: ED-50451 | C59: PINTURA ACRÍLICA EM PAREDE, DUAS (2) DEMÃOS, COM APLICAÇÃO MANUAL, EXCLUSIVE SELADOR ACRÍLICO E MASSA ACRÍLICA/CORRIDA (PVA) | D59: M2 | E59: 21.2 | F59: =J59*$J$7 -> 13.897628 | G59: =ROUND(F59+(F59*$H$8),2) -> 17.57 | H59: =ROUND(E59*G59,2) -> 372.48 | J59: 15.49
A60: 7.4 | B60: ED-50498 | C60: PINTURA LÁTEX (PVA) EM PAREDE, DUAS (2) DEMÃOS, COM APLICAÇÃO MANUAL, EXCLUSIVE SELADOR ACRÍLICO E MASSA ACRÍLICA/CORRIDA (PVA) | D60: M2 | E60: 2374 | F60: =J60*$J$7 -> 14.229592 | G60: =ROUND(F60+(F60*$H$8),2) -> 17.99 | H60: =ROUND(E60*G60,2) -> 42708.26 | I60: =766*3.1 -> 2374.6 | J60: 15.86
A61: 7.5 | B61: ED-50514 | C61: PREPARAÇÃO PARA EMASSAMENTO OU PINTURA (LÁTEX/ ACRÍLICA) EM PAREDE, INCLUSIVE UMA (1) DEMÃO DE SELADOR ACRÍLICO | D61: M2 | E61: 21.2 | F61: =J61*$J$7 -> 6.432924 | G61: =ROUND(F61+(F61*$H$8),2) -> 8.13 | H61: =ROUND(E61*G61,2) -> 172.36 | J61: 7.17
A62: 8 | C62: INSTALAÇÃO ELÉTRICA | H62: =SUM(H63:H70) -> 3592.9
A63: 8.1 | B63: ED-13338 | C63: LUMINÁRIA COMERCIAL CHANFRADA DE SOBREPOR COMPLETA, PARA DUAS (2) LÂMPADAS TUBULARES LED 2X18W-ØT8, TEMPERATURA DA COR 6500K, FORNECIMENTO E INSTALAÇÃO, INCLUSIVE BASE E LÂMPADAS | D63: UN | E63: 7 | F63: =J63*$J$7 -> 155.00027 | G63: =ROUND(F63+(F63*$H$8),2) -> 195.98 | H63: =ROUND(E63*G63,2) -> 1371.86 | J63: 172.76
A64: 8.2 | B64: ED-48951 | C64: CABO DE COBRE FLEXÍVEL, CLASSE 5, ISOLAMENTO TIPO LSHF/ ATOX, NÃO HALOGENADO, ANTICHAMA, TERMOPLÁSTICO, UNIPOLAR, SEÇÃO 2,5 MM2, 70°C, 450/750V | D64: M | E64: 100 | F64: =J64*$J$7 -> 3.72338 | G64: =ROUND(F64+(F64*$H$8),2) -> 4.71 | H64: =ROUND(E64*G64,2) -> 471 | J64: 4.15
A65: 8.3 | B65: ED-48961 | C65: CABO DE COBRE FLEXÍVEL, CLASSE 5, ISOLAMENTO TIPO LSHF/ ATOX, NÃO HALOGENADO, ANTICHAMA, TERMOPLÁSTICO, UNIPOLAR, SEÇÃO 6 MM2, 70°C, 450/750V | D65: M | E65: 100 | F65: =J65*$J$7 -> 6.809748 | G65: =ROUND(F65+(F65*$H$8),2) -> 8.61 | H65: =ROUND(E65*G65,2) -> 861 | J65: 7.59
A66: 8.4 | B66: ED-15748 | C66: CONJUNTO DE UMA (1) TOMADA PADRÃO, TRÊS (3) POLOS, CORRENTE 10A, TENSÃO 250V, (2P+T/10A-250V), COM PLACA 4"X2" DE UM (1) POSTO, INCLUSIVE FORNECIMENTO, INSTALAÇÃO, SUPORTE, MÓDULO E PLACA | D66: UN | E66: 8 | F66: =J66*$J$7 -> 24.726832 | G66: =ROUND(F66+(F66*$H$8),2) -> 31.26 | H66: =ROUND(E66*G66,2) -> 250.08 | J66: 27.56
A67: 8.5 | B67: ED-15740 | C67: CONJUNTO DE DOIS (2) INTERRUPTORES BIPOLAR SIMPLES, CORRENTE 10A, TENSÃO 250V, (10A-250V), COM PLACA 4"X2" DE DOIS (2) POSTOS, INCLUSIVE FORNECIMENTO, INSTALAÇÃO, SUPORTE, MÓDULO E PLACA | D67: UN | E67: 4 | F67: =J67*$J$7 -> 60.96474 | G67: =ROUND(F67+(F67*$H$8),2) -> 77.08 | H67: =ROUND(E67*G67,2) -> 308.32 | J67: 67.95
A68: 8.6 | B68: ED-14181 | C68: QUADRO DE DISTRIBUIÇÃO DE EMBUTIR EM PVC, PARA 12 DISJUNTORES DIN, INCLUSIVE BARRAMENTOS NEUTRO/TERRA, EXCLUSIVE BARRAMENTO DE FASE | D68: UN | E68: 1 | F68: =J68*$J$7 -> 156.37299 | G68: =ROUND(F68+(F68*$H$8),2) -> 197.72 | H68: =ROUND(E68*G68,2) -> 197.72 | J68: 174.29
A69: 8.7 | B69: ED-34464 | C69: DISJUNTOR MONOPOLAR TIPO DIN, CORRENTE NOMINAL DE 32A, FORNECIMENTO E INSTALAÇÃO, INCLUSIVE TERMINAL ILHÓS | D69: UN | E69: 2 | F69: =J69*$J$7 -> 17.073716 | G69: =ROUND(F69+(F69*$H$8),2) -> 21.59 | H69: =ROUND(E69*G69,2) -> 43.18 | J69: 19.03
A70: 8.8 | B70: ED-34479 | C70: DISJUNTOR BIPOLAR TIPO DIN, CORRENTE NOMINAL DE 50A, FORNECIMENTO E INSTALAÇÃO, INCLUSIVE TERMINAL ILHÓS | D70: UN | E70: 2 | F70: =J70*$J$7 -> 35.48426 | G70: =ROUND(F70+(F70*$H$8),2) -> 44.87 | H70: =ROUND(E70*G70,2) -> 89.74 | J70: 39.55
A71: 9 | C71: LOUÇAS E METAIS | H71: =SUM(H72:H77) -> 7510.18
A72: 9.1 | B72: ED-50297 | C72: BACIA SANITÁRIA (VASO) DE LOUÇA COM CAIXA ACOPLADA, COR BRANCA, INCLUSIVE ACESSÓRIOS DE FIXAÇÃO/VEDAÇÃO, ENGATE FLEXÍVEL METÁLICO E REJUNTAMENTO, EXCLUSIVE ASSENTO | D72: UN | E72: 3 | F72: =J72*$J$7 -> 509.4481 | G72: =ROUND(F72+(F72*$H$8),2) -> 644.15 | H72: =ROUND(E72*G72,2) -> 1932.45 | J72: 567.82
A73: 9.2 | B73: ED-50329 | C73: TORNEIRA METÁLICA PARA LAVATÓRIO, FECHAMENTO AUTOMÁTICO, ACABAMENTO CROMADO, COM AREJADOR, APLICAÇÃO DE MESA, INCLUSIVE ENGATE FLEXÍVEL METÁLICO | D73: UN | E73: 3 | F73: =J73*$J$7 -> 198.58625 | G73: =ROUND(F73+(F73*$H$8),2) -> 251.09 | H73: =ROUND(E73*G73,2) -> 753.27 | J73: 221.34
A74: 9.3 | B74: ED-50286 | C74: MICTÓRIO SIFONADO DE LOUÇA BRANCA, INCLUSIVE ENGATE FLEXÍVEL, EXCLUSIVE VÁLVULA DE DESCARGA | D74: UN | E74: 2 | F74: =J74*$J$7 -> 620.53044 | G74: =ROUND(F74+(F74*$H$8),2) -> 784.6 | H74: =ROUND(E74*G74,2) -> 1569.2 | J74: 691.63
A75: 9.4 | B75: ED-50348 | C75: VÁLVULA DE DESCARGA METÁLICA PARA MICTÓRIO COM FECHAMENTO AUTOMÁTICO, EXCLUSIVE MICTÓRIO | D75: UN | E75: 2 | F75: =J75*$J$7 -> 223.39383 | G75: =ROUND(F75+(F75*$H$8),2) -> 282.46 | H75: =ROUND(E75*G75,2) -> 564.92 | J75: 248.99
A76: 9.5 | B76: ED-48344 | C76: BANCADA EM GRANITO CINZA ANDORINHA E = 3 CM, APOIADA EM ALVENARIA | D76: M2 | E76: 3 | F76: =J76*$J$7 -> 324.71462 | G76: =ROUND(F76+(F76*$H$8),2) -> 410.57 | H76: =ROUND(E76*G76,2) -> 1231.71 | J76: 361.92
A77: 9.6 | B77: ED-50277 | C77: CUBA EM AÇO INOXIDÁVEL DE EMBUTIR, AISI 304, APLICAÇÃO PARA PIA (465X330X115MM), NÚMERO 1, ASSENTAMENTO EM BANCADA, INCLUSIVE VÁLVULA DE ESCOAMENTO DE METAL COM ACABAMENTO CROMADO, SIFÃO DE METAL TIPO COPO COM ACABAMENTO CROMADO | D77: UN | E77: 3 | F77: =J77*$J$7 -> 384.53992 | G77: =ROUND(F77+(F77*$H$8),2) -> 486.21 | H77: =ROUND(E77*G77,2) -> 1458.63 | J77: 428.6
A78: 10 | C78: LIMPEZA | H78: =SUM(H79:H79) -> 4467.6
A79: 10.1 | B79: ED-50266 | C79: LIMPEZA FINAL PARA ENTREGA DA OBRA | D79: M2 | E79: 510 | F79: =J79*$J$7 -> 6.926384 | G79: =ROUND(F79+(F79*$H$8),2) -> 8.76 | H79: =ROUND(E79*G79,2) -> 4467.6 | J79: 7.72
C85: AMPLAMINAS ENGENHARIA LTDA
C86: RENATA APARECIDA FIGUEIREDO SOARES - ENGENHEIRA CIVIL - CREA: 80.591/D

Sheet compensação 2med
A2: PREFEITURA MUNICIPAL DE CONCEIÇÃO DOS OUROS Rua Vasco Gusmão Martins, 108 - Centro, CEP 37690-000
A3: PLANILHA COMPENSATÓRIA DA 2 MEDIÇÃO - 16/03/2026
A4: OBRA: REFORMA DO CINE OUROS
A5: DATA: | B5: 46097 | G5: BDI: | H5: 0.2644
A6: ITEM | B6: CÓDIGO | C6: DESCRIÇÃO | D6: UNID | E6: QUANT | F6: CUSTO UNITÁRIO (R$) | G6: UNITÁRIO COM BDI (R$) | H6: VALOR TOTAL COM BDI (R$)
A7: A | C7: SERVIÇOS EXECUTADOS NÃO CONTEMPLADOS EM PLANILHA DE CONTRATO | H7: =SUM(H8:H21) -> 9214.055
A8: A.1 | B8: ED-50727 | C8: CHAPISCO COM ARGAMASSA, TRAÇO 1:3 (CIMENTO E AREIA), ESP. 5MM, APLICADO EM ALVENARIA/ESTRUTURA DE CONCRETO COM COLHER, INCLUSIVE ARGAMASSA COM PREPARO MECANIZADO | D8: M2 | E8: 133.5 | F8: 10.27 | G8: =ROUND(F8+(F8*$H$5),2) -> 12.99 | H8: =E8*G8 -> 1734.165
A9: A.2 | B9: 104756 | C9: FORRO EM MADEIRA PINUS, PARA AMBIENTES RESIDENCIAIS E COMERCIAIS, INCLUSIVE ESTRUTURA BIDIRECIONAL DE FIXAÇÃO. AF_08/2023 - USADO PARA SUPORTAR A CAIXA D´ÁGUA | D9: M2 | E9: 2 | F9: 248.99 | G9: =ROUND(F9+(F9*$H$5),2) -> 314.82 | H9: =E9*G9 -> 629.64
A10: A.3 | B10: 89987 | C10: REGISTRO DE GAVETA BRUTO, LATÃO, ROSCÁVEL, 3/4", COM ACABAMENTO E CANOPLA CROMADOS - FORNECIMENTO E INSTALAÇÃO. AF_08/2021 | D10: pç | E10: 5 | F10: 151.82 | G10: =ROUND(F10+(F10*$H$5),2) -> 191.96 | H10: =E10*G10 -> 959.8
A11: A.4 | B11: 94656 | C11: ADAPTADOR CURTO COM BOLSA E ROSCA PARA REGISTRO, PVC, SOLDÁVEL, DN 25 MM X 3/4", INSTALADO EM RESERVAÇÃO PREDIAL DE ÁGUA - FORNECIMENTO E INSTALAÇÃO. AF_04/2024 | D11: UN | E11: 10 | F11: 3.89 | G11: =ROUND(F11+(F11*$H$5),2) -> 4.92 | H11: =ROUND(E11*G11,2) -> 49.2
A12: A.5 | B12: ED-50022 | C12: FORNECIMENTO E ASSENTAMENTO DE TUBO PVC RÍGIDO SOLDÁVEL, ÁGUA FRIA, DN 50 MM (1.1/2"), INCLUSIVE CONEXÕES | D12: M | E12: 24 | F12: 37.35 | G12: =ROUND(F12+(F12*$H$5),2) -> 47.23 | H12: =ROUND(E12*G12,2) -> 1133.52
A13: A.6 | B13: ED-48464 | C13: REMOÇÃO MANUAL DE FORRO DE TÁBUAS DE PINHO, COM REAPROVEITAMENTO, INCLUSIVE AFASTAMENTO E EMPILHAMENTO, EXCLUSIVE REMOÇÃO DA ESTRUTURA DE SUSTENTAÇÃO, TRANSPORTE E RETIRADA DO MATERIAL REMOVIDO NÃO REAPROVEITÁVEL - PARA PASSAGEM DAS CAIXAS D´ÁGUA | D13: m2 | E13: =1.1*1.9 -> 2.09 | F13: 11.13 | G13: =ROUND(F13+(F13*$H$5),2) -> 14.07 | H13: =ROUND(E13*G13,2) -> 29.41
A14: A.7 | B14: 90443 | C14: RASGO LINEAR MANUAL EM ALVENARIA, PARA RAMAIS/ DISTRIBUIÇÃO DE INSTALAÇÕES HIDRÁULICAS, DIÂMETROS MENORES OU IGUAIS A 40 MM. AF_09/2023 | D14: M | F14: 9.31 | G14: =ROUND(F14+(F14*$H$5),2) -> 11.77 | H14: =E14*G14 -> 0
A15: A.8 | B15: 90466 | C15: CHUMBAMENTO LINEAR EM ALVENARIA PARA RAMAIS/DISTRIBUIÇÃO DE INSTALAÇÕES HIDRÁULICAS COM DIÂMETROS MENORES OU IGUAIS A 40 MM. AF_09/2023 | D15: M | F15: 18.19 | G15: =ROUND(F15+(F15*$H$5),2) -> 23 | H15: =E15*G15 -> 0
C16: SERVIÇOS EXECUTADOS E CONTEMPLADOS EM PLANILHA DE CONTRATO
A17: 2.5 | B17: ED-50761 | C17: REBOCO COM ARGAMASSA, TRAÇO 1:2:8 (CIMENTO, CAL E AREIA) , ESP. 20MM, APLICAÇÃO MANUAL, INCLUSIVE ARGAMASSA COM PREPARO MECANIZADO, EXCLUSIVE CHAPISCO | D17: M2 | E17: 15.6 | F17: 33.15 | G17: =ROUND(F17+(F17*$H$5),2) -> 41.91 | H17: =ROUND(E17*G17,2) -> 653.8
A18: 4.2 | B18: ED-50223 | C18: PONTO DE EMBUTIR PARA ESGOTO EM TUBO PVC RÍGIDO, PB - SÉRIE NORMAL, DN 40MM (1.1/2"), EMBUTIDO NA ALVENARIA/PISO, COM ALTURA (SAÍDA) DE 50CM DO PISO, COM DISTÂNCIA DE ATÉ CINCO (5) METROS DO RAMAL DE ESGOTO, EXCLUSIVE ESCAVAÇÃO, INCLUSIVE CONEXÕES E FIXAÇÃO DO TUBO COM ENCHIMENTO DO RASGO NA ALVENARIA/CONCRETO COM ARGAMASSA (LAVATÓRIO) | D18: UN. | E18: 5 | F18: 149.42866 | G18: =ROUND(F18+(F18*$H$5),2) -> 188.94 | H18: =ROUND(E18*G18,2) -> 944.7
A19: 4.3 | B19: ED-50225 | C19: PONTO DE EMBUTIR PARA ESGOTO EM TUBO PVC RÍGIDO, PBV - SÉRIE NORMAL, DN 100MM (4"), EMBUTIDO EM PISO COM DISTÂNCIA DE ATÉ CINCO (5) METROS DO RAMAL DE ESGOTO, INCLUSIVE CONEXÕES E FIXAÇÃO DO TUBO COM ENCHIMENTO DO RASGO NO CONCRETO COM ARGAMASSA (VASO) | D19: UN. | E19: 3 | F19: 274.49834 | G19: =ROUND(F19+(F19*$H$5),2) -> 347.08 | H19: =ROUND(E19*G19,2) -> 1041.24
A20: 4.6 | B20: ED-50221 | C20: PONTO DE EMBUTIR PARA ÁGUA FRIA EM TUBO DE PVC RÍGIDO SOLDÁVEL, DN 20MM (1/2"), EMBUTIDO NA ALVENARIA COM DISTÂNCIA DE ATÉ CINCO (5) METROS DA TOMADA DE ÁGUA, INCLUSIVE CONEXÕES E FIXAÇÃO DO TUBO COM ENCHIMENTO DO RASGO NA ALVENARIA/CONCRETO COM ARGAMASSA | D20: UN | E20: 10 | F20: 123.63416 | G20: =ROUND(F20+(F20*$H$5),2) -> 156.32 | H20: =ROUND(E20*G20,2) -> 1563.2
A21: 4.14 | B21: ED-50019 | C21: FORNECIMENTO E ASSENTAMENTO DE TUBO PVC RÍGIDO SOLDÁVEL, ÁGUA FRIA, DN 25 MM (3/4") , INCLUSIVE CONEXÕES | D21: M | E21: 18 | F21: 20.89 | G21: =ROUND(F21+(F21*$H$5),2) -> 26.41 | H21: =ROUND(E21*G21,2) -> 475.38
C27: ITENS PLANILHADOS COM SALDO A SER COMPENSAR PELOS SERVIÇOS EXECUTADOS | H27: =SUM(H28:H33) -> 9215.08
A28: 2.3 | B28: ED-48192 | C28: ALVENARIA DE VEDAÇÃO COM BLOCO DE CONCRETO, ESP. 14CM, PARA REVESTIMENTO, INCLUSIVE ARGAMASSA PARA ASSENTAMENTO | D28: M2 | E28: 64.56 | F28: 58.81146 | G28: =ROUND(F28+(F28*$H$5),2) -> 74.36 | H28: =ROUND(E28*G28,2) -> 4800.68
A29: 2.4 | B29: ED-48388 | C29: CINTA DE AMARRAÇÃO DE ALVENARIA COM BLOCO DE CONCRETO ESTRUTURAL, CANALETA TIPO "U", ESP. 14CM, (FBK 4, 5MPA), PARA REVESTIMENTO, INCLUSIVE ARGAMASSA PARA ASSENTAMENTO, EXCLUSIVE GRAUTE E ARMAÇÃO | D29: M | E29: 70.15 | F29: 19.280828 | G29: =ROUND(F29+(F29*$H$5),2) -> 24.38 | H29: =ROUND(E29*G29,2) -> 1710.26
A30: 4.8 | B30: ED-49844 | C30: ADAPTADOR SOLDÁVEL DE PVC MARROM COM FLANGES E ANEL PARA CAIXA DÁGUA Ø 20 MM X 1/2" | D30: UN | F30: 18.177272 | G30: =ROUND(F30+(F30*$H$5),2) -> 22.98 | H30: =ROUND(E30*G30,2) -> 0
A31: 4.9 | B31: ED-49848 | C31: ADAPTADOR SOLDÁVEL DE PVC MARROM COM FLANGES E ANEL PARA CAIXA DÁGUA Ø 50 MM X 1 1/2" | D31: UN | F31: 51.983768 | G31: =ROUND(F31+(F31*$H$5),2) -> 65.73 | H31: =ROUND(E31*G31,2) -> 0
A32: 4.10 | B32: ED-50304 | C32: TORNEIRA DE BOIA, TIPO ROSCÁVEL 3/4", EXCLUSIVE ADAPTADOR SOLDÁVEL DE PVC COM FLANGES E ANEL PARA CAIXA DÁGUA | D32: UN | F32: 92.285992 | G32: =ROUND(F32+(F32*$H$5),2) -> 116.69 | H32: =ROUND(E32*G32,2) -> 0
A33: 4.12 | B33: ED-50031 | C33: FORNECIMENTO E ASSENTAMENTO DE TUBO PVC RÍGIDO, ESGOTO, PBV - SÉRIE NORMAL, DN 200 MM (8"), INCLUSIVE CONEXÕES | D33: M | E33: 18 | F33: 118.8162 | G33: =ROUND(F33+(F33*$H$5),2) -> 150.23 | H33: =ROUND(E33*G33,2) -> 2704.14

Sheet compensação 1med
A2: PREFEITURA MUNICIPAL DE CONCEIÇÃO DOS OUROS Rua Vasco Gusmão Martins, 108 - Centro, CEP 37690-000
A3: PLANILHA COMPENSATÓRIA DA 1 MEDIÇÃO - 16/02/2026
A4: OBRA: REFORMA DO CINE OUROS
A5: DATA: | B5: 46069 | G5: BDI: | H5: 0.2644
A6: ITEM | B6: CÓDIGO | C6: DESCRIÇÃO | D6: UNID | E6: QUANT | F6: CUSTO UNITÁRIO (R$) | G6: UNITÁRIO COM BDI (R$) | H6: VALOR TOTAL COM BDI (R$)
A7: A | C7: SERVIÇOS EXECUTADOS NÃO CONTEMPLADOS EM PLANILHA DE CONTRATO | H7: =SUM(H8:H14) -> 5550.0037
A8: A.1 | B8: ED-51131 | C8: CARGA MANUAL DE MATERIAL DE QUALQUER NATUREZA SOBRE CAMINHÃO, EXCLUSIVE TRANSPORTE | D8: m3 | E8: 20 | F8: 45.32 | G8: =ROUND(F8+(F8*$H$5),2) -> 57.3 | H8: =E8*G8 -> 1146
A9: A.2 | B9: 02.29.01 | C9: TRANSPORTE DE MATERIAL DE QUALQUER NATUREZA EM CAÇAMBA DE 5M3 | D9: VG | E9: 5 | F9: 400 | G9: =ROUND(F9+(F9*$H$5),2) -> 505.76 | H9: =E9*G9 -> 2528.8
A10: A.3 | B10: ED-50727 | C10: CHAPISCO COM ARGAMASSA, TRAÇO 1:3 (CIMENTO E AREIA), ESP. 5MM, APLICADO EM ALVENARIA/ESTRUTURA DE CONCRETO COM COLHER, INCLUSIVE ARGAMASSA COM PREPARO MECANIZADO | D10: M2 | E10: 112.47 | F10: 10.27 | G10: =ROUND(F10+(F10*$H$5),2) -> 12.99 | H10: =E10*G10 -> 1460.9853
C11: GRAMPEAMENTO DE ALVENARIA
A12: A.4 | B12: 90443 | C12: RASGO LINEAR MANUAL EM ALVENARIA, PARA RAMAIS/ DISTRIBUIÇÃO DE INSTALAÇÕES HIDRÁULICAS, DIÂMETROS MENORES OU IGUAIS A 40 MM. AF_09/2023 | D12: M | E12: =10*0.5*2 -> 10 | F12: 9.31 | G12: =ROUND(F12+(F12*$H$5),2) -> 11.77 | H12: =E12*G12 -> 117.7
A13: A.5 | B13: 90466 | C13: CHUMBAMENTO LINEAR EM ALVENARIA PARA RAMAIS/DISTRIBUIÇÃO DE INSTALAÇÕES HIDRÁULICAS COM DIÂMETROS MENORES OU IGUAIS A 40 MM. AF_09/2023 | D13: M | E13: =10*0.5*2 -> 10 | F13: 18.19 | G13: =ROUND(F13+(F13*$H$5),2) -> 23 | H13: =E13*G13 -> 230
A14: A.6 | B14: 92803 | C14: CORTE E DOBRA DE AÇO CA-50, DIÂMETRO DE 10,0 MM. AF_06/2022 | D14: KG | E14: =10*1*0.624 -> 6.24 | F14: 8.43 | G14: =ROUND(F14+(F14*$H$5),2) -> 10.66 | H14: =E14*G14 -> 66.5184
C17: ITENS PLANILHADOS COM SALDO A SER COMPENSAR PELOS SERVIÇOS EXECUTADOS | H17: =SUM(H18:H19) -> 5553.34
A18: 2.1 | B18: ED-28338 | C18: DEMOLIÇÃO MANUAL DE CONSTRUÇÃO EM ALVENARIAS DE VEDAÇÃO, COM ESPESSURA MÁXIMA DE 15CM, INCLUSIVE REMOÇÃO COM REAPROVEITAMENTO DE ESQUADRIAS, AFASTAMENTO E EMPILHAMENTO, EXCLUSIVE TRANSPORTE E RETIRADA DO MATERIAL DEMOLIDO/REMOVIDO NÃO REAPROVEITÁVEL | D18: M2 | E18: =188.56-51.04 -> 137.52 | F18: 15.55 | G18: =ROUND(F18+(F18*$H$5),2) -> 19.66 | H18: =ROUND(E18*G18,2) -> 2703.64
A19: 5.1 | B19: ED-48502 | C19: DEMOLIÇÃO MANUAL DE REVESTIMENTO CERÂMICO, AZULEJO OU LADRILHO HIDRÁULICO, INCLUSIVE AFASTAMENTO E EMPILHAMENTO, EXCLUSIVE DEMOLIÇÃO DO REBOCO OU EMBOÇO, TRANSPORTE E RETIRADA DO MATERIAL DEMOLIDO | D19: m2 | E19: =188.56-71.96 -> 116.6 | F19: 19.325688 | G19: 24.44 | H19: =ROUND(E19*G19,2) -> 2849.7

Sheet cronograma
B2: PREFEITURA MUNICIPAL DE CONCEIÇÃO DOS OUROS Praça José Maria de Souza, nº 01 - Centro, CEP 37548-000
A4: CRONOGRAMA FÍSICO-FINANCEIRO
A5: MUNICÍPIO: CONCEIÇÃO DOS OUROS/MG | D5: VALOR DA OBRA: | E5: =E29 -> 174700 | I5: DATA: 16/12/2025
A6: OBRA: REFORMA DO CINE OUROS | D6: LOCAL: AVENIDA CORONEL DOMINGOS ROSA, Nº. 45. CENTRO | I6: PRAZO DA OBRA: 90 DIAS
A7: ITEM | B7: CÓDIGO | C7: ETAPAS/DESCRIÇÃO | D7: FÍSICO/ FINANCEIRO | E7: TOTAL ETAPAS | F7: 30 DIAS | G7: 60 DIAS | H7: 90 DIAS | I7: 120 DIAS | J7: 150 DIAS | K7: 180 DIAS
A8: 1 | C8: SERVIÇOS PRELIMINARES | D8: Físico % | E8: =E9/$E$29 -> 0.0076381225 | F8: 1
D9: Financeiro | E9: ='planilha principal'!H12 -> 1334.38 | F9: =F8*$E$9 -> 1334.38 | G9: =G8*$E$9 -> 0 | H9: =H8*$E$9 -> 0 | I9: =I8*$E$9 -> 0 | J9: =J8*$E$9 -> 0 | K9: =K8*$E$9 -> 0
A10: 2 | C10: VEDAÇÃO | D10: Físico % | E10: =E11/$E$29 -> 0.1361103 | F10: 1
D11: Financeiro | E11: ='planilha principal'!H14 -> 23778.47 | F11: =F10*$E$11 -> 23778.47 | G11: =G10*$E$11 -> 0 | H11: =H10*$E$11 -> 0 | I11: =I10*$E$11 -> 0 | J11: =J10*$E$11 -> 0 | K11: =K10*$E$11 -> 0
A12: 3 | C12: COBERTURA | D12: Físico % | E12: =E13/$E$29 -> 0.091013051 | F12: 0.5 | G12: 0.5
D13: Financeiro | E13: ='planilha principal'!H20 -> 15899.98 | F13: =F12*$E$13 -> 7949.99 | G13: =G12*$E$13 -> 7949.99 | H13: =H12*$E$13 -> 0 | I13: =I12*$E$13 -> 0 | J13: =J12*$E$13 -> 0 | K13: =K12*$E$13 -> 0
A14: 4 | C14: INSTALAÇÃO HIDROSSANITÁRIA | D14: Físico % | E14: =E15/$E$29 -> 0.075216428 | F14: 0.5 | G14: 0.5
D15: Financeiro | E15: ='planilha principal'!H27 -> 13140.31 | F15: =F14*$E$15 -> 6570.155 | G15: =G14*$E$15 -> 6570.155 | H15: =H14*$E$15 -> 0 | I15: =I14*$E$15 -> 0 | J15: =J14*$E$15 -> 0 | K15: =K14*$E$15 -> 0
A16: 5 | C16: PISOS E AZULEJOS | D16: Físico % | E16: =E17/$E$29 -> 0.17533881 | F16: 0.5 | G16: 0.5
D17: Financeiro | E17: ='planilha principal'!H42 -> 30631.69 | F17: =F16*$E$17 -> 15315.845 | G17: =G16*$E$17 -> 15315.845 | H17: =H16*$E$17 -> 0 | I17: =I16*$E$17 -> 0 | J17: =J16*$E$17 -> 0 | K17: =K16*$E$17 -> 0
A18: 6 | C18: ESQUADRIAS | D18: Físico % | E18: =E19/$E$29 -> 0.090011963 | G18: 0.8 | H18: 0.2
D19: Financeiro | E19: ='planilha principal'!H48 -> 15725.09 | F19: =F18*$E$19 -> 0 | G19: =G18*$E$19 -> 12580.072 | H19: =H18*$E$19 -> 3145.018 | I19: =I18*$E$19 -> 0 | J19: =J18*$E$19 -> 0 | K19: =K18*$E$19 -> 0
A20: 7 | C20: PINTURA | D20: Físico % | E20: =E21/$E$29 -> 0.33554322 | G20: 0.3 | H20: 0.7
D21: Financeiro | E21: ='planilha principal'!H56 -> 58619.4 | F21: =F20*$E$21 -> 0 | G21: =G20*$E$21 -> 17585.82 | H21: =H20*$E$21 -> 41033.58 | I21: =I20*$E$21 -> 0 | J21: =J20*$E$21 -> 0 | K21: =K20*$E$21 -> 0
A22: 8 | C22: INSTALAÇÃO ELÉTRICA | D22: Físico % | E22: =E23/$E$29 -> 0.020566113 | G22: 0.5 | H22: 0.5
D23: Financeiro | E23: ='planilha principal'!H62 -> 3592.9 | F23: =F22*$E$23 -> 0 | G23: =G22*$E$23 -> 1796.45 | H23: =H22*$E$23 -> 1796.45 | I23: =I22*$E$23 -> 0 | J23: =J22*$E$23 -> 0 | K23: =K22*$E$23 -> 0
A24: 9 | C24: LOUÇAS E METAIS | D24: Físico % | E24: =E25/$E$29 -> 0.04298901 | G24: 0.5 | H24: 0.5
D25: Financeiro | E25: ='planilha principal'!H71 -> 7510.18 | F25: =F24*$E$25 -> 0 | G25: =G24*$E$25 -> 3755.09 | H25: =H24*$E$25 -> 3755.09 | I25: =I24*$E$25 -> 0 | J25: =J24*$E$25 -> 0 | K25: =K24*$E$25 -> 0
A26: 10 | C26: LIMPEZA | D26: Físico % | E26: =E27/$E$29 -> 0.025572982 | H26: 1
D27: Financeiro | E27: ='planilha principal'!H78 -> 4467.6 | F27: =F26*$E$27 -> 0 | G27: =G26*$E$27 -> 0 | H27: =H26*$E$27 -> 4467.6 | I27: =I26*$E$27 -> 0 | J27: =J26*$E$27 -> 0 | K27: =K26*$E$27 -> 0
A28: TOTAL | D28: Físico % | E28: =(E8+E10+E12+E14+E16) -> 0.48531671 | F28: =F29/$E$29 -> 0.31453257 | G28: =G29/$E$29 -> 0.37523424 | H28: =H29/$E$29 -> 0.31023319 | I28: =I29/$E$29 -> 0 | J28: =J29/$E$29 -> 0 | K28: =K29/$E$29 -> 0 | L28: =SUM(F28:K28) -> 1
D29: Financeiro | E29: =E9+E11+E13+E15+E17+E19+E21+E23+E25+E27 -> 174700 | F29: =F9+F11+F13+F15+F17+F19+F21+F23+F25+F27 -> 54948.84 | G29: =G9+G11+G13+G15+G17+G19+G21+G23+G25+G27 -> 65553.422 | H29: =H9+H11+H13+H15+H17+H19+H21+H23+H25+H27 -> 54197.738 | I29: =I9+I11+I13+I15+I17+I19+I21+I23+I25+I27 -> 0 | J29: =J9+J11+J13+J15+J17+J19+J21+J23+J25+J27 -> 0 | K29: =K9+K11+K13+K15+K17+K19+K21+K23+K25+K27 -> 0 | L29: =SUM(F29:K29) -> 174700
C34: _________________________________________
C35: Eng Civil: Renata Aparecida Figueiredo Soares
C36: CREA 80.591/D

Sheet memorial descritivo
A1: PREFEITURA MUNICIPAL DE CONCEIÇÃO DOS OUROS Praça José Maria de Souza, 01 - Centro, CEP 37.548-000
A2: MEMORIAL DESCRITIVO DOS SERVIÇOS
A3: MUNICÍPIO: CONCEIÇÃO DOS OUROS/MG
A4: OBRA: REFORMA DO CINE OUROS
A5: END.: AVENIDA CORONEL DOMINGOS ROSA, Nº. 45. CENTRO
A6: DATA: 26/11/2025
A8: ITEM | B8: DESCRIÇÃO | C8: MEMORIAL DESCRITIVO
A9: 1 | B9: ='planilha principal'!C12 -> SERVIÇOS PRELIMINARES
A10: 1.1 | B10: ='planilha principal'!C13 -> FORNECIMENTO E COLOCAÇÃO DE PLACA DE OBRA EM CHAPA GALVANIZADA #26, ESP. 0,45MM, DIMENSÃO (3X1,5)M, PLOTADA COM ADESIVO VINÍLICO, AFIXADA COM REBITES 4,8X40MM, EM ESTRUTURA METÁLICA DE METALON 20X20MM, ESP. 1,25MM, INCLUSIVE SUPORTE EM EUCALIPTO AUTOCLAVADO PINTADO COM TINTA PVA DUAS (2) DEMÃOS | C10: Fornecimento e instalação da placa de obra - medida 3,00 x 1,50 m
A11: 2 | B11: ='planilha principal'!C14 -> VEDAÇÃO
A12: 2.1 | B12: ='planilha principal'!C15 -> DEMOLIÇÃO MANUAL DE CONSTRUÇÃO EM ALVENARIAS DE VEDAÇÃO, COM ESPESSURA MÁXIMA DE 15CM, INCLUSIVE REMOÇÃO COM REAPROVEITAMENTO DE ESQUADRIAS, AFASTAMENTO E EMPILHAMENTO, EXCLUSIVE TRANSPORTE E RETIRADA DO MATERIAL DEMOLIDO/REMOVIDO NÃO REAPROVEITÁVEL | C12: Demolição manual de alvenaria de vedação
A13: 2.2 | B13: ='planilha principal'!C16 -> DEMOLIÇÃO MANUAL DE REBOCO OU EMBOÇO, COM ESPESSURA DE ATÉ 55MM, INCLUSIVE AFASTAMENTO E EMPILHAMENTO, EXCLUSIVE TRANSPORTE E RETIRADA DO MATERIAL DEMOLIDO | C13: Demolição manual de reboco
A14: 2.3 | B14: ='planilha principal'!C17 -> ALVENARIA DE VEDAÇÃO COM BLOCO DE CONCRETO, ESP. 14CM, PARA REVESTIMENTO, INCLUSIVE ARGAMASSA PARA ASSENTAMENTO | C14: Execução de alvenaria de vedação
A15: 2.4 | B15: ='planilha principal'!C18 -> CINTA DE AMARRAÇÃO DE ALVENARIA COM BLOCO DE CONCRETO ESTRUTURAL, CANALETA TIPO "U", ESP. 14CM, (FBK 4, 5MPA), PARA REVESTIMENTO, INCLUSIVE ARGAMASSA PARA ASSENTAMENTO, EXCLUSIVE GRAUTE E ARMAÇÃO | C15: Execução de cinta de amarração de alvenaria com utilização de blocos canaleta
A16: 2.5 | B16: ='planilha principal'!C19 -> REBOCO COM ARGAMASSA, TRAÇO 1:2:8 (CIMENTO, CAL E AREIA) , ESP. 20MM, APLICAÇÃO MANUAL, INCLUSIVE ARGAMASSA COM PREPARO MECANIZADO, EXCLUSIVE CHAPISCO | C16: Reboco nas paredes de alvenaria
A17: 3 | B17: ='planilha principal'!C20 -> COBERTURA
A18: 3.1 | B18: ='planilha principal'!C21 -> FORNECIMENTO DE ESTRUTURA METÁLICA E ENGRADAMENTO METÁLICO, EM AÇO, PARA TELHADO, EXCLUSIVE TELHA, INCLUSIVE FABRICAÇÃO, TRANSPORTE, MONTAGEM E APLICAÇÃO DE FUNDO PREPARADOR ANTICORROSIVO EM SUPERFÍCIE METÁLICA, UMA (1) DEMÃO | C18: Fornecimento e instalação de estrutura metálica e engradamento metálico, em aço, para telhado, inclusive transporte, montagem e fundo anticorrosivo
A19: 3.2 | B19: ='planilha principal'!C22 -> FORNECIMENTO DE ESTRUTURA METÁLICA E ENGRADAMENTO METÁLICO, EM AÇO PATINÁVEL, SOBRE LAJE PARA TELHA CERÂMICA, COBERTURA PADRÃO DO PRÉDIO ESCOLAR, EXCLUSIVE TELHA, INCLUSIVE FABRICAÇÃO, TRANSPORTE E MONTAGEM | C19: Fornecimento e instalação de estrutura metálica e engradamento metálico, em aço, sobre laje para telha cerâmica, inclusive fabricação, transporte e montagem
A20: 3.3 | B20: ='planilha principal'!C23 -> COBERTURA EM TELHA METÁLICA GALVANIZADA TRAPEZOIDAL, TIPO SIMPLES, ESP. 0,50MM, ACABAMENTO NATURAL, INCLUSIVE ACESSÓRIOS PARA FIXAÇÃO, FORNECIMENTO E INSTALAÇÃO | C20: Fornecimento e instalação de telha metálica galvanizada trapezoidal, tipo simples, esp. 0,50mm, inclusive acessórios para fixação
A21: 3.4 | B21: ='planilha principal'!C24 -> RUFO E CONTRARRUFO EM CHAPA GALVANIZADA, ESP. 0,65MM (GSG-24), COM DESENVOLVIMENTO DE 33CM, INCLUSIVE IÇAMENTO MANUAL VERTICAL | C21: Fornecimento e instalação de rufo e contrarrufo em chapa galvanizada para a cobertura
A22: 3.5 | B22: ='planilha principal'!C25 -> CALHA EM CHAPA GALVANIZADA, ESP. 0,5MM (GSG-26), COM DESENVOLVIMENTO DE 50CM, INCLUSIVE IÇAMENTO MANUAL VERTICAL | C22: Fornecimento e instalação de calha em chapa galvanizada para a cobertura
A23: 3.6 | B23: ='planilha principal'!C26 -> CONDUTOR CIRCULAR DE ÁGUA PLUVIAL PARA TELHADO EM TUBO DE PVC, DIÂMETRO DE 100MM, INCLUSIVE CONEXÕES E SUPORTES | C23: Fornecimento e instalação de condutor de águas pluviais para telhado em tubo de pvc diâmetro de 100mm
A24: 4 | B24: ='planilha principal'!C27 -> INSTALAÇÃO HIDROSSANITÁRIA
A25: 4.1 | B25: ='planilha principal'!C28 -> REMOÇÃO DE LOUÇAS (LAVATÓRIO, BANHEIRA, PIA, VASO SANITÁRIO, TANQUE), COM REAPROVEITAMENTO, INCLUSIVE AFASTAMENTO E EMPILHAMENTO, EXCLUSIVE TRANSPORTE E RETIRADA DO MATERIAL REMOVIDO NÃO REAPROVEITÁVEL | C25: 06 unidades
A26: 4.2 | B26: ='planilha principal'!C29 -> PONTO DE EMBUTIR PARA ESGOTO EM TUBO PVC RÍGIDO, PB - SÉRIE NORMAL, DN 40MM (1.1/2"), EMBUTIDO NA ALVENARIA/PISO, COM ALTURA (SAÍDA) DE 50CM DO PISO, COM DISTÂNCIA DE ATÉ CINCO (5) METROS DO RAMAL DE ESGOTO, EXCLUSIVE ESCAVAÇÃO, INCLUSIVE CONEXÕES E FIXAÇÃO DO TUBO COM ENCHIMENTO DO RASGO NA ALVENARIA/CONCRETO COM ARGAMASSA (LAVATÓRIO) | C26: 03 unidades
A27: 4.3 | B27: ='planilha principal'!C30 -> PONTO DE EMBUTIR PARA ESGOTO EM TUBO PVC RÍGIDO, PBV - SÉRIE NORMAL, DN 100MM (4"), EMBUTIDO EM PISO COM DISTÂNCIA DE ATÉ CINCO (5) METROS DO RAMAL DE ESGOTO, INCLUSIVE CONEXÕES E FIXAÇÃO DO TUBO COM ENCHIMENTO DO RASGO NO CONCRETO COM ARGAMASSA (VASO) | C27: 03 unidades
A28: 4.4 | B28: ='planilha principal'!C31 -> PONTO DE EMBUTIR PARA ESGOTO EM TUBO PVC RÍGIDO, PBV - SÉRIE NORMAL, DN 50MM (2"), EMBUTIDO EM PISO COM DISTÂNCIA DE ATÉ CINCO (5) METROS DO RAMAL DE ESGOTO, EXCLUSIVE ESCAVAÇÃO, INCLUSIVE CONEXÕES E FIXAÇÃO DO TUBO COM ENCHIMENTO DO RASGO NO CONCRETO COM ARGAMASSA (PIA E TANQUE) | C28: 04 unidades
A29: 4.5 | B29: ='planilha principal'!C32 -> CAIXA SIFONADA EM PVC COM GRELHA REDONDA 100 X 100 X 50 MM | C29: 04 unidades
A30: 4.6 | B30: ='planilha principal'!C33 -> PONTO DE EMBUTIR PARA ÁGUA FRIA EM TUBO DE PVC RÍGIDO SOLDÁVEL, DN 20MM (1/2"), EMBUTIDO NA ALVENARIA COM DISTÂNCIA DE ATÉ CINCO (5) METROS DA TOMADA DE ÁGUA, INCLUSIVE CONEXÕES E FIXAÇÃO DO TUBO COM ENCHIMENTO DO RASGO NA ALVENARIA/CONCRETO COM ARGAMASSA | C30: 06 unidades
A31: 4.7 | B31: ='planilha principal'!C34 -> CAIXA D'ÁGUA DE POLIETILENO, CAPACIDADE DE 1.000L, INCLUSIVE TAMPA, TORNEIRA DE BOIA, EXTRAVASOR, TUBO DE LIMPEZA E ACESSÓRIOS, EXCLUSIVE TUBULAÇÃO DE ENTRADA/ SAÍDA DE ÁGUA | C31: 01 unidade
A32: 4.8 | B32: ='planilha principal'!C35 -> ADAPTADOR SOLDÁVEL DE PVC MARROM COM FLANGES E ANEL PARA CAIXA DÁGUA Ø 20 MM X 1/2" | C32: 04 unidades
A33: 4.9 | B33: ='planilha principal'!C36 -> ADAPTADOR SOLDÁVEL DE PVC MARROM COM FLANGES E ANEL PARA CAIXA DÁGUA Ø 50 MM X 1 1/2" | C33: 04 unidades
A34: 4.10 | B34: ='planilha principal'!C37 -> TORNEIRA DE BOIA, TIPO ROSCÁVEL 3/4", EXCLUSIVE ADAPTADOR SOLDÁVEL DE PVC COM FLANGES E ANEL PARA CAIXA DÁGUA | C34: 04 unidades
A35: 4.11 | B35: ='planilha principal'!C38 -> FORNECIMENTO E ASSENTAMENTO DE TUBO PVC RÍGIDO, ESGOTO, PBV - SÉRIE NORMAL, DN 100 MM (4"), INCLUSIVE CONEXÕES | C35: 18 metros aproximadamente
A36: 4.12 | B36: ='planilha principal'!C39 -> FORNECIMENTO E ASSENTAMENTO DE TUBO PVC RÍGIDO, ESGOTO, PBV - SÉRIE NORMAL, DN 200 MM (8"), INCLUSIVE CONEXÕES | C36: 36 metros aproximadamente
... A38: 4.14 | B38: ='planilha principal'!C41 -> FORNECIMENTO E ASSENTAMENTO DE TUBO PVC RÍGIDO SOLDÁVEL, ÁGUA FRIA, DN 25 MM (3/4") , INCLUSIVE CONEXÕES | C38: 18 metros aproximadamente
A39: 5 | B39: ='planilha principal'!C42 -> PISOS E AZULEJOS
A40: 5.1 | B40: ='planilha principal'!C43 -> DEMOLIÇÃO MANUAL DE REVESTIMENTO CERÂMICO, AZULEJO OU LADRILHO HIDRÁULICO, INCLUSIVE AFASTAMENTO E EMPILHAMENTO, EXCLUSIVE DEMOLIÇÃO DO REBOCO OU EMBOÇO, TRANSPORTE E RETIRADA DO MATERIAL DEMOLIDO | C40: Demolição manual de revestimento cerâmico, inclusive afastamento e empilhamento
A41: 5.2 | B41: ='planilha principal'!C44 -> REVESTIMENTO COM CERÂMICA APLICADO EM PAREDE, ACABAMENTO ESMALTADO, AMBIENTE INTERNO/EXTERNO, PADRÃO EXTRA, DIMENSÃO DA PEÇA ATÉ 2025 CM2, PEI III, ASSENTAMENTO COM ARGAMASSA INDUSTRIALIZADA, INCLUSIVE REJUNTAMENTO | C41: Execução de revestimento com cerâmica aplicado em parede, inclusive rejuntamento
A42: 5.3 | B42: ='planilha principal'!C45 -> CONTRAPISO DESEMPENADO COM ARGAMASSA, TRAÇO 1:3 (CIMENTO E AREIA), ESP. 30MM, INCLUSIVE ARGAMASSA COM PREPARO MECANIZADO | C42: Execução de contrapiso desempenado com argamassa
A43: 5.4 | B43: ='planilha principal'!C46 -> PISO C/FORRAÇÃO TÊXTIL ( CARPETE E = 4mm a 5mm) | C43: Fornecimento e execução de piso com forração têxtil (carpete) para a sala onde estão localizadas as poltronas do cinema
A44: 5.5 | B44: ='planilha principal'!C47 -> PISO EM CONCRETO PREPARADO EM OBRA COM BETONEIRA COM FCK DE 13,5MPA, SEM ARMAÇÃO, ACABAMENTO RÚSTICO, ESP. 8CM, INCLUSIVE FORNECIMENTO, LANÇAMENTO, ADENSAMENTO, SARRAFEAMENTO, EXCLUSIVE JUNTA DE DILATAÇÃO | C44: Fornecimento e execução de piso em concreto preparado em obra com betoneira, espessura de 8 cm, inclusive lançamento, adensamento e sarrafeamento
A45: 6 | B45: ='planilha principal'!C48 -> ESQUADRIAS
A46: 6.1 | B46: ='planilha principal'!C49 -> REMOÇÃO MANUAL DE ESQUADRIA METÁLICA, COM REAPROVEITAMENTO, INCLUSIVE MARCO/ALIZAR/GUARNIÇÕES, AFASTAMENTO E EMPILHAMENTO, EXCLUSIVE TRANSPORTE E RETIRADA DO MATERIAL REMOVIDO NÃO REAPROVEITÁVEL | C46: Remoção manual de esquadrias metálicas, inclusive afastamento e empilhamento
A47: 6.2 | B47: ='planilha principal'!C50 -> MARCO DE MADEIRA, DIMENSÃO (90X210)CM, LARGURA DE 14CM, ACABAMENTO NATURAL PARA PINTURA/VERNIZ, INCLUSIVE ASSENTAMENTO, EXCLUSIVE FOLHA DE PORTA, FERRAGENS E PINTURA/VERNIZ | C47: 04 unidades
A48: 6.3 | B48: ='planilha principal'!C51 -> FOLHA DE PORTA EM MADEIRA, DIMENSÃO (90X210)CM, ACABAMENTO NATURAL PARA PINTURA/VERNIZ, TIPO PRANCHETA/SARRAFEADA, INCLUSIVE ASSENTAMENTO, EXCLUSIVE MARCO, FERRAGENS E PINTURA/VERNIZ | C48: 04 unidades
A49: 6.4 | B49: ='planilha principal'!C52 -> VIDRO TEMPERADO TRANSPARENTE INCOLOR, ESP. 8MM, INCLUSIVE FIXAÇÃO E VEDAÇÃO COM GUARNIÇÃO/GAXETA DE BORRACHA NEOPRENE, FORNECIMENTO E INSTALAÇÃO, EXCLUSIVE CAIXILHO/PERFIL | C49: Fornecimento e instalação de vidro temperado esp. 8 mm para janelas
A50: 6.5 | B50: ='planilha principal'!C53 -> VIDRO TEMPERADO TRANSPARENTE INCOLOR, ESP. 10MM, INCLUSIVE FIXAÇÃO E VEDAÇÃO COM GUARNIÇÃO/GAXETA DE BORRACHA NEOPRENE, FORNECIMENTO E INSTALAÇÃO, EXCLUSIVE CAIXILHO/PERFIL | C50: Fornecimento e instalação de vidro temperado esp. 10 mm para portas (vidro jateado)
A51: 6.6 | B51: ='planilha principal'!C54 -> FECHADURA TIPO INTERNA (GORGE), GRAU DE SEGURANÇA MÉDIO, DISTÂNCIA DE BROCA 40MM, ACABAMENTO COM ESPELHO CROMADO E MAÇANETA MODELO ALAVANCA EM ZAMAC, INCLUSIVE ACESSÓRIOS PARA FIXAÇÃO E DUAS (2) CHAVES | C51: 04 unidades
A52: 6.7 | B52: ='planilha principal'!C55 -> DOBRADIÇA DE FERRO, MEDIDAS (3"X2.1/2"), TIPO PINO SOLTO COM BOLA, ACABAMENTO CROMADO, INCLUSIVE ACESSÓRIOS PARA FIXAÇÃO | C52: 12 unidades
A53: 7 | B53: ='planilha principal'!C56 -> PINTURA
A54: 7.1 | B54: ='planilha principal'!C57 -> PREPARAÇÃO, LIXAMENTO PARA APLICAÇÃO DO SINTECO | C54: Preparação do piso de madeira para aplicação do sinteco
A55: 7.2 | B55: ='planilha principal'!C58 -> SINTECO SOBRE PISO DE MADEIRA | C55: Fornecimento e aplicação do sinteco para acabamento do piso de madeira na sala onde estão localizadas as poltronas do cinema
A56: 7.3 | B56: ='planilha principal'!C59 -> PINTURA ACRÍLICA EM PAREDE, DUAS (2) DEMÃOS, COM APLICAÇÃO MANUAL, EXCLUSIVE SELADOR ACRÍLICO E MASSA ACRÍLICA/CORRIDA (PVA) | C56: Pintura acrílica nas paredes da construção, mínimo duas demãos de tinta
A57: 7.4 | B57: ='planilha principal'!C60 -> PINTURA LÁTEX (PVA) EM PAREDE, DUAS (2) DEMÃOS, COM APLICAÇÃO MANUAL, EXCLUSIVE SELADOR ACRÍLICO E MASSA ACRÍLICA/CORRIDA (PVA) | C57: Pintura látex (PVA) nas paredes da construção, mínimo duas demãos de tinta
A58: 7.5 | B58: ='planilha principal'!C61 -> PREPARAÇÃO PARA EMASSAMENTO OU PINTURA (LÁTEX/ ACRÍLICA) EM PAREDE, INCLUSIVE UMA (1) DEMÃO DE SELADOR ACRÍLICO | C58: Fundo selador nas paredes da construção, mínimo uma demão de tinta
A59: 8 | B59: ='planilha principal'!C62 -> INSTALAÇÃO ELÉTRICA
A60: 8.1 | B60: ='planilha principal'!C63 -> LUMINÁRIA COMERCIAL CHANFRADA DE SOBREPOR COMPLETA, PARA DUAS (2) LÂMPADAS TUBULARES LED 2X18W-ØT8, TEMPERATURA DA COR 6500K, FORNECIMENTO E INSTALAÇÃO, INCLUSIVE BASE E LÂMPADAS | C60: 07 unidades
A61: 8.2 | B61: ='planilha principal'!C64 -> CABO DE COBRE FLEXÍVEL, CLASSE 5, ISOLAMENTO TIPO LSHF/ ATOX, NÃO HALOGENADO, ANTICHAMA, TERMOPLÁSTICO, UNIPOLAR, SEÇÃO 2,5 MM2, 70°C, 450/750V | C61: 100 metros aproximadamente
A62: 8.3 | B62: ='planilha principal'!C65 -> CABO DE COBRE FLEXÍVEL, CLASSE 5, ISOLAMENTO TIPO LSHF/ ATOX, NÃO HALOGENADO, ANTICHAMA, TERMOPLÁSTICO, UNIPOLAR, SEÇÃO 6 MM2, 70°C, 450/750V | C62: 100 metros aproximadamente
A63: 8.4 | B63: ='planilha principal'!C66 -> CONJUNTO DE UMA (1) TOMADA PADRÃO, TRÊS (3) POLOS, CORRENTE 10A, TENSÃO 250V, (2P+T/10A-250V), COM PLACA 4"X2" DE UM (1) POSTO, INCLUSIVE FORNECIMENTO, INSTALAÇÃO, SUPORTE, MÓDULO E PLACA | C63: 08 unidades
A64: 8.5 | B64: ='planilha principal'!C67 -> CONJUNTO DE DOIS (2) INTERRUPTORES BIPOLAR SIMPLES, CORRENTE 10A, TENSÃO 250V, (10A-250V), COM PLACA 4"X2" DE DOIS (2) POSTOS, INCLUSIVE FORNECIMENTO, INSTALAÇÃO, SUPORTE, MÓDULO E PLACA | C64: 04 unidades
A65: 8.6 | B65: ='planilha principal'!C68 -> QUADRO DE DISTRIBUIÇÃO DE EMBUTIR EM PVC, PARA 12 DISJUNTORES DIN, INCLUSIVE BARRAMENTOS NEUTRO/TERRA, EXCLUSIVE BARRAMENTO DE FASE | C65: 01 unidade
A66: 8.7 | B66: ='planilha principal'!C69 -> DISJUNTOR MONOPOLAR TIPO DIN, CORRENTE NOMINAL DE 32A, FORNECIMENTO E INSTALAÇÃO, INCLUSIVE TERMINAL ILHÓS | C66: 02 unidades
A67: 8.8 | B67: ='planilha principal'!C70 -> DISJUNTOR BIPOLAR TIPO DIN, CORRENTE NOMINAL DE 50A, FORNECIMENTO E INSTALAÇÃO, INCLUSIVE TERMINAL ILHÓS | C67: 02 unidades
A68: 9 | B68: ='planilha principal'!C71 -> LOUÇAS E METAIS
A69: 9.1 | B69: ='planilha principal'!C72 -> BACIA SANITÁRIA (VASO) DE LOUÇA COM CAIXA ACOPLADA, COR BRANCA, INCLUSIVE ACESSÓRIOS DE FIXAÇÃO/VEDAÇÃO, ENGATE FLEXÍVEL METÁLICO E REJUNTAMENTO, EXCLUSIVE ASSENTO | C69: 03 unidades
A70: 9.2 | B70: ='planilha principal'!C73 -> TORNEIRA METÁLICA PARA LAVATÓRIO, FECHAMENTO AUTOMÁTICO, ACABAMENTO CROMADO, COM AREJADOR, APLICAÇÃO DE MESA, INCLUSIVE ENGATE FLEXÍVEL METÁLICO | C70: 03 unidades
A71: 9.3 | B71: ='planilha principal'!C74 -> MICTÓRIO SIFONADO DE LOUÇA BRANCA, INCLUSIVE ENGATE FLEXÍVEL, EXCLUSIVE VÁLVULA DE DESCARGA | C71: 02 unidades
A72: 9.4 | B72: ='planilha principal'!C75 -> VÁLVULA DE DESCARGA METÁLICA PARA MICTÓRIO COM FECHAMENTO AUTOMÁTICO, EXCLUSIVE MICTÓRIO | C72: 02 unidades
A73: 9.5 | B73: ='planilha principal'!C76 -> BANCADA EM GRANITO CINZA ANDORINHA E = 3 CM, APOIADA EM ALVENARIA | C73: 03 unidades
A74: 9.6 | B74: ='planilha principal'!C77 -> CUBA EM AÇO INOXIDÁVEL DE EMBUTIR, AISI 304, APLICAÇÃO PARA PIA (465X330X115MM), NÚMERO 1, ASSENTAMENTO EM BANCADA, INCLUSIVE VÁLVULA DE ESCOAMENTO DE METAL COM ACABAMENTO CROMADO, SIFÃO DE METAL TIPO COPO COM ACABAMENTO CROMADO | C74: 03 unidades
A75: 10 | B75: ='planilha principal'!C78 -> LIMPEZA
A76: 10.1 | B76: ='planilha principal'!C79 -> LIMPEZA FINAL PARA ENTREGA DA OBRA | C76: Execução de limpeza permanente e final para entrega da obra
A80: Eng. Civil: José Airton Junho dos Reis | C80: Luís Fernando Rosa de Castro
A81: CREA: 56.250/D | C81: Prefeito Municipal

Sheet BDI
A2: PREFEITURA MUNICIPAL DE CONCEIÇÃO DOS OUROS Praça José Maria de Souza, 01 - Centro, CEP 37.548-000
A4: OBRA
A5: REFORMA DO CINE OUROS
A6: CP 011-2025 Data: 16/12/2025
A7: Conforme legislação tributária municipal, definir estimativa de percentual da base de cálculo para o ISS: | I7: 1
A8: Sobre a base de cálculo, definir a respectiva alíquota do ISS (entre 2% e 5%): | I8: 0.03
A11: BDI
A13: TIPO DE OBRA
A14: Construção e Reforma de Edifícios
A16: Itens | I16: Siglas | J16: % Adotado | L16: Situação | O16: 1º Quartil | P16: Médio | Q16: 3º Quartil
A18: =IF($J$20=$A$142,"Encargos Sociais incidentes sobre a mão de obra","Administração Central") -> Administração Central | I18: AC | J18: 0.0343 | L18: - | O18: 0.03 | P18: 0.04 | Q18: 0.055
A19: =IF($J$20=$A$142,"Administração Central da empresa ou consultoria - overhead","Seguro e Garantia") -> Seguro e Garantia | I19: SG | J19: 0.008 | L19: - | O19: 0.008 | P19: 0.008 | Q19: 0.01
A20: =IF($J$20=$A$142,"","Risco") -> Risco | I20: R | J20: 0.0097 | L20: - | O20: 0.0097 | P20: 0.0127 | Q20: 0.0127
A21: =IF($J$20=$A$142,"","Despesas Financeiras") -> Despesas Financeiras | I21: DF | J21: 0.0059 | L21: - | O21: 0.0059 | P21: 0.0123 | Q21: 0.0139
A22: =IF($J$20=$A$142,"Margem bruta da empresa de consultoria","Lucro") -> Lucro | I22: L | J22: 0.0616 | L22: - | O22: 0.0616 | P22: 0.074 | Q22: 0.0896
A23: Tributos (impostos COFINS 3%, e PIS 0,65%) | I23: CP | J23: 0.0365 | L23: - | O23: 0.0365 | P23: 0.0365 | Q23: 0.0365
A24: Tributos (ISS, variável de acordo com o município) | I24: ISS | J24: 0.03 | L24: - | O24: 0 | P24: 0.025 | Q24: 0.05
A25: Tributos (Contribuição Previdenciária sobre a Receita Bruta - 0% ou 4,5% - Desoneração) | I25: CPRB | J25: 0.045 | L25: - | O25: 0 | P25: 0.045 | Q25: 0.045
A26: BDI SEM desoneração (Fórmula Acórdão TCU) | I26: BDI PAD | J26: =(((1+J18+J19+J20)*(1+J21)*(1+J22))/(1-J23-J24))-1 -> 0.20341975 | L26: OK | O26: 0.2034 | P26: 0.2212 | Q26: 0.25
A27: BDI COM desoneração | I27: BDI DES | J27: =(((1+J18+J19+J20)*(1+J21)*(1+J22))/(1-J23-J24-J25))-1 -> 0.26436954
A31: Os valores de BDI foram calculados com o emprego da fórmula:
D33: BDI = | E33: (1+AC+S+R+G)*(1+DF)*(1+L) - 1
E34: (1-CP-ISS-CRPB)
A36: Declaro para os devidos fins que, conforme legislação tributária municipal, a base de cálculo deste tipo de obra corresponde à 100%, com a respectiva alíquota de 3,00%
A38: Declaro para os devidos fins que o regime de Contribuição Previdenciária sobre a Receita Bruta adotado para elaboração do orçamento foi COM Desoneração, e que esta é a alternativa mais adequada para a Administração Pública.")
A40: Observações:
C47: Amplaminas Engenharia Ltda
C48: Renata Aparecida Figueiredo Soares
C49: CREA: | E49: 80.591/D
